Workbook
Name diasuteis: #REF!
Name diasuteis: #REF!
Name diasuteis: #REF!
Name Ferias: #REF!
Name Ferias: #REF!
Name RD: OFFSET(#REF!,(MATCH(SMALL(#REF!,ROW()-10),#REF!,0)-1),0)
Name RD: OFFSET(#REF!,(MATCH(SMALL(#REF!,ROW()-10),#REF!,0)-1),0)

Sheet Reitoria
A1: PROCESSO: 0065/2015/UDESC | D1: OBJETO: AQUISIÇÃO DE GÊNEROS ALIMENTÍCIOS | I1: VIGÊNCIA DA ATA: 11/03/2015 até 10/03/2016 | L1: AF nº 449/2015 Qtde. DT | M1: AF nº 845/2015 Qtde. DT | N1: AF nº 905/2015 Qtde. DT | O1: AF nº 1130/2015 Qtde. DT | P1: AF nº 1193/2015 Qtde. DT | Q1: AF nº 1506/2015 Qtde. DT | R1: AF nº 1507/2015 Qtde. DT | S1: AF nº 1508/2015 Qtde. DT | T1: AF nº 1978/2015 Qtde. DT | U1: AF nº 2090/2015 Qtde. DT | V1: AF nº 0019/2016 Qtde. DT | W1: AF nº 0020/2016 Qtde. DT | X1: AF nº 0021/2016 Qtde. DT | Y1: AF nº 0184/2016 Qtde. DT
A2: CENTRO PARTICIPANTE: Reitoria
A3: FORNECEDOR | B3: LOTE | C3: ITEM | D3: PRODUTO - CARACTERÍSTICAS MÍNIMAS | E3: UNIDADE | F3: MARCA | G3: ELEMENTO | H3: Preço UNITÁRIO (R$) | I3: Qtde Registrada | J3: Saldo / Automático | K3: ALERTA | L3: 42107 | M3: 42146 | N3: 42163 | O3: 42188 | P3: 42199 | Q3: 42241 | R3: 42241 | S3: 42241 | T3: 42298 | U3: 42312 | V3: 42389 | W3: 42389 | X3: 42390 | Y3: 42436
A4: Estância Hidromineral Santa Rita de Cássia Ltda. | B4: 1 | C4: 1 | D4: Água Mineral sem gás, envasada em garrafão de 20L | E4: peça (peça = garrafão de 20 litros) | G4: 339030.07 | H4: 5.58 | I4: 2000 | J4: =I4-(SUM(L4:Y4)) -> 0 | K4: =IF(J4<0,"ATENÇÃO","OK") -> OK | L4: 600 | M4: 0 | N4: 0 | O4: 0 | P4: 0 | Q4: 800 | R4: 0 | S4: 0 | T4: 0 | U4: 0 | V4: 600 | W4: 0 | X4: 0 | Y4: 0
C5: 2 | D5: Água Mineral, com gás, envasada em garrafa de 500ML | E5: peça (peça = garrafa de 500 mililitros) | G5: 339030.07 | H5: 0.79 | I5: 9600 | J5: =I5-(SUM(L5:Y5)) -> 4200 | K5: =IF(J5<0,"ATENÇÃO","OK") -> OK | L5: 1800 | M5: 0 | N5: 0 | O5: 0 | P5: 0 | Q5: 1800 | R5: 0 | S5: 0 | T5: 0 | U5: 0 | V5: 1800 | W5: 0 | X5: 0 | Y5: 0
C6: 3 | D6: Água Mineral, sem gás, envasada em garrafa de 500ML | E6: peça (peça = garrafa de 500 mililitros) | G6: 339030.07 | H6: 0.74 | I6: 18000 | J6: =I6-(SUM(L6:Y6)) -> 4200 | K6: =IF(J6<0,"ATENÇÃO","OK") -> OK | L6: 6000 | M6: 0 | N6: 0 | O6: 0 | P6: 0 | Q6: 6000 | R6: 0 | S6: 0 | T6: 0 | U6: 0 | V6: 1800 | W6: 0 | X6: 0 | Y6: 0
A7: Distribuidora Nova Esperança Ltda. EPP | B7: 2 | C7: 4 | D7: Café, torrado e moído, embalagem de 500g, em pó, tipo Superior | E7: Kg (Kg = 02 embalagens de 500 gramas) | F7: SANTA CATARINA SUPERIOR | G7: 339030.07 | H7: 10.7 | I7: =1000+100 -> 1100 | J7: =I7-(SUM(L7:Y7)) -> 0 | K7: =IF(J7<0,"ATENÇÃO","OK") -> OK | L7: 0 | M7: 0 | N7: 250 | O7: 0 | P7: 0 | Q7: 0 | R7: 200 | S7: 0 | T7: 300 | U7: 0 | V7: 0 | W7: 0 | X7: 350 | Y7: 0
A8: Distribuidora Nova Esperança Ltda. EPP | B8: 3 | C8: 5 | D8: Açúcar refinado, embalagem de 1Kg | E8: Kg (Kg = 01 embalagem de 1 quilo) | F8: DA BARRA | G8: 339030.07 | H8: 1.79 | I8: 1600 | J8: =I8-(SUM(L8:Y8)) -> 800 | K8: =IF(J8<0,"ATENÇÃO","OK") -> OK | L8: 0 | M8: 0 | N8: 200 | O8: 0 | P8: 0 | Q8: 0 | R8: 0 | S8: 0 | T8: 300 | U8: 0 | V8: 0 | W8: 0 | X8: 300 | Y8: 0
A9: Elo Comércio e Serviços Ltda. ME | B9: 4 | C9: 6 | D9: Adoçante dietético líquido 100 ml, com validade de no mínimo 24 meses a cada fornecimento. | E9: frasco | F9: LOWÇUCAR | G9: 339030.07 | H9: 1.83 | I9: 60 | J9: =I9-(SUM(L9:Y9)) -> 0 | K9: =IF(J9<0,"ATENÇÃO","OK") -> OK | L9: 0 | M9: 36 | N9: 0 | O9: 0 | P9: 0 | Q9: 0 | R9: 0 | S9: 0 | T9: 0 | U9: 0 | V9: 0 | W9: 24 | X9: 0 | Y9: 0
C10: 7 | D10: Chá de camomila, caixa com 10 saquinhos, com peso mínimo de 10 gramas cada caixa. | E10: Caixa | F10: REAL | G10: 339030.07 | H10: 1.41 | I10: 150 | J10: =I10-(SUM(L10:Y10)) -> 30 | K10: =IF(J10<0,"ATENÇÃO","OK") -> OK | L10: 0 | M10: 0 | N10: 0 | O10: 0 | P10: 60 | Q10: 0 | R10: 0 | S10: 0 | T10: 0 | U10: 0 | V10: 0 | W10: 60 | X10: 0 | Y10: 0
C11: 8 | D11: Chá de erva cidreira, caixa com 10 saquinhos com peso mínimo de 10 gramas cada caixa. | E11: Caixa | F11: REAL | G11: 339030.07 | H11: 1.21 | I11: 150 | J11: =I11-(SUM(L11:Y11)) -> 0 | K11: =IF(J11<0,"ATENÇÃO","OK") -> OK | L11: 0 | M11: 0 | N11: 0 | O11: 0 | P11: 90 | Q11: 0 | R11: 0 | S11: 0 | T11: 0 | U11: 0 | V11: 0 | W11: 60 | X11: 0 | Y11: 0
C12: 9 | D12: Chá de maçã com canela, caixa com 10 saquinhos com peso mínimo de 15 gramas cada caixa. | E12: Caixa | F12: REAL | G12: 339030.07 | H12: 2.55 | I12: 200 | J12: =I12-(SUM(L12:Y12)) -> 140 | K12: =IF(J12<0,"ATENÇÃO","OK") -> OK | L12: 0 | M12: 0 | N12: 0 | O12: 0 | P12: 60 | Q12: 0 | R12: 0 | S12: 0 | T12: 0 | U12: 0 | V12: 0 | W12: 0 | X12: 0 | Y12: 0
C13: 10 | D13: Caixa de chá frutas vermelhas, com 10 saquinhos e peso mínimo de 15 gramas cada caixa. | E13: Caixa | F13: REAL | G13: 339030.07 | H13: 2.39 | I13: 200 | J13: =I13-(SUM(L13:Y13)) -> 140 | K13: =IF(J13<0,"ATENÇÃO","OK") -> OK | L13: 0 | M13: 0 | N13: 0 | O13: 0 | P13: 0 | Q13: 0 | R13: 0 | S13: 0 | T13: 0 | U13: 0 | V13: 0 | W13: 60 | X13: 0 | Y13: 0
C14: 11 | D14: Bolachas salgadas com gergelim, pacote com no mínimo 360 grams, e no mínimo duas embalagens individualizadas. Validade mínima de 06 meses a cada fornecimento. | E14: Pacote | F14: ORQUIDEA | G14: 339030.07 | H14: 3.59 | I14: 1500 | J14: =I14-(SUM(L14:Y14)) -> 820 | K14: =IF(J14<0,"ATENÇÃO","OK") -> OK | L14: 0 | M14: 0 | N14: 0 | O14: 0 | P14: 200 | Q14: 0 | R14: 0 | S14: 200 | T14: 0 | U14: 80 | V14: 0 | W14: 200 | X14: 0 | Y14: 0
C15: 12 | D15: Bolacha tipo waffer, sabor morango, pacote com no mínimo 120 grams.Validade mínima de 06 meses a cada fornecimento. | E15: Pacote | F15: MARILAN | G15: 339030.07 | H15: 1.24 | I15: 1000 | J15: =I15-(SUM(L15:Y15)) -> 640 | K15: =IF(J15<0,"ATENÇÃO","OK") -> OK | L15: 0 | M15: 0 | N15: 0 | O15: 0 | P15: 100 | Q15: 0 | R15: 0 | S15: 100 | T15: 0 | U15: 40 | V15: 0 | W15: 120 | X15: 0 | Y15: 0
C16: 13 | D16: Bolacha tipo waffer, sabor chocolate, pacote com no mínimo 120 grams.Validade mínima de 06 meses a cada fornecimento. | E16: Pacote | F16: MARILAN | G16: 339030.07 | H16: 1.24 | I16: 1000 | J16: =I16-(SUM(L16:Y16)) -> 640 | K16: =IF(J16<0,"ATENÇÃO","OK") -> OK | L16: 0 | M16: 0 | N16: 0 | O16: 0 | P16: 100 | Q16: 0 | R16: 0 | S16: 100 | T16: 0 | U16: 40 | V16: 0 | W16: 120 | X16: 0 | Y16: 0
C17: 14 | D17: Bolacha recheada, sabor chocolate, pacote com no mínimo 120 grmas. Validade mínima de 06 meses cada fornecimento. | E17: Pacote | F17: ORQUIDEA | G17: 339030.07 | H17: 0.94 | I17: 1000 | J17: =I17-(SUM(L17:Y17)) -> 650 | K17: =IF(J17<0,"ATENÇÃO","OK") -> OK | L17: 0 | M17: 0 | N17: 0 | O17: 0 | P17: 100 | Q17: 0 | R17: 0 | S17: 100 | T17: 0 | U17: 50 | V17: 0 | W17: 100 | X17: 0 | Y17: 0
C18: 15 | D18: Bolacha recheada, sabor morango, pacote com no mínimo 120 grmas. Validade mínima de 06 meses cada fornecimento. | E18: Pacote | F18: ORQUIDEA | G18: 339030.07 | H18: 0.94 | I18: 1000 | J18: =I18-(SUM(L18:Y18)) -> 650 | K18: =IF(J18<0,"ATENÇÃO","OK") -> OK | L18: 0 | M18: 0 | N18: 0 | O18: 0 | P18: 100 | Q18: 0 | R18: 0 | S18: 100 | T18: 0 | U18: 50 | V18: 0 | W18: 100 | X18: 0 | Y18: 0
C19: 16 | D19: Bolacha salgada, temperada, similar ou igual a marca Club Social, pacote com no mínimo 120 grmas. Validade mínima de 06 meses cada fornecimento. | E19: Pacote | F19: MARILAN | G19: 339030.07 | H19: 2.19 | I19: 1500 | J19: =I19-(SUM(L19:Y19)) -> 812 | K19: =IF(J19<0,"ATENÇÃO","OK") -> OK | L19: 0 | M19: 0 | N19: 0 | O19: 0 | P19: 200 | Q19: 0 | R19: 0 | S19: 200 | T19: 0 | U19: 72 | V19: 0 | W19: 216 | X19: 0 | Y19: 0
C20: 17 | D20: Sachê de sal refinado e iodado, contendo 1 grama. Validade mínima de 12 meses a partir da data da entrega. Caixa com 2.000 sachês. | E20: Caixa | F20: LEILA | G20: 339030.07 | H20: 7.59 | I20: 1 | J20: =I20-(SUM(L20:Y20)) -> 0 | K20: =IF(J20<0,"ATENÇÃO","OK") -> OK | L20: 0 | M20: 1 | N20: 0 | O20: 0 | P20: 0 | Q20: 0 | R20: 0 | S20: 0 | T20: 0 | U20: 0 | V20: 0 | W20: 0 | X20: 0 | Y20: 0
A21: DESERTO | B21: 5 | C21: 18 | D21: Carga para gás liquefeito de petróleo, GLP, vulgo gás de cozinha, composto de propano e butano. Aplicação para uso doméstico. Botijão P 13. | E21: Botijão | G21: 339030.04 | H21: 0 | J21: =I21-(SUM(L21:Y21)) -> 0 | K21: =IF(J21<0,"ATENÇÃO","OK") -> OK | L21: 0 | M21: 0 | N21: 0 | O21: 0 | P21: 0 | Q21: 0 | R21: 0 | S21: 0 | T21: 0 | U21: 0 | V21: 0 | W21: 0 | X21: 0 | Y21: 0
C22: 19 | D22: Carga para gás liquefeito de petróleo, GLP, vulgo gás de cozinha, composto de propano e butano. Aplicação para uso doméstico. Botijão P 45. | E22: Botijão | G22: 339030.04 | H22: 0 | J22: =I22-(SUM(L22:Y22)) -> 0 | K22: =IF(J22<0,"ATENÇÃO","OK") -> OK | L22: 0 | M22: 0 | N22: 0 | O22: 0 | P22: 0 | Q22: 0 | R22: 0 | S22: 0 | T22: 0 | U22: 0 | V22: 0 | W22: 0 | X22: 0 | Y22: 0
A23: Distribuidora Nova Esperança Ltda. EPP | B23: 6 | C23: 20 | D23: Leite de vaca, integral, (UHT) pasteurizado em ultra/altas temperaturas, em balagem em caixa tipo longa vida, com 1000 mililitros,devidamente rotuladas conforme legislação vigente e passuir registro nos órgãos de Inspeção Sanitária; com validade mínima de 60 dias cada fornecimento. | E23: Litro | F23: LANGUIRU | G23: 339030.07 | H23: 1.95 | I23: 1680 | J23: =I23-(SUM(L23:Y23)) -> 888 | K23: =IF(J23<0,"ATENÇÃO","OK") -> OK | L23: 0 | M23: 0 | N23: 0 | O23: 360 | P23: 0 | Q23: 0 | R23: 0 | S23: 0 | T23: 0 | U23: 0 | V23: 0 | W23: 0 | X23: 216 | Y23: 216
A24: Distribuidora Nova Esperança Ltda. EPP | B24: 7 | C24: 21 | D24: Água Mineral sem gás, envasada em garrafão de 20L | E24: peça (peça = garrafão de 20 litros) | F24: RIO D'OURO | G24: 339030.07 | H24: 7.81 | J24: =I24-(SUM(L24:Y24)) -> 0 | K24: =IF(J24<0,"ATENÇÃO","OK") -> OK | L24: 0 | M24: 0 | N24: 0 | O24: 0 | P24: 0 | Q24: 0 | R24: 0 | S24: 0 | T24: 0 | U24: 0 | V24: 0 | W24: 0 | X24: 0 | Y24: 0
C25: 22 | D25: Água Mineral, com gás, envasada em garrafa de 500ML | E25: peça (peça = garrafa de 500 mililitros) | F25: DA GUARDA | G25: 339030.07 | H25: 1.12 | J25: =I25-(SUM(L25:Y25)) -> 0 | K25: =IF(J25<0,"ATENÇÃO","OK") -> OK | L25: 0 | M25: 0 | N25: 0 | O25: 0 | P25: 0 | Q25: 0 | R25: 0 | S25: 0 | T25: 0 | U25: 0 | V25: 0 | W25: 0 | X25: 0 | Y25: 0
C26: 23 | D26: Água Mineral, sem gás, envasada em garrafa de 500ML | E26: peça (peça = garrafa de 500 mililitros) | F26: DA GUARDA | G26: 339030.07 | H26: 1.14 | J26: =I26-(SUM(L26:Y26)) -> 0 | K26: =IF(J26<0,"ATENÇÃO","OK") -> OK | L26: 0 | M26: 0 | N26: 0 | O26: 0 | P26: 0 | Q26: 0 | R26: 0 | S26: 0 | T26: 0 | U26: 0 | V26: 0 | W26: 0 | X26: 0 | Y26: 0
A27: DESERTO | B27: 8 | C27: 24 | D27: Carga para gás liquefeito de petróleo, GLP, vulgo gás de cozinha, composto de propano e butano. Aplicação para uso doméstico. Botijão P 13. | E27: Botijão | G27: 339030.04 | H27: 0 | J27: =I27-(SUM(L27:Y27)) -> 0 | K27: =IF(J27<0,"ATENÇÃO","OK") -> OK | L27: 0 | M27: 0 | N27: 0 | O27: 0 | P27: 0 | Q27: 0 | R27: 0 | S27: 0 | T27: 0 | U27: 0 | V27: 0 | W27: 0 | X27: 0 | Y27: 0
A28: DESERTO | B28: 9 | C28: 25 | D28: Água Mineral sem gás, envasada em garrafão de 20L | E28: peça (peça = garrafão de 20 litros) | G28: 339030.07 | H28: 0 | J28: =I28-(SUM(L28:Y28)) -> 0 | K28: =IF(J28<0,"ATENÇÃO","OK") -> OK | L28: 0 | M28: 0 | N28: 0 | O28: 0 | P28: 0 | Q28: 0 | R28: 0 | S28: 0 | T28: 0 | U28: 0 | V28: 0 | W28: 0 | X28: 0 | Y28: 0
C29: 26 | D29: Água Mineral, sem gás, envasada em garrafa de 500ML | E29: peça (peça = garrafa de 500 mililitros) | G29: 339030.07 | H29: 0 | J29: =I29-(SUM(L29:Y29)) -> 0 | K29: =IF(J29<0,"ATENÇÃO","OK") -> OK | L29: 0 | M29: 0 | N29: 0 | O29: 0 | P29: 0 | Q29: 0 | R29: 0 | S29: 0 | T29: 0 | U29: 0 | V29: 0 | W29: 0 | X29: 0 | Y29: 0
A30: DESERTO | B30: 10 | C30: 27 | D30: Carga para gás liquefeito de petróleo, GLP, vulgo gás de cozinha, composto de propano e butano. Aplicação para uso doméstico. Botijão P 13. | E30: Botijão | G30: 339030.04 | H30: 0 | J30: =I30-(SUM(L30:Y30)) -> 0 | K30: =IF(J30<0,"ATENÇÃO","OK") -> OK | L30: 0 | M30: 0 | N30: 0 | O30: 0 | P30: 0 | Q30: 0 | R30: 0 | S30: 0 | T30: 0 | U30: 0 | V30: 0 | W30: 0 | X30: 0 | Y30: 0
A31: DESERTO | B31: 11 | C31: 28 | D31: Água Mineral sem gás, envasada em garrafão de 20L | E31: peça (peça = garrafão de 20 litros) | G31: 339030.07 | H31: 0 | J31: =I31-(SUM(L31:Y31)) -> 0 | K31: =IF(J31<0,"ATENÇÃO","OK") -> OK | L31: 0 | M31: 0 | N31: 0 | O31: 0 | P31: 0 | Q31: 0 | R31: 0 | S31: 0 | T31: 0 | U31: 0 | V31: 0 | W31: 0 | X31: 0 | Y31: 0
C32: 29 | D32: Água Mineral, sem gás, envasada em garrafa de 500ML | E32: peça (peça = garrafa de 500 mililitros) | G32: 339030.07 | H32: 0 | J32: =I32-(SUM(L32:Y32)) -> 0 | K32: =IF(J32<0,"ATENÇÃO","OK") -> OK | L32: 0 | M32: 0 | N32: 0 | O32: 0 | P32: 0 | Q32: 0 | R32: 0 | S32: 0 | T32: 0 | U32: 0 | V32: 0 | W32: 0 | X32: 0 | Y32: 0
A33: TAF Distribuidora Ltda. | B33: 12 | C33: 30 | D33: Café, torrado e moído, embalagem de 500g, em pó, tipo Superior | E33: Kg (Kg = 02 embalagens de 500 gramas) | F33: ODEBRECHT SUPERIOR | G33: 339030.07 | H33: 9.26 | J33: =I33-(SUM(L33:Y33)) -> 0 | K33: =IF(J33<0,"ATENÇÃO","OK") -> OK | L33: 0 | M33: 0 | N33: 0 | O33: 0 | P33: 0 | Q33: 0 | R33: 0 | S33: 0 | T33: 0 | U33: 0 | V33: 0 | W33: 0 | X33: 0 | Y33: 0
A34: Distribuidora Nova Esperança Ltda. EPP | B34: 13 | C34: 31 | D34: Açúcar refinado, embalagem de 1Kg | E34: Kg (Kg = 01 embalagem de 1 quilo) | F34: DA BARRA | G34: 339030.07 | H34: 1.82 | J34: =I34-(SUM(L34:Y34)) -> 0 | K34: =IF(J34<0,"ATENÇÃO","OK") -> OK | L34: 0 | M34: 0 | N34: 0 | O34: 0 | P34: 0 | Q34: 0 | R34: 0 | S34: 0 | T34: 0 | U34: 0 | V34: 0 | W34: 0 | X34: 0 | Y34: 0
A35: Distribuidora Nova Esperança Ltda. EPP | B35: 14 | C35: 32 | D35: Água Mineral sem gás, envasada em garrafão de 20L | E35: peça (peça = garrafão de 20 litros) | F35: RIO D'OURO | G35: 339030.07 | H35: 7.8 | J35: =I35-(SUM(L35:Y35)) -> 0 | K35: =IF(J35<0,"ATENÇÃO","OK") -> OK | L35: 0 | M35: 0 | N35: 0 | O35: 0 | P35: 0 | Q35: 0 | R35: 0 | S35: 0 | T35: 0 | U35: 0 | V35: 0 | W35: 0 | X35: 0 | Y35: 0
C36: 33 | D36: Água Mineral, com gás, envasada em garrafa de 500ML | E36: peça (peça = garrafa de 500 mililitros) | F36: DA GUARDA | G36: 339030.07 | H36: 1.12 | J36: =I36-(SUM(L36:Y36)) -> 0 | K36: =IF(J36<0,"ATENÇÃO","OK") -> OK | L36: 0 | M36: 0 | N36: 0 | O36: 0 | P36: 0 | Q36: 0 | R36: 0 | S36: 0 | T36: 0 | U36: 0 | V36: 0 | W36: 0 | X36: 0 | Y36: 0
C37: 34 | D37: Água Mineral, sem gás, envasada em garrafa de 500ML | E37: peça (peça = garrafa de 500 mililitros) | F37: DA GUARDA | G37: 339030.07 | H37: 1.14 | J37: =I37-(SUM(L37:Y37)) -> 0 | K37: =IF(J37<0,"ATENÇÃO","OK") -> OK | L37: 0 | M37: 0 | N37: 0 | O37: 0 | P37: 0 | Q37: 0 | R37: 0 | S37: 0 | T37: 0 | U37: 0 | V37: 0 | W37: 0 | X37: 0 | Y37: 0
A38: Distribuidora Nova Esperança Ltda. EPP | B38: 15 | C38: 35 | D38: Café, torrado e moído, embalagem de 500g, em pó, tipo Superior | E38: Kg (Kg = 02 embalagens de 500 gramas) | F38: SANTA CATARINA SUPERIOR | G38: 339030.07 | H38: 11.53 | J38: =I38-(SUM(L38:Y38)) -> 0 | K38: =IF(J38<0,"ATENÇÃO","OK") -> OK | L38: 0 | M38: 0 | N38: 0 | O38: 0 | P38: 0 | Q38: 0 | R38: 0 | S38: 0 | T38: 0 | U38: 0 | V38: 0 | W38: 0 | X38: 0 | Y38: 0
A39: Elo Comércio e Serviços Ltda. ME | B39: 16 | C39: 36 | D39: Açúcar refinado, embalagem de 1Kg | E39: Kg (Kg = 01 embalagem de 1 quilo) | F39: CARAVELAS | G39: 339030.07 | H39: 1.82 | J39: =I39-(SUM(L39:Y39)) -> 0 | K39: =IF(J39<0,"ATENÇÃO","OK") -> OK | L39: 0 | M39: 0 | N39: 0 | O39: 0 | P39: 0 | Q39: 0 | R39: 0 | S39: 0 | T39: 0 | U39: 0 | V39: 0 | W39: 0 | X39: 0 | Y39: 0
C40: 37 | D40: Adoçante dietético líquido 100 ml, com validade de no mínimo 24 meses a cada fornecimento. | E40: 100 ml | F40: LOWÇUCAR | G40: 339030.07 | H40: 1.83 | J40: =I40-(SUM(L40:Y40)) -> 0 | K40: =IF(J40<0,"ATENÇÃO","OK") -> OK | L40: 0 | M40: 0 | N40: 0 | O40: 0 | P40: 0 | Q40: 0 | R40: 0 | S40: 0 | T40: 0 | U40: 0 | V40: 0 | W40: 0 | X40: 0 | Y40: 0
C41: 38 | D41: Chá de camomila, caixa com 10 saquinhos, com peso mínimo de 10 gramas cada caixa. | E41: Caixa10 saquinho 10 gramas | F41: REAL | G41: 339030.07 | H41: 1.41 | J41: =I41-(SUM(L41:Y41)) -> 0 | K41: =IF(J41<0,"ATENÇÃO","OK") -> OK | L41: 0 | M41: 0 | N41: 0 | O41: 0 | P41: 0 | Q41: 0 | R41: 0 | S41: 0 | T41: 0 | U41: 0 | V41: 0 | W41: 0 | X41: 0 | Y41: 0
C42: 39 | D42: Chá de erva cidreira, caixa com 10 saquinhos com peso mínimo de 10 gramas cada caixa. | E42: Caixa10 saquinho 10 gramas | F42: REAL | G42: 339030.07 | H42: 1.21 | J42: =I42-(SUM(L42:Y42)) -> 0 | K42: =IF(J42<0,"ATENÇÃO","OK") -> OK | L42: 0 | M42: 0 | N42: 0 | O42: 0 | P42: 0 | Q42: 0 | R42: 0 | S42: 0 | T42: 0 | U42: 0 | V42: 0 | W42: 0 | X42: 0 | Y42: 0
C43: 40 | D43: Chá de maçã com canela, caixa com 10 saquinhos com peso mínimo de 15 gramas cada caixa. | E43: Caixa10 saquinho 10 gramas | F43: REAL | G43: 339030.07 | H43: 2.55 | J43: =I43-(SUM(L43:Y43)) -> 0 | K43: =IF(J43<0,"ATENÇÃO","OK") -> OK | L43: 0 | M43: 0 | N43: 0 | O43: 0 | P43: 0 | Q43: 0 | R43: 0 | S43: 0 | T43: 0 | U43: 0 | V43: 0 | W43: 0 | X43: 0 | Y43: 0
C44: 41 | D44: Caixa de chá frutas vermelhas, com 10 saquinhos e peso mínimo de 15 gramas cada caixa. | E44: Caixa10 saquinho 10 gramas | F44: REAL | G44: 339030.07 | H44: 2.39 | J44: =I44-(SUM(L44:Y44)) -> 0 | K44: =IF(J44<0,"ATENÇÃO","OK") -> OK | L44: 0 | M44: 0 | N44: 0 | O44: 0 | P44: 0 | Q44: 0 | R44: 0 | S44: 0 | T44: 0 | U44: 0 | V44: 0 | W44: 0 | X44: 0 | Y44: 0
C45: 42 | D45: Leite em pó, embalagem de 400 gramas | E45: peça (peça = pacote de 400 gramas) | F45: PIRACANJUBA | G45: 339030.07 | H45: 9.52 | J45: =I45-(SUM(L45:Y45)) -> 0 | K45: =IF(J45<0,"ATENÇÃO","OK") -> OK | L45: 0 | M45: 0 | N45: 0 | O45: 0 | P45: 0 | Q45: 0 | R45: 0 | S45: 0 | T45: 0 | U45: 0 | V45: 0 | W45: 0 | X45: 0 | Y45: 0
A46: DESERTO | B46: 17 | C46: 43 | D46: Carga para gás liquefeito de petróleo, GLP, vulgo gás de cozinha, composto de propano e butano. Aplicação para uso doméstico. Botijão P 13. | E46: Botijão | G46: 339030.04 | H46: 0 | J46: =I46-(SUM(L46:Y46)) -> 0 | K46: =IF(J46<0,"ATENÇÃO","OK") -> OK | L46: 0 | M46: 0 | N46: 0 | O46: 0 | P46: 0 | Q46: 0 | R46: 0 | S46: 0 | T46: 0 | U46: 0 | V46: 0 | W46: 0 | X46: 0 | Y46: 0
C47: 44 | D47: Carga para gás liquefeito de petróleo, GLP, vulgo gás de cozinha, composto de propano e butano. Aplicação para uso doméstico. Botijão P 45. | E47: Botijão | G47: 339030.04 | H47: 0 | J47: =I47-(SUM(L47:Y47)) -> 0 | K47: =IF(J47<0,"ATENÇÃO","OK") -> OK | L47: 0 | M47: 0 | N47: 0 | O47: 0 | P47: 0 | Q47: 0 | R47: 0 | S47: 0 | T47: 0 | U47: 0 | V47: 0 | W47: 0 | X47: 0 | Y47: 0
A48: DESERTO | B48: 18 | C48: 45 | D48: Água Mineral sem gás, envasada em garrafão de 20L | E48: peça (peça = garrafão de 20 litros) | G48: 339030.07 | H48: 0 | J48: =I48-(SUM(L48:Y48)) -> 0 | K48: =IF(J48<0,"ATENÇÃO","OK") -> OK | L48: 0 | M48: 0 | N48: 0 | O48: 0 | P48: 0 | Q48: 0 | R48: 0 | S48: 0 | T48: 0 | U48: 0 | V48: 0 | W48: 0 | X48: 0 | Y48: 0
C49: 46 | D49: Água Mineral, sem gás, envasada em garrafa de 500ML | E49: peça (peça = garrafa de 500 mililitros) | G49: 339030.07 | H49: 0 | J49: =I49-(SUM(L49:Y49)) -> 0 | K49: =IF(J49<0,"ATENÇÃO","OK") -> OK | L49: 0 | M49: 0 | N49: 0 | O49: 0 | P49: 0 | Q49: 0 | R49: 0 | S49: 0 | T49: 0 | U49: 0 | V49: 0 | W49: 0 | X49: 0 | Y49: 0
A50: TAF Distribuidora Ltda. | B50: 19 | C50: 47 | D50: Café, torrado e moído, embalagem de 500g, em pó, tipo Superior | E50: Kg (Kg = 02 embalagens de 500 gramas) | F50: ODEBRECHT SUPERIOR | G50: 339030.07 | H50: 9.26 | J50: =I50-(SUM(L50:Y50)) -> 0 | K50: =IF(J50<0,"ATENÇÃO","OK") -> OK | L50: 0 | M50: 0 | N50: 0 | O50: 0 | P50: 0 | Q50: 0 | R50: 0 | S50: 0 | T50: 0 | U50: 0 | V50: 0 | W50: 0 | X50: 0 | Y50: 0
A51: INFRUTÍFERO | B51: 20 | C51: 48 | D51: Açúcar refinado, embalagem de 1Kg | E51: Kg (Kg = 01 embalagem de 1 quilo) | G51: 339030.07 | H51: 0 | J51: =I51-(SUM(L51:Y51)) -> 0 | K51: =IF(J51<0,"ATENÇÃO","OK") -> OK | L51: 0 | M51: 0 | N51: 0 | O51: 0 | P51: 0 | Q51: 0 | R51: 0 | S51: 0 | T51: 0 | U51: 0 | V51: 0 | W51: 0 | X51: 0 | Y51: 0
C52: 49 | D52: Adoçante dietético líquido 100 ml, com validade de no mínimo 24 meses a cada fornecimento. | E52: frasco | G52: 339030.07 | H52: 0 | J52: =I52-(SUM(L52:Y52)) -> 0 | K52: =IF(J52<0,"ATENÇÃO","OK") -> OK | L52: 0 | M52: 0 | N52: 0 | O52: 0 | P52: 0 | Q52: 0 | R52: 0 | S52: 0 | T52: 0 | U52: 0 | V52: 0 | W52: 0 | X52: 0 | Y52: 0
C53: 50 | D53: Chá de camomila, caixa com 10 saquinhos, com peso mínimo de 10 gramas cada caixa. | E53: caixa | G53: 339030.07 | H53: 0 | J53: =I53-(SUM(L53:Y53)) -> 0 | K53: =IF(J53<0,"ATENÇÃO","OK") -> OK | L53: 0 | M53: 0 | N53: 0 | O53: 0 | P53: 0 | Q53: 0 | R53: 0 | S53: 0 | T53: 0 | U53: 0 | V53: 0 | W53: 0 | X53: 0 | Y53: 0
C54: 51 | D54: Chá de erva cidreira, caixa com 10 saquinhos com peso mínimo de 10 gramas cada caixa. | E54: caixa | G54: 339030.07 | H54: 0 | J54: =I54-(SUM(L54:Y54)) -> 0 | K54: =IF(J54<0,"ATENÇÃO","OK") -> OK | L54: 0 | M54: 0 | N54: 0 | O54: 0 | P54: 0 | Q54: 0 | R54: 0 | S54: 0 | T54: 0 | U54: 0 | V54: 0 | W54: 0 | X54: 0 | Y54: 0
C55: 52 | D55: Chá de maçã com canela, caixa com 10 saquinhos com peso mínimo de 15 gramas cada caixa. | E55: caixa | G55: 339030.07 | H55: 0 | J55: =I55-(SUM(L55:Y55)) -> 0 | K55: =IF(J55<0,"ATENÇÃO","OK") -> OK | L55: 0 | M55: 0 | N55: 0 | O55: 0 | P55: 0 | Q55: 0 | R55: 0 | S55: 0 | T55: 0 | U55: 0 | V55: 0 | W55: 0 | X55: 0 | Y55: 0
C56: 53 | D56: Caixa de chá frutas vermelhas, com 10 saquinhos e peso mínimo de 15 gramas cada caixa. | E56: caixa | G56: 339030.07 | H56: 0 | J56: =I56-(SUM(L56:Y56)) -> 0 | K56: =IF(J56<0,"ATENÇÃO","OK") -> OK | L56: 0 | M56: 0 | N56: 0 | O56: 0 | P56: 0 | Q56: 0 | R56: 0 | S56: 0 | T56: 0 | U56: 0 | V56: 0 | W56: 0 | X56: 0 | Y56: 0
C57: 54 | D57: Sachê açúcar mascavo 5 gramas | E57: Caixa com no minimo 200 unidades | G57: 339030.07 | H57: 0 | J57: =I57-(SUM(L57:Y57)) -> 0 | K57: =IF(J57<0,"ATENÇÃO","OK") -> OK | L57: 0 | M57: 0 | N57: 0 | O57: 0 | P57: 0 | Q57: 0 | R57: 0 | S57: 0 | T57: 0 | U57: 0 | V57: 0 | W57: 0 | X57: 0 | Y57: 0
C58: 55 | D58: Sachê açúcar refinado 5 gramas | E58: Caixa com no minimo 400 unidades | G58: 339030.07 | H58: 0 | J58: =I58-(SUM(L58:Y58)) -> 0 | K58: =IF(J58<0,"ATENÇÃO","OK") -> OK | L58: 0 | M58: 0 | N58: 0 | O58: 0 | P58: 0 | Q58: 0 | R58: 0 | S58: 0 | T58: 0 | U58: 0 | V58: 0 | W58: 0 | X58: 0 | Y58: 0
A59: DESERTO | B59: 21 | C59: 56 | D59: Carga para gás liquefeito de petróleo, GLP, vulgo gás de cozinha, composto de propano e butano. Aplicação para uso doméstico. Botijão P 13. | E59: Botijão | G59: 339030.04 | H59: 0 | J59: =I59-(SUM(L59:Y59)) -> 0 | K59: =IF(J59<0,"ATENÇÃO","OK") -> OK | L59: 0 | M59: 0 | N59: 0 | O59: 0 | P59: 0 | Q59: 0 | R59: 0 | S59: 0 | T59: 0 | U59: 0 | V59: 0 | W59: 0 | X59: 0 | Y59: 0
C60: 57 | D60: Carga para gás liquefeito de petróleo, GLP, vulgo gás de cozinha, composto de propano e butano. Aplicação para uso doméstico. Botijão P 45. | E60: Botijão | G60: 339030.04 | H60: 0 | J60: =I60-(SUM(L60:Y60)) -> 0 | K60: =IF(J60<0,"ATENÇÃO","OK") -> OK | L60: 0 | M60: 0 | N60: 0 | O60: 0 | P60: 0 | Q60: 0 | R60: 0 | S60: 0 | T60: 0 | U60: 0 | V60: 0 | W60: 0 | X60: 0 | Y60: 0
A61: DESERTO | B61: 22 | C61: 58 | D61: Água Mineral sem gás, envasada em garrafão de 20L | E61: peça (peça = garrafão de 20 litros) | G61: 339030.07 | H61: 0 | J61: =I61-(SUM(L61:Y61)) -> 0 | K61: =IF(J61<0,"ATENÇÃO","OK") -> OK | L61: 0 | M61: 0 | N61: 0 | O61: 0 | P61: 0 | Q61: 0 | R61: 0 | S61: 0 | T61: 0 | U61: 0 | V61: 0 | W61: 0 | X61: 0 | Y61: 0
C62: 59 | D62: Água Mineral, com gás, envasada em garrafa de 500ML | E62: peça (peça = garrafa de 500 mililitros) | G62: 339030.07 | H62: 0 | J62: =I62-(SUM(L62:Y62)) -> 0 | K62: =IF(J62<0,"ATENÇÃO","OK") -> OK | L62: 0 | M62: 0 | N62: 0 | O62: 0 | P62: 0 | Q62: 0 | R62: 0 | S62: 0 | T62: 0 | U62: 0 | V62: 0 | W62: 0 | X62: 0 | Y62: 0
C63: 60 | D63: Água Mineral, sem gás, envasada em garrafa de 500ML | E63: peça (peça = garrafa de 500 mililitros) | G63: 339030.07 | H63: 0 | J63: =I63-(SUM(L63:Y63)) -> 0 | K63: =IF(J63<0,"ATENÇÃO","OK") -> OK | L63: 0 | M63: 0 | N63: 0 | O63: 0 | P63: 0 | Q63: 0 | R63: 0 | S63: 0 | T63: 0 | U63: 0 | V63: 0 | W63: 0 | X63: 0 | Y63: 0
A64: INFRUTÍFERO | B64: 23 | C64: 61 | D64: Café, torrado e moído, embalagem de 500g, em pó, tipo Superior | E64: Kg (Kg = 02 embalagens de 500 gramas) | G64: 339030.07 | H64: 0 | J64: =I64-(SUM(L64:Y64)) -> 0 | K64: =IF(J64<0,"ATENÇÃO","OK") -> OK | L64: 0 | M64: 0 | N64: 0 | O64: 0 | P64: 0 | Q64: 0 | R64: 0 | S64: 0 | T64: 0 | U64: 0 | V64: 0 | W64: 0 | X64: 0 | Y64: 0
C65: 62 | D65: Açúcar refinado, embalagem de 1Kg | E65: Kg (Kg = 01 embalagem de 1 quilo) | G65: 339030.07 | H65: 0 | J65: =I65-(SUM(L65:Y65)) -> 0 | K65: =IF(J65<0,"ATENÇÃO","OK") -> OK | L65: 0 | M65: 0 | N65: 0 | O65: 0 | P65: 0 | Q65: 0 | R65: 0 | S65: 0 | T65: 0 | U65: 0 | V65: 0 | W65: 0 | X65: 0 | Y65: 0
C66: 63 | D66: Adoçante dietético líquido 100 ml, com validade de no mínimo 24 meses a cada fornecimento. | E66: 100 ml | G66: 339030.07 | H66: 0 | J66: =I66-(SUM(L66:Y66)) -> 0 | K66: =IF(J66<0,"ATENÇÃO","OK") -> OK | L66: 0 | M66: 0 | N66: 0 | O66: 0 | P66: 0 | Q66: 0 | R66: 0 | S66: 0 | T66: 0 | U66: 0 | V66: 0 | W66: 0 | X66: 0 | Y66: 0
C67: 64 | D67: Chá de camomila, caixa com 10 saquinhos, com peso mínimo de 10 gramas cada caixa. | E67: Caixa10 saquinho 10 gramas | G67: 339030.07 | H67: 0 | J67: =I67-(SUM(L67:Y67)) -> 0 | K67: =IF(J67<0,"ATENÇÃO","OK") -> OK | L67: 0 | M67: 0 | N67: 0 | O67: 0 | P67: 0 | Q67: 0 | R67: 0 | S67: 0 | T67: 0 | U67: 0 | V67: 0 | W67: 0 | X67: 0 | Y67: 0
C68: 65 | D68: Chá de erva cidreira, caixa com 10 saquinhos com peso mínimo de 10 gramas cada caixa. | E68: Caixa10 saquinho 10 gramas | G68: 339030.07 | H68: 0 | J68: =I68-(SUM(L68:Y68)) -> 0 | K68: =IF(J68<0,"ATENÇÃO","OK") -> OK | L68: 0 | M68: 0 | N68: 0 | O68: 0 | P68: 0 | Q68: 0 | R68: 0 | S68: 0 | T68: 0 | U68: 0 | V68: 0 | W68: 0 | X68: 0 | Y68: 0
C69: 66 | D69: Chá de maçã com canela, caixa com 10 saquinhos com peso mínimo de 15 gramas cada caixa. | E69: Caixa10 saquinho 10 gramas | G69: 339030.07 | H69: 0 | J69: =I69-(SUM(L69:Y69)) -> 0 | K69: =IF(J69<0,"ATENÇÃO","OK") -> OK | L69: 0 | M69: 0 | N69: 0 | O69: 0 | P69: 0 | Q69: 0 | R69: 0 | S69: 0 | T69: 0 | U69: 0 | V69: 0 | W69: 0 | X69: 0 | Y69: 0
C70: 67 | D70: Caixa de chá frutas vermelhas, com 10 saquinhos e peso mínimo de 15 gramas cada caixa. | E70: Caixa10 saquinho 10 gramas | G70: 339030.07 | H70: 0 | J70: =I70-(SUM(L70:Y70)) -> 0 | K70: =IF(J70<0,"ATENÇÃO","OK") -> OK | L70: 0 | M70: 0 | N70: 0 | O70: 0 | P70: 0 | Q70: 0 | R70: 0 | S70: 0 | T70: 0 | U70: 0 | V70: 0 | W70: 0 | X70: 0 | Y70: 0
C71: 68 | D71: Açúcar cristal, embalagem 1 Kg | E71: Kg (Kg = 01 embalagem de 1 quilo) | G71: 339030.07 | H71: 0 | J71: =I71-(SUM(L71:Y71)) -> 0 | K71: =IF(J71<0,"ATENÇÃO","OK") -> OK | L71: 0 | M71: 0 | N71: 0 | O71: 0 | P71: 0 | Q71: 0 | R71: 0 | S71: 0 | T71: 0 | U71: 0 | V71: 0 | W71: 0 | X71: 0 | Y71: 0
A72: DESERTO | B72: 24 | C72: 69 | D72: Carga para gás liquefeito de petróleo, GLP, vulgo gás de cozinha, composto de propano e butano. Aplicação para uso doméstico. Botijão P 13. | E72: Botijão | G72: 339030.04 | H72: 0 | J72: =I72-(SUM(L72:Y72)) -> 0 | K72: =IF(J72<0,"ATENÇÃO","OK") -> OK | L72: 0 | M72: 0 | N72: 0 | O72: 0 | P72: 0 | Q72: 0 | R72: 0 | S72: 0 | T72: 0 | U72: 0 | V72: 0 | W72: 0 | X72: 0 | Y72: 0
C73: 70 | D73: Carga para gás liquefeito de petróleo, GLP, vulgo gás de cozinha, composto de propano e butano. Aplicação para uso doméstico. Botijão P 45. | E73: Botijão | G73: 339030.04 | H73: 0 | J73: =I73-(SUM(L73:Y73)) -> 0 | K73: =IF(J73<0,"ATENÇÃO","OK") -> OK | L73: 0 | M73: 0 | N73: 0 | O73: 0 | P73: 0 | Q73: 0 | R73: 0 | S73: 0 | T73: 0 | U73: 0 | V73: 0 | W73: 0 | X73: 0 | Y73: 0
D76: * Lotes 5, 8,9, 10, 11, 17, 18, 21, 22 e 24 - DESERTOS
D77: *Lotes 20 e 23 - INFRUTÍFEROS
D78: *Prazos de Entrega e Pagamento conforme edital

Sheet ESAG
A1: PROCESSO: 0065/2015/UDESC | D1: OBJETO: AQUISIÇÃO DE GÊNEROS ALIMENTÍCIOS | I1: VIGÊNCIA DA ATA: 11/03/2015 até 10/03/2016 | L1: AF/OS nº 124/2015 Qtde. DT | M1: AF/OS nº 105/2016 Qtde. DT | N1: AF/OS nº 108/2016 Qtde. DT | O1: AF/OS nº xxxx/2015 Qtde. DT | P1: AF/OS nº xxxx/2015 Qtde. DT | Q1: AF/OS nº xxxx/2015 Qtde. DT | R1: AF/OS nº xxxx/2015 Qtde. DT | S1: AF/OS nº xxxx/2015 Qtde. DT | T1: AF/OS nº xxxx/2015 Qtde. DT | U1: AF/OS nº xxxx/2015 Qtde. DT | V1: AF/OS nº xxxx/2015 Qtde. DT | W1: AF/OS nº xxxx/2015 Qtde. DT
A2: CENTRO PARTICIPANTE: ESAG
A3: FORNECEDOR | B3: LOTE | C3: ITEM | D3: PRODUTO - CARACTERÍSTICAS MÍNIMAS | E3: UNIDADE | F3: MARCA | G3: ELEMENTO | H3: Preço UNITÁRIO (R$) | I3: Qtde Registrada | J3: Saldo / Automático | K3: ALERTA | L3: ...../...../...... | M3: ...../...../...... | N3: ...../...../...... | O3: ...../...../...... | P3: ...../...../...... | Q3: ...../...../...... | R3: ...../...../...... | S3: ...../...../...... | T3: ...../...../...... | U3: ...../...../...... | V3: ...../...../...... | W3: ...../...../......
A4: Estância Hidromineral Santa Rita de Cássia Ltda. | B4: 1 | C4: 1 | D4: Água Mineral sem gás, envasada em garrafão de 20L | E4: peça (peça = garrafão de 20 litros) | G4: 339030.07 | H4: 5.58 | I4: 676 | J4: =I4-(SUM(L4:W4)) -> 526 | K4: =IF(J4<0,"ATENÇÃO","OK") -> OK | N4: 150 | O4: 0 | P4: 0 | Q4: 0 | R4: 0 | S4: 0 | T4: 0 | U4: 0 | V4: 0 | W4: 0
C5: 2 | D5: Água Mineral, com gás, envasada em garrafa de 500ML | E5: peça (peça = garrafa de 500 mililitros) | G5: 339030.07 | H5: 0.79 | I5: 9000 | J5: =I5-(SUM(L5:W5)) -> 9000 | K5: =IF(J5<0,"ATENÇÃO","OK") -> OK | O5: 0 | P5: 0 | Q5: 0 | R5: 0 | S5: 0 | T5: 0 | U5: 0 | V5: 0 | W5: 0
C6: 3 | D6: Água Mineral, sem gás, envasada em garrafa de 500ML | E6: peça (peça = garrafa de 500 mililitros) | G6: 339030.07 | H6: 0.74 | I6: 27000 | J6: =I6-(SUM(L6:W6)) -> 22680 | K6: =IF(J6<0,"ATENÇÃO","OK") -> OK | N6: 4320 | O6: 0 | P6: 0 | Q6: 0 | R6: 0 | S6: 0 | T6: 0 | U6: 0 | V6: 0 | W6: 0
A7: Distribuidora Nova Esperança Ltda. EPP | B7: 2 | C7: 4 | D7: Café, torrado e moído, embalagem de 500g, em pó, tipo Superior | E7: Kg (Kg = 02 embalagens de 500 gramas) | F7: SANTA CATARINA SUPERIOR | G7: 339030.07 | H7: 10.7 | I7: =1500-100-200 -> 1200 | J7: =I7-(SUM(L7:W7)) -> 1040 | K7: =IF(J7<0,"ATENÇÃO","OK") -> OK | L7: 80 | M7: 80 | O7: 0 | P7: 0 | Q7: 0 | R7: 0 | S7: 0 | T7: 0 | U7: 0 | V7: 0 | W7: 0
A8: Distribuidora Nova Esperança Ltda. EPP | B8: 3 | C8: 5 | D8: Açúcar refinado, embalagem de 1Kg | E8: Kg (Kg = 01 embalagem de 1 quilo) | F8: DA BARRA | G8: 339030.07 | H8: 1.79 | I8: 1500 | J8: =I8-(SUM(L8:W8)) -> 1380 | K8: =IF(J8<0,"ATENÇÃO","OK") -> OK | M8: 120 | O8: 0 | P8: 0 | Q8: 0 | R8: 0 | S8: 0 | T8: 0 | U8: 0 | V8: 0 | W8: 0
A9: Elo Comércio e Serviços Ltda. ME | B9: 4 | C9: 6 | D9: Adoçante dietético líquido 100 ml, com validade de no mínimo 24 meses a cada fornecimento. | E9: frasco | F9: LOWÇUCAR | G9: 339030.07 | H9: 1.83 | I9: 10 | J9: =I9-(SUM(L9:W9)) -> 10 | K9: =IF(J9<0,"ATENÇÃO","OK") -> OK | O9: 0 | P9: 0 | Q9: 0 | R9: 0 | S9: 0 | T9: 0 | U9: 0 | V9: 0 | W9: 0
C10: 7 | D10: Chá de camomila, caixa com 10 saquinhos, com peso mínimo de 10 gramas cada caixa. | E10: Caixa | F10: REAL | G10: 339030.07 | H10: 1.41 | I10: 10 | J10: =I10-(SUM(L10:W10)) -> 10 | K10: =IF(J10<0,"ATENÇÃO","OK") -> OK | O10: 0 | P10: 0 | Q10: 0 | R10: 0 | S10: 0 | T10: 0 | U10: 0 | V10: 0 | W10: 0
C11: 8 | D11: Chá de erva cidreira, caixa com 10 saquinhos com peso mínimo de 10 gramas cada caixa. | E11: Caixa | F11: REAL | G11: 339030.07 | H11: 1.21 | I11: 10 | J11: =I11-(SUM(L11:W11)) -> 10 | K11: =IF(J11<0,"ATENÇÃO","OK") -> OK | O11: 0 | P11: 0 | Q11: 0 | R11: 0 | S11: 0 | T11: 0 | U11: 0 | V11: 0 | W11: 0
C12: 9 | D12: Chá de maçã com canela, caixa com 10 saquinhos com peso mínimo de 15 gramas cada caixa. | E12: Caixa | F12: REAL | G12: 339030.07 | H12: 2.55 | I12: 30 | J12: =I12-(SUM(L12:W12)) -> 30 | K12: =IF(J12<0,"ATENÇÃO","OK") -> OK | O12: 0 | P12: 0 | Q12: 0 | R12: 0 | S12: 0 | T12: 0 | U12: 0 | V12: 0 | W12: 0
C13: 10 | D13: Caixa de chá frutas vermelhas, com 10 saquinhos e peso mínimo de 15 gramas cada caixa. | E13: Caixa | F13: REAL | G13: 339030.07 | H13: 2.39 | I13: 30 | J13: =I13-(SUM(L13:W13)) -> 30 | K13: =IF(J13<0,"ATENÇÃO","OK") -> OK | O13: 0 | P13: 0 | Q13: 0 | R13: 0 | S13: 0 | T13: 0 | U13: 0 | V13: 0 | W13: 0
C14: 11 | D14: Bolachas salgadas com gergelim, pacote com no mínimo 360 grams, e no mínimo duas embalagens individualizadas. Validade mínima de 06 meses a cada fornecimento. | E14: Pacote | F14: ORQUIDEA | G14: 339030.07 | H14: 3.59 | J14: =I14-(SUM(L14:W14)) -> 0 | K14: =IF(J14<0,"ATENÇÃO","OK") -> OK | L14: 0 | M14: 0 | N14: 0 | O14: 0 | P14: 0 | Q14: 0 | R14: 0 | S14: 0 | T14: 0 | U14: 0 | V14: 0 | W14: 0
C15: 12 | D15: Bolacha tipo waffer, sabor morango, pacote com no mínimo 120 grams.Validade mínima de 06 meses a cada fornecimento. | E15: Pacote | F15: MARILAN | G15: 339030.07 | H15: 1.24 | J15: =I15-(SUM(L15:W15)) -> 0 | K15: =IF(J15<0,"ATENÇÃO","OK") -> OK | L15: 0 | M15: 0 | N15: 0 | O15: 0 | P15: 0 | Q15: 0 | R15: 0 | S15: 0 | T15: 0 | U15: 0 | V15: 0 | W15: 0
C16: 13 | D16: Bolacha tipo waffer, sabor chocolate, pacote com no mínimo 120 grams.Validade mínima de 06 meses a cada fornecimento. | E16: Pacote | F16: MARILAN | G16: 339030.07 | H16: 1.24 | J16: =I16-(SUM(L16:W16)) -> 0 | K16: =IF(J16<0,"ATENÇÃO","OK") -> OK | L16: 0 | M16: 0 | N16: 0 | O16: 0 | P16: 0 | Q16: 0 | R16: 0 | S16: 0 | T16: 0 | U16: 0 | V16: 0 | W16: 0
C17: 14 | D17: Bolacha recheada, sabor chocolate, pacote com no mínimo 120 grmas. Validade mínima de 06 meses cada fornecimento. | E17: Pacote | F17: ORQUIDEA | G17: 339030.07 | H17: 0.94 | J17: =I17-(SUM(L17:W17)) -> 0 | K17: =IF(J17<0,"ATENÇÃO","OK") -> OK | L17: 0 | M17: 0 | N17: 0 | O17: 0 | P17: 0 | Q17: 0 | R17: 0 | S17: 0 | T17: 0 | U17: 0 | V17: 0 | W17: 0
C18: 15 | D18: Bolacha recheada, sabor morango, pacote com no mínimo 120 grmas. Validade mínima de 06 meses cada fornecimento. | E18: Pacote | F18: ORQUIDEA | G18: 339030.07 | H18: 0.94 | J18: =I18-(SUM(L18:W18)) -> 0 | K18: =IF(J18<0,"ATENÇÃO","OK") -> OK | L18: 0 | M18: 0 | N18: 0 | O18: 0 | P18: 0 | Q18: 0 | R18: 0 | S18: 0 | T18: 0 | U18: 0 | V18: 0 | W18: 0
C19: 16 | D19: Bolacha salgada, temperada, similar ou igual a marca Club Social, pacote com no mínimo 120 grmas. Validade mínima de 06 meses cada fornecimento. | E19: Pacote | F19: MARILAN | G19: 339030.07 | H19: 2.19 | J19: =I19-(SUM(L19:W19)) -> 0 | K19: =IF(J19<0,"ATENÇÃO","OK") -> OK | L19: 0 | M19: 0 | N19: 0 | O19: 0 | P19: 0 | Q19: 0 | R19: 0 | S19: 0 | T19: 0 | U19: 0 | V19: 0 | W19: 0
C20: 17 | D20: Sachê de sal refinado e iodado, contendo 1 grama. Validade mínima de 12 meses a partir da data da entrega. Caixa com 2.000 sachês. | E20: Caixa | F20: LEILA | G20: 339030.07 | H20: 7.59 | J20: =I20-(SUM(L20:W20)) -> 0 | K20: =IF(J20<0,"ATENÇÃO","OK") -> OK | L20: 0 | M20: 0 | N20: 0 | O20: 0 | P20: 0 | Q20: 0 | R20: 0 | S20: 0 | T20: 0 | U20: 0 | V20: 0 | W20: 0
A21: DESERTO | B21: 5 | C21: 18 | D21: Carga para gás liquefeito de petróleo, GLP, vulgo gás de cozinha, composto de propano e butano. Aplicação para uso doméstico. Botijão P 13. | E21: Botijão | G21: 339030.04 | H21: 0 | J21: =I21-(SUM(L21:W21)) -> 0 | K21: =IF(J21<0,"ATENÇÃO","OK") -> OK | L21: 0 | M21: 0 | N21: 0 | O21: 0 | P21: 0 | Q21: 0 | R21: 0 | S21: 0 | T21: 0 | U21: 0 | V21: 0 | W21: 0
C22: 19 | D22: Carga para gás liquefeito de petróleo, GLP, vulgo gás de cozinha, composto de propano e butano. Aplicação para uso doméstico. Botijão P 45. | E22: Botijão | G22: 339030.04 | H22: 0 | J22: =I22-(SUM(L22:W22)) -> 0 | K22: =IF(J22<0,"ATENÇÃO","OK") -> OK | L22: 0 | M22: 0 | N22: 0 | O22: 0 | P22: 0 | Q22: 0 | R22: 0 | S22: 0 | T22: 0 | U22: 0 | V22: 0 | W22: 0
A23: Distribuidora Nova Esperança Ltda. EPP | B23: 6 | C23: 20 | D23: Leite de vaca, integral, (UHT) pasteurizado em ultra/altas temperaturas, em balagem em caixa tipo longa vida, com 1000 mililitros,devidamente rotuladas conforme legislação vigente e passuir registro nos órgãos de Inspeção Sanitária; com validade mínima de 60 dias cada fornecimento. | E23: Litro | F23: LANGUIRU | G23: 339030.07 | H23: 1.95 | J23: =I23-(SUM(L23:W23)) -> 0 | K23: =IF(J23<0,"ATENÇÃO","OK") -> OK | L23: 0 | M23: 0 | N23: 0 | O23: 0 | P23: 0 | Q23: 0 | R23: 0 | S23: 0 | T23: 0 | U23: 0 | V23: 0 | W23: 0
A24: Distribuidora Nova Esperança Ltda. EPP | B24: 7 | C24: 21 | D24: Água Mineral sem gás, envasada em garrafão de 20L | E24: peça (peça = garrafão de 20 litros) | F24: RIO D'OURO | G24: 339030.07 | H24: 7.81 | J24: =I24-(SUM(L24:W24)) -> 0 | K24: =IF(J24<0,"ATENÇÃO","OK") -> OK | L24: 0 | M24: 0 | N24: 0 | O24: 0 | P24: 0 | Q24: 0 | R24: 0 | S24: 0 | T24: 0 | U24: 0 | V24: 0 | W24: 0
C25: 22 | D25: Água Mineral, com gás, envasada em garrafa de 500ML | E25: peça (peça = garrafa de 500 mililitros) | F25: DA GUARDA | G25: 339030.07 | H25: 1.12 | J25: =I25-(SUM(L25:W25)) -> 0 | K25: =IF(J25<0,"ATENÇÃO","OK") -> OK | L25: 0 | M25: 0 | N25: 0 | O25: 0 | P25: 0 | Q25: 0 | R25: 0 | S25: 0 | T25: 0 | U25: 0 | V25: 0 | W25: 0
C26: 23 | D26: Água Mineral, sem gás, envasada em garrafa de 500ML | E26: peça (peça = garrafa de 500 mililitros) | F26: DA GUARDA | G26: 339030.07 | H26: 1.14 | J26: =I26-(SUM(L26:W26)) -> 0 | K26: =IF(J26<0,"ATENÇÃO","OK") -> OK | L26: 0 | M26: 0 | N26: 0 | O26: 0 | P26: 0 | Q26: 0 | R26: 0 | S26: 0 | T26: 0 | U26: 0 | V26: 0 | W26: 0
A27: DESERTO | B27: 8 | C27: 24 | D27: Carga para gás liquefeito de petróleo, GLP, vulgo gás de cozinha, composto de propano e butano. Aplicação para uso doméstico. Botijão P 13. | E27: Botijão | G27: 339030.04 | H27: 0 | J27: =I27-(SUM(L27:W27)) -> 0 | K27: =IF(J27<0,"ATENÇÃO","OK") -> OK | L27: 0 | M27: 0 | N27: 0 | O27: 0 | P27: 0 | Q27: 0 | R27: 0 | S27: 0 | T27: 0 | U27: 0 | V27: 0 | W27: 0
A28: DESERTO | B28: 9 | C28: 25 | D28: Água Mineral sem gás, envasada em garrafão de 20L | E28: peça (peça = garrafão de 20 litros) | G28: 339030.07 | H28: 0 | J28: =I28-(SUM(L28:W28)) -> 0 | K28: =IF(J28<0,"ATENÇÃO","OK") -> OK | L28: 0 | M28: 0 | N28: 0 | O28: 0 | P28: 0 | Q28: 0 | R28: 0 | S28: 0 | T28: 0 | U28: 0 | V28: 0 | W28: 0
C29: 26 | D29: Água Mineral, sem gás, envasada em garrafa de 500ML | E29: peça (peça = garrafa de 500 mililitros) | G29: 339030.07 | H29: 0 | J29: =I29-(SUM(L29:W29)) -> 0 | K29: =IF(J29<0,"ATENÇÃO","OK") -> OK | L29: 0 | M29: 0 | N29: 0 | O29: 0 | P29: 0 | Q29: 0 | R29: 0 | S29: 0 | T29: 0 | U29: 0 | V29: 0 | W29: 0
A30: DESERTO | B30: 10 | C30: 27 | D30: Carga para gás liquefeito de petróleo, GLP, vulgo gás de cozinha, composto de propano e butano. Aplicação para uso doméstico. Botijão P 13. | E30: Botijão | G30: 339030.04 | H30: 0 | J30: =I30-(SUM(L30:W30)) -> 0 | K30: =IF(J30<0,"ATENÇÃO","OK") -> OK | L30: 0 | M30: 0 | N30: 0 | O30: 0 | P30: 0 | Q30: 0 | R30: 0 | S30: 0 | T30: 0 | U30: 0 | V30: 0 | W30: 0
A31: DESERTO | B31: 11 | C31: 28 | D31: Água Mineral sem gás, envasada em garrafão de 20L | E31: peça (peça = garrafão de 20 litros) | G31: 339030.07 | H31: 0 | J31: =I31-(SUM(L31:W31)) -> 0 | K31: =IF(J31<0,"ATENÇÃO","OK") -> OK | L31: 0 | M31: 0 | N31: 0 | O31: 0 | P31: 0 | Q31: 0 | R31: 0 | S31: 0 | T31: 0 | U31: 0 | V31: 0 | W31: 0
C32: 29 | D32: Água Mineral, sem gás, envasada em garrafa de 500ML | E32: peça (peça = garrafa de 500 mililitros) | G32: 339030.07 | H32: 0 | J32: =I32-(SUM(L32:W32)) -> 0 | K32: =IF(J32<0,"ATENÇÃO","OK") -> OK | L32: 0 | M32: 0 | N32: 0 | O32: 0 | P32: 0 | Q32: 0 | R32: 0 | S32: 0 | T32: 0 | U32: 0 | V32: 0 | W32: 0
A33: TAF Distribuidora Ltda. | B33: 12 | C33: 30 | D33: Café, torrado e moído, embalagem de 500g, em pó, tipo Superior | E33: Kg (Kg = 02 embalagens de 500 gramas) | F33: ODEBRECHT SUPERIOR | G33: 339030.07 | H33: 9.26 | J33: =I33-(SUM(L33:W33)) -> 0 | K33: =IF(J33<0,"ATENÇÃO","OK") -> OK | L33: 0 | M33: 0 | N33: 0 | O33: 0 | P33: 0 | Q33: 0 | R33: 0 | S33: 0 | T33: 0 | U33: 0 | V33: 0 | W33: 0
A34: Distribuidora Nova Esperança Ltda. EPP | B34: 13 | C34: 31 | D34: Açúcar refinado, embalagem de 1Kg | E34: Kg (Kg = 01 embalagem de 1 quilo) | F34: DA BARRA | G34: 339030.07 | H34: 1.82 | J34: =I34-(SUM(L34:W34)) -> 0 | K34: =IF(J34<0,"ATENÇÃO","OK") -> OK | L34: 0 | M34: 0 | N34: 0 | O34: 0 | P34: 0 | Q34: 0 | R34: 0 | S34: 0 | T34: 0 | U34: 0 | V34: 0 | W34: 0
A35: Distribuidora Nova Esperança Ltda. EPP | B35: 14 | C35: 32 | D35: Água Mineral sem gás, envasada em garrafão de 20L | E35: peça (peça = garrafão de 20 litros) | F35: RIO D'OURO | G35: 339030.07 | H35: 7.8 | J35: =I35-(SUM(L35:W35)) -> 0 | K35: =IF(J35<0,"ATENÇÃO","OK") -> OK | L35: 0 | M35: 0 | N35: 0 | O35: 0 | P35: 0 | Q35: 0 | R35: 0 | S35: 0 | T35: 0 | U35: 0 | V35: 0 | W35: 0
C36: 33 | D36: Água Mineral, com gás, envasada em garrafa de 500ML | E36: peça (peça = garrafa de 500 mililitros) | F36: DA GUARDA | G36: 339030.07 | H36: 1.12 | J36: =I36-(SUM(L36:W36)) -> 0 | K36: =IF(J36<0,"ATENÇÃO","OK") -> OK | L36: 0 | M36: 0 | N36: 0 | O36: 0 | P36: 0 | Q36: 0 | R36: 0 | S36: 0 | T36: 0 | U36: 0 | V36: 0 | W36: 0
C37: 34 | D37: Água Mineral, sem gás, envasada em garrafa de 500ML | E37: peça (peça = garrafa de 500 mililitros) | F37: DA GUARDA | G37: 339030.07 | H37: 1.14 | J37: =I37-(SUM(L37:W37)) -> 0 | K37: =IF(J37<0,"ATENÇÃO","OK") -> OK | L37: 0 | M37: 0 | N37: 0 | O37: 0 | P37: 0 | Q37: 0 | R37: 0 | S37: 0 | T37: 0 | U37: 0 | V37: 0 | W37: 0
A38: Distribuidora Nova Esperança Ltda. EPP | B38: 15 | C38: 35 | D38: Café, torrado e moído, embalagem de 500g, em pó, tipo Superior | E38: Kg (Kg = 02 embalagens de 500 gramas) | F38: SANTA CATARINA SUPERIOR | G38: 339030.07 | H38: 11.53 | J38: =I38-(SUM(L38:W38)) -> 0 | K38: =IF(J38<0,"ATENÇÃO","OK") -> OK | L38: 0 | M38: 0 | N38: 0 | O38: 0 | P38: 0 | Q38: 0 | R38: 0 | S38: 0 | T38: 0 | U38: 0 | V38: 0 | W38: 0
A39: Elo Comércio e Serviços Ltda. ME | B39: 16 | C39: 36 | D39: Açúcar refinado, embalagem de 1Kg | E39: Kg (Kg = 01 embalagem de 1 quilo) | F39: CARAVELAS | G39: 339030.07 | H39: 1.82 | J39: =I39-(SUM(L39:W39)) -> 0 | K39: =IF(J39<0,"ATENÇÃO","OK") -> OK | L39: 0 | M39: 0 | N39: 0 | O39: 0 | P39: 0 | Q39: 0 | R39: 0 | S39: 0 | T39: 0 | U39: 0 | V39: 0 | W39: 0
C40: 37 | D40: Adoçante dietético líquido 100 ml, com validade de no mínimo 24 meses a cada fornecimento. | E40: 100 ml | F40: LOWÇUCAR | G40: 339030.07 | H40: 1.83 | J40: =I40-(SUM(L40:W40)) -> 0 | K40: =IF(J40<0,"ATENÇÃO","OK") -> OK | L40: 0 | M40: 0 | N40: 0 | O40: 0 | P40: 0 | Q40: 0 | R40: 0 | S40: 0 | T40: 0 | U40: 0 | V40: 0 | W40: 0
C41: 38 | D41: Chá de camomila, caixa com 10 saquinhos, com peso mínimo de 10 gramas cada caixa. | E41: Caixa10 saquinho 10 gramas | F41: REAL | G41: 339030.07 | H41: 1.41 | J41: =I41-(SUM(L41:W41)) -> 0 | K41: =IF(J41<0,"ATENÇÃO","OK") -> OK | L41: 0 | M41: 0 | N41: 0 | O41: 0 | P41: 0 | Q41: 0 | R41: 0 | S41: 0 | T41: 0 | U41: 0 | V41: 0 | W41: 0
C42: 39 | D42: Chá de erva cidreira, caixa com 10 saquinhos com peso mínimo de 10 gramas cada caixa. | E42: Caixa10 saquinho 10 gramas | F42: REAL | G42: 339030.07 | H42: 1.21 | J42: =I42-(SUM(L42:W42)) -> 0 | K42: =IF(J42<0,"ATENÇÃO","OK") -> OK | L42: 0 | M42: 0 | N42: 0 | O42: 0 | P42: 0 | Q42: 0 | R42: 0 | S42: 0 | T42: 0 | U42: 0 | V42: 0 | W42: 0
C43: 40 | D43: Chá de maçã com canela, caixa com 10 saquinhos com peso mínimo de 15 gramas cada caixa. | E43: Caixa10 saquinho 10 gramas | F43: REAL | G43: 339030.07 | H43: 2.55 | J43: =I43-(SUM(L43:W43)) -> 0 | K43: =IF(J43<0,"ATENÇÃO","OK") -> OK | L43: 0 | M43: 0 | N43: 0 | O43: 0 | P43: 0 | Q43: 0 | R43: 0 | S43: 0 | T43: 0 | U43: 0 | V43: 0 | W43: 0
C44: 41 | D44: Caixa de chá frutas vermelhas, com 10 saquinhos e peso mínimo de 15 gramas cada caixa. | E44: Caixa10 saquinho 10 gramas | F44: REAL | G44: 339030.07 | H44: 2.39 | J44: =I44-(SUM(L44:W44)) -> 0 | K44: =IF(J44<0,"ATENÇÃO","OK") -> OK | L44: 0 | M44: 0 | N44: 0 | O44: 0 | P44: 0 | Q44: 0 | R44: 0 | S44: 0 | T44: 0 | U44: 0 | V44: 0 | W44: 0
C45: 42 | D45: Leite em pó, embalagem de 400 gramas | E45: peça (peça = pacote de 400 gramas) | F45: PIRACANJUBA | G45: 339030.07 | H45: 9.52 | J45: =I45-(SUM(L45:W45)) -> 0 | K45: =IF(J45<0,"ATENÇÃO","OK") -> OK | L45: 0 | M45: 0 | N45: 0 | O45: 0 | P45: 0 | Q45: 0 | R45: 0 | S45: 0 | T45: 0 | U45: 0 | V45: 0 | W45: 0
A46: DESERTO | B46: 17 | C46: 43 | D46: Carga para gás liquefeito de petróleo, GLP, vulgo gás de cozinha, composto de propano e butano. Aplicação para uso doméstico. Botijão P 13. | E46: Botijão | G46: 339030.04 | H46: 0 | J46: =I46-(SUM(L46:W46)) -> 0 | K46: =IF(J46<0,"ATENÇÃO","OK") -> OK | L46: 0 | M46: 0 | N46: 0 | O46: 0 | P46: 0 | Q46: 0 | R46: 0 | S46: 0 | T46: 0 | U46: 0 | V46: 0 | W46: 0
C47: 44 | D47: Carga para gás liquefeito de petróleo, GLP, vulgo gás de cozinha, composto de propano e butano. Aplicação para uso doméstico. Botijão P 45. | E47: Botijão | G47: 339030.04 | H47: 0 | J47: =I47-(SUM(L47:W47)) -> 0 | K47: =IF(J47<0,"ATENÇÃO","OK") -> OK | L47: 0 | M47: 0 | N47: 0 | O47: 0 | P47: 0 | Q47: 0 | R47: 0 | S47: 0 | T47: 0 | U47: 0 | V47: 0 | W47: 0
A48: DESERTO | B48: 18 | C48: 45 | D48: Água Mineral sem gás, envasada em garrafão de 20L | E48: peça (peça = garrafão de 20 litros) | G48: 339030.07 | H48: 0 | J48: =I48-(SUM(L48:W48)) -> 0 | K48: =IF(J48<0,"ATENÇÃO","OK") -> OK | L48: 0 | M48: 0 | N48: 0 | O48: 0 | P48: 0 | Q48: 0 | R48: 0 | S48: 0 | T48: 0 | U48: 0 | V48: 0 | W48: 0
C49: 46 | D49: Água Mineral, sem gás, envasada em garrafa de 500ML | E49: peça (peça = garrafa de 500 mililitros) | G49: 339030.07 | H49: 0 | J49: =I49-(SUM(L49:W49)) -> 0 | K49: =IF(J49<0,"ATENÇÃO","OK") -> OK | L49: 0 | M49: 0 | N49: 0 | O49: 0 | P49: 0 | Q49: 0 | R49: 0 | S49: 0 | T49: 0 | U49: 0 | V49: 0 | W49: 0
A50: TAF Distribuidora Ltda. | B50: 19 | C50: 47 | D50: Café, torrado e moído, embalagem de 500g, em pó, tipo Superior | E50: Kg (Kg = 02 embalagens de 500 gramas) | F50: ODEBRECHT SUPERIOR | G50: 339030.07 | H50: 9.26 | J50: =I50-(SUM(L50:W50)) -> 0 | K50: =IF(J50<0,"ATENÇÃO","OK") -> OK | L50: 0 | M50: 0 | N50: 0 | O50: 0 | P50: 0 | Q50: 0 | R50: 0 | S50: 0 | T50: 0 | U50: 0 | V50: 0 | W50: 0
A51: INFRUTÍFERO | B51: 20 | C51: 48 | D51: Açúcar refinado, embalagem de 1Kg | E51: Kg (Kg = 01 embalagem de 1 quilo) | G51: 339030.07 | H51: 0 | J51: =I51-(SUM(L51:W51)) -> 0 | K51: =IF(J51<0,"ATENÇÃO","OK") -> OK | L51: 0 | M51: 0 | N51: 0 | O51: 0 | P51: 0 | Q51: 0 | R51: 0 | S51: 0 | T51: 0 | U51: 0 | V51: 0 | W51: 0
C52: 49 | D52: Adoçante dietético líquido 100 ml, com validade de no mínimo 24 meses a cada fornecimento. | E52: frasco | G52: 339030.07 | H52: 0 | J52: =I52-(SUM(L52:W52)) -> 0 | K52: =IF(J52<0,"ATENÇÃO","OK") -> OK | L52: 0 | M52: 0 | N52: 0 | O52: 0 | P52: 0 | Q52: 0 | R52: 0 | S52: 0 | T52: 0 | U52: 0 | V52: 0 | W52: 0
C53: 50 | D53: Chá de camomila, caixa com 10 saquinhos, com peso mínimo de 10 gramas cada caixa. | E53: caixa | G53: 339030.07 | H53: 0 | J53: =I53-(SUM(L53:W53)) -> 0 | K53: =IF(J53<0,"ATENÇÃO","OK") -> OK | L53: 0 | M53: 0 | N53: 0 | O53: 0 | P53: 0 | Q53: 0 | R53: 0 | S53: 0 | T53: 0 | U53: 0 | V53: 0 | W53: 0
C54: 51 | D54: Chá de erva cidreira, caixa com 10 saquinhos com peso mínimo de 10 gramas cada caixa. | E54: caixa | G54: 339030.07 | H54: 0 | J54: =I54-(SUM(L54:W54)) -> 0 | K54: =IF(J54<0,"ATENÇÃO","OK") -> OK | L54: 0 | M54: 0 | N54: 0 | O54: 0 | P54: 0 | Q54: 0 | R54: 0 | S54: 0 | T54: 0 | U54: 0 | V54: 0 | W54: 0
C55: 52 | D55: Chá de maçã com canela, caixa com 10 saquinhos com peso mínimo de 15 gramas cada caixa. | E55: caixa | G55: 339030.07 | H55: 0 | J55: =I55-(SUM(L55:W55)) -> 0 | K55: =IF(J55<0,"ATENÇÃO","OK") -> OK | L55: 0 | M55: 0 | N55: 0 | O55: 0 | P55: 0 | Q55: 0 | R55: 0 | S55: 0 | T55: 0 | U55: 0 | V55: 0 | W55: 0
C56: 53 | D56: Caixa de chá frutas vermelhas, com 10 saquinhos e peso mínimo de 15 gramas cada caixa. | E56: caixa | G56: 339030.07 | H56: 0 | J56: =I56-(SUM(L56:W56)) -> 0 | K56: =IF(J56<0,"ATENÇÃO","OK") -> OK | L56: 0 | M56: 0 | N56: 0 | O56: 0 | P56: 0 | Q56: 0 | R56: 0 | S56: 0 | T56: 0 | U56: 0 | V56: 0 | W56: 0
C57: 54 | D57: Sachê açúcar mascavo 5 gramas | E57: Caixa com no minimo 200 unidades | G57: 339030.07 | H57: 0 | J57: =I57-(SUM(L57:W57)) -> 0 | K57: =IF(J57<0,"ATENÇÃO","OK") -> OK | L57: 0 | M57: 0 | N57: 0 | O57: 0 | P57: 0 | Q57: 0 | R57: 0 | S57: 0 | T57: 0 | U57: 0 | V57: 0 | W57: 0
C58: 55 | D58: Sachê açúcar refinado 5 gramas | E58: Caixa com no minimo 400 unidades | G58: 339030.07 | H58: 0 | J58: =I58-(SUM(L58:W58)) -> 0 | K58: =IF(J58<0,"ATENÇÃO","OK") -> OK | L58: 0 | M58: 0 | N58: 0 | O58: 0 | P58: 0 | Q58: 0 | R58: 0 | S58: 0 | T58: 0 | U58: 0 | V58: 0 | W58: 0
A59: DESERTO | B59: 21 | C59: 56 | D59: Carga para gás liquefeito de petróleo, GLP, vulgo gás de cozinha, composto de propano e butano. Aplicação para uso doméstico. Botijão P 13. | E59: Botijão | G59: 339030.04 | H59: 0 | J59: =I59-(SUM(L59:W59)) -> 0 | K59: =IF(J59<0,"ATENÇÃO","OK") -> OK | L59: 0 | M59: 0 | N59: 0 | O59: 0 | P59: 0 | Q59: 0 | R59: 0 | S59: 0 | T59: 0 | U59: 0 | V59: 0 | W59: 0
C60: 57 | D60: Carga para gás liquefeito de petróleo, GLP, vulgo gás de cozinha, composto de propano e butano. Aplicação para uso doméstico. Botijão P 45. | E60: Botijão | G60: 339030.04 | H60: 0 | J60: =I60-(SUM(L60:W60)) -> 0 | K60: =IF(J60<0,"ATENÇÃO","OK") -> OK | L60: 0 | M60: 0 | N60: 0 | O60: 0 | P60: 0 | Q60: 0 | R60: 0 | S60: 0 | T60: 0 | U60: 0 | V60: 0 | W60: 0
A61: DESERTO | B61: 22 | C61: 58 | D61: Água Mineral sem gás, envasada em garrafão de 20L | E61: peça (peça = garrafão de 20 litros) | G61: 339030.07 | H61: 0 | J61: =I61-(SUM(L61:W61)) -> 0 | K61: =IF(J61<0,"ATENÇÃO","OK") -> OK | L61: 0 | M61: 0 | N61: 0 | O61: 0 | P61: 0 | Q61: 0 | R61: 0 | S61: 0 | T61: 0 | U61: 0 | V61: 0 | W61: 0
C62: 59 | D62: Água Mineral, com gás, envasada em garrafa de 500ML | E62: peça (peça = garrafa de 500 mililitros) | G62: 339030.07 | H62: 0 | J62: =I62-(SUM(L62:W62)) -> 0 | K62: =IF(J62<0,"ATENÇÃO","OK") -> OK | L62: 0 | M62: 0 | N62: 0 | O62: 0 | P62: 0 | Q62: 0 | R62: 0 | S62: 0 | T62: 0 | U62: 0 | V62: 0 | W62: 0
C63: 60 | D63: Água Mineral, sem gás, envasada em garrafa de 500ML | E63: peça (peça = garrafa de 500 mililitros) | G63: 339030.07 | H63: 0 | J63: =I63-(SUM(L63:W63)) -> 0 | K63: =IF(J63<0,"ATENÇÃO","OK") -> OK | L63: 0 | M63: 0 | N63: 0 | O63: 0 | P63: 0 | Q63: 0 | R63: 0 | S63: 0 | T63: 0 | U63: 0 | V63: 0 | W63: 0
A64: INFRUTÍFERO | B64: 23 | C64: 61 | D64: Café, torrado e moído, embalagem de 500g, em pó, tipo Superior | E64: Kg (Kg = 02 embalagens de 500 gramas) | G64: 339030.07 | H64: 0 | J64: =I64-(SUM(L64:W64)) -> 0 | K64: =IF(J64<0,"ATENÇÃO","OK") -> OK | L64: 0 | M64: 0 | N64: 0 | O64: 0 | P64: 0 | Q64: 0 | R64: 0 | S64: 0 | T64: 0 | U64: 0 | V64: 0 | W64: 0
C65: 62 | D65: Açúcar refinado, embalagem de 1Kg | E65: Kg (Kg = 01 embalagem de 1 quilo) | G65: 339030.07 | H65: 0 | J65: =I65-(SUM(L65:W65)) -> 0 | K65: =IF(J65<0,"ATENÇÃO","OK") -> OK | L65: 0 | M65: 0 | N65: 0 | O65: 0 | P65: 0 | Q65: 0 | R65: 0 | S65: 0 | T65: 0 | U65: 0 | V65: 0 | W65: 0
C66: 63 | D66: Adoçante dietético líquido 100 ml, com validade de no mínimo 24 meses a cada fornecimento. | E66: 100 ml | G66: 339030.07 | H66: 0 | J66: =I66-(SUM(L66:W66)) -> 0 | K66: =IF(J66<0,"ATENÇÃO","OK") -> OK | L66: 0 | M66: 0 | N66: 0 | O66: 0 | P66: 0 | Q66: 0 | R66: 0 | S66: 0 | T66: 0 | U66: 0 | V66: 0 | W66: 0
C67: 64 | D67: Chá de camomila, caixa com 10 saquinhos, com peso mínimo de 10 gramas cada caixa. | E67: Caixa10 saquinho 10 gramas | G67: 339030.07 | H67: 0 | J67: =I67-(SUM(L67:W67)) -> 0 | K67: =IF(J67<0,"ATENÇÃO","OK") -> OK | L67: 0 | M67: 0 | N67: 0 | O67: 0 | P67: 0 | Q67: 0 | R67: 0 | S67: 0 | T67: 0 | U67: 0 | V67: 0 | W67: 0
C68: 65 | D68: Chá de erva cidreira, caixa com 10 saquinhos com peso mínimo de 10 gramas cada caixa. | E68: Caixa10 saquinho 10 gramas | G68: 339030.07 | H68: 0 | J68: =I68-(SUM(L68:W68)) -> 0 | K68: =IF(J68<0,"ATENÇÃO","OK") -> OK | L68: 0 | M68: 0 | N68: 0 | O68: 0 | P68: 0 | Q68: 0 | R68: 0 | S68: 0 | T68: 0 | U68: 0 | V68: 0 | W68: 0
C69: 66 | D69: Chá de maçã com canela, caixa com 10 saquinhos com peso mínimo de 15 gramas cada caixa. | E69: Caixa10 saquinho 10 gramas | G69: 339030.07 | H69: 0 | J69: =I69-(SUM(L69:W69)) -> 0 | K69: =IF(J69<0,"ATENÇÃO","OK") -> OK | L69: 0 | M69: 0 | N69: 0 | O69: 0 | P69: 0 | Q69: 0 | R69: 0 | S69: 0 | T69: 0 | U69: 0 | V69: 0 | W69: 0
C70: 67 | D70: Caixa de chá frutas vermelhas, com 10 saquinhos e peso mínimo de 15 gramas cada caixa. | E70: Caixa10 saquinho 10 gramas | G70: 339030.07 | H70: 0 | J70: =I70-(SUM(L70:W70)) -> 0 | K70: =IF(J70<0,"ATENÇÃO","OK") -> OK | L70: 0 | M70: 0 | N70: 0 | O70: 0 | P70: 0 | Q70: 0 | R70: 0 | S70: 0 | T70: 0 | U70: 0 | V70: 0 | W70: 0
C71: 68 | D71: Açúcar cristal, embalagem 1 Kg | E71: Kg (Kg = 01 embalagem de 1 quilo) | G71: 339030.07 | H71: 0 | J71: =I71-(SUM(L71:W71)) -> 0 | K71: =IF(J71<0,"ATENÇÃO","OK") -> OK | L71: 0 | M71: 0 | N71: 0 | O71: 0 | P71: 0 | Q71: 0 | R71: 0 | S71: 0 | T71: 0 | U71: 0 | V71: 0 | W71: 0
A72: DESERTO | B72: 24 | C72: 69 | D72: Carga para gás liquefeito de petróleo, GLP, vulgo gás de cozinha, composto de propano e butano. Aplicação para uso doméstico. Botijão P 13. | E72: Botijão | G72: 339030.04 | H72: 0 | J72: =I72-(SUM(L72:W72)) -> 0 | K72: =IF(J72<0,"ATENÇÃO","OK") -> OK | L72: 0 | M72: 0 | N72: 0 | O72: 0 | P72: 0 | Q72: 0 | R72: 0 | S72: 0 | T72: 0 | U72: 0 | V72: 0 | W72: 0
C73: 70 | D73: Carga para gás liquefeito de petróleo, GLP, vulgo gás de cozinha, composto de propano e butano. Aplicação para uso doméstico. Botijão P 45. | E73: Botijão | G73: 339030.04 | H73: 0 | J73: =I73-(SUM(L73:W73)) -> 0 | K73: =IF(J73<0,"ATENÇÃO","OK") -> OK | L73: 0 | M73: 0 | N73: 0 | O73: 0 | P73: 0 | Q73: 0 | R73: 0 | S73: 0 | T73: 0 | U73: 0 | V73: 0 | W73: 0
D76: * Lotes 5, 8,9, 10, 11, 17, 18, 21, 22 e 24 - DESERTOS
D77: *Lotes 20 e 23 - INFRUTÍFEROS
D78: *Prazos de Entrega e Pagamento conforme edital

Sheet CEAD
A1: PROCESSO: 0065/2015/UDESC | D1: OBJETO: AQUISIÇÃO DE GÊNEROS ALIMENTÍCIOS | I1: VIGÊNCIA DA ATA: 11/03/2015 até 10/03/2016 | L1: AF/OS nº 705/2015 Qtde. DT | M1: AF/OS nº 739/2015 Qtde. DT | N1: AF/OS nº 741/2015 Qtde. DT | O1: AF/OS nº 742/2015 Qtde. DT | P1: AF/OS nº 182/2016 Qtde. DT | Q1: AF/OS nº xxxx/2015 Qtde. DT | R1: AF/OS nº xxxx/2015 Qtde. DT | S1: AF/OS nº xxxx/2015 Qtde. DT | T1: AF/OS nº xxxx/2015 Qtde. DT | U1: AF/OS nº xxxx/2015 Qtde. DT | V1: AF/OS nº xxxx/2015 Qtde. DT | W1: AF/OS nº xxxx/2015 Qtde. DT
A2: CENTRO PARTICIPANTE: CEAD
A3: FORNECEDOR | B3: LOTE | C3: ITEM | D3: PRODUTO - CARACTERÍSTICAS MÍNIMAS | E3: UNIDADE | F3: MARCA | G3: ELEMENTO | H3: Preço UNITÁRIO (R$) | I3: Qtde Registrada | J3: Saldo / Automático | K3: ALERTA | L3: 42135 | M3: 42137 | N3: 42137 | O3: 42137 | P3: 42436 | Q3: ...../...../...... | R3: ...../...../...... | S3: ...../...../...... | T3: ...../...../...... | U3: ...../...../...... | V3: ...../...../...... | W3: ...../...../......
A4: Estância Hidromineral Santa Rita de Cássia Ltda. | B4: 1 | C4: 1 | D4: Água Mineral sem gás, envasada em garrafão de 20L | E4: peça (peça = garrafão de 20 litros) | G4: 339030.07 | H4: 5.58 | I4: 480 | J4: =I4-(SUM(L4:W4)) -> 180 | K4: =IF(J4<0,"ATENÇÃO","OK") -> OK | L4: 150 | M4: 0 | N4: 0 | O4: 0 | P4: 150 | Q4: 0 | R4: 0 | S4: 0 | T4: 0 | U4: 0 | V4: 0 | W4: 0
C5: 2 | D5: Água Mineral, com gás, envasada em garrafa de 500ML | E5: peça (peça = garrafa de 500 mililitros) | G5: 339030.07 | H5: 0.79 | I5: 480 | J5: =I5-(SUM(L5:W5)) -> 0 | K5: =IF(J5<0,"ATENÇÃO","OK") -> OK | L5: 480 | M5: 0 | N5: 0 | O5: 0 | P5: 0 | Q5: 0 | R5: 0 | S5: 0 | T5: 0 | U5: 0 | V5: 0 | W5: 0
C6: 3 | D6: Água Mineral, sem gás, envasada em garrafa de 500ML | E6: peça (peça = garrafa de 500 mililitros) | G6: 339030.07 | H6: 0.74 | I6: 1100 | J6: =I6-(SUM(L6:W6)) -> 500 | K6: =IF(J6<0,"ATENÇÃO","OK") -> OK | L6: 600 | M6: 0 | N6: 0 | O6: 0 | P6: 0 | Q6: 0 | R6: 0 | S6: 0 | T6: 0 | U6: 0 | V6: 0 | W6: 0
A7: Distribuidora Nova Esperança Ltda. EPP | B7: 2 | C7: 4 | D7: Café, torrado e moído, embalagem de 500g, em pó, tipo Superior | E7: Kg (Kg = 02 embalagens de 500 gramas) | F7: SANTA CATARINA SUPERIOR | G7: 339030.07 | H7: 10.7 | I7: 384 | J7: =I7-(SUM(L7:W7)) -> 184 | K7: =IF(J7<0,"ATENÇÃO","OK") -> OK | L7: 0 | M7: 0 | N7: 200 | O7: 0 | P7: 0 | Q7: 0 | R7: 0 | S7: 0 | T7: 0 | U7: 0 | V7: 0 | W7: 0
A8: Distribuidora Nova Esperança Ltda. EPP | B8: 3 | C8: 5 | D8: Açúcar refinado, embalagem de 1Kg | E8: Kg (Kg = 01 embalagem de 1 quilo) | F8: DA BARRA | G8: 339030.07 | H8: 1.79 | I8: 480 | J8: =I8-(SUM(L8:W8)) -> 380 | K8: =IF(J8<0,"ATENÇÃO","OK") -> OK | L8: 0 | M8: 0 | N8: 0 | O8: 100 | P8: 0 | Q8: 0 | R8: 0 | S8: 0 | T8: 0 | U8: 0 | V8: 0 | W8: 0
A9: Elo Comércio e Serviços Ltda. ME | B9: 4 | C9: 6 | D9: Adoçante dietético líquido 100 ml, com validade de no mínimo 24 meses a cada fornecimento. | E9: frasco | F9: LOWÇUCAR | G9: 339030.07 | H9: 1.83 | I9: 50 | J9: =I9-(SUM(L9:W9)) -> 0 | K9: =IF(J9<0,"ATENÇÃO","OK") -> OK | L9: 0 | M9: 50 | N9: 0 | O9: 0 | P9: 0 | Q9: 0 | R9: 0 | S9: 0 | T9: 0 | U9: 0 | V9: 0 | W9: 0
C10: 7 | D10: Chá de camomila, caixa com 10 saquinhos, com peso mínimo de 10 gramas cada caixa. | E10: Caixa | F10: REAL | G10: 339030.07 | H10: 1.41 | I10: 50 | J10: =I10-(SUM(L10:W10)) -> 0 | K10: =IF(J10<0,"ATENÇÃO","OK") -> OK | L10: 0 | M10: 50 | N10: 0 | O10: 0 | P10: 0 | Q10: 0 | R10: 0 | S10: 0 | T10: 0 | U10: 0 | V10: 0 | W10: 0
C11: 8 | D11: Chá de erva cidreira, caixa com 10 saquinhos com peso mínimo de 10 gramas cada caixa. | E11: Caixa | F11: REAL | G11: 339030.07 | H11: 1.21 | I11: 50 | J11: =I11-(SUM(L11:W11)) -> 0 | K11: =IF(J11<0,"ATENÇÃO","OK") -> OK | L11: 0 | M11: 50 | N11: 0 | O11: 0 | P11: 0 | Q11: 0 | R11: 0 | S11: 0 | T11: 0 | U11: 0 | V11: 0 | W11: 0
C12: 9 | D12: Chá de maçã com canela, caixa com 10 saquinhos com peso mínimo de 15 gramas cada caixa. | E12: Caixa | F12: REAL | G12: 339030.07 | H12: 2.55 | I12: 50 | J12: =I12-(SUM(L12:W12)) -> 0 | K12: =IF(J12<0,"ATENÇÃO","OK") -> OK | L12: 0 | M12: 50 | N12: 0 | O12: 0 | P12: 0 | Q12: 0 | R12: 0 | S12: 0 | T12: 0 | U12: 0 | V12: 0 | W12: 0
C13: 10 | D13: Caixa de chá frutas vermelhas, com 10 saquinhos e peso mínimo de 15 gramas cada caixa. | E13: Caixa | F13: REAL | G13: 339030.07 | H13: 2.39 | I13: 50 | J13: =I13-(SUM(L13:W13)) -> 0 | K13: =IF(J13<0,"ATENÇÃO","OK") -> OK | L13: 0 | M13: 50 | N13: 0 | O13: 0 | P13: 0 | Q13: 0 | R13: 0 | S13: 0 | T13: 0 | U13: 0 | V13: 0 | W13: 0
C14: 11 | D14: Bolachas salgadas com gergelim, pacote com no mínimo 360 grams, e no mínimo duas embalagens individualizadas. Validade mínima de 06 meses a cada fornecimento. | E14: Pacote | F14: ORQUIDEA | G14: 339030.07 | H14: 3.59 | J14: =I14-(SUM(L14:W14)) -> 0 | K14: =IF(J14<0,"ATENÇÃO","OK") -> OK | L14: 0 | M14: 0 | N14: 0 | O14: 0 | P14: 0 | Q14: 0 | R14: 0 | S14: 0 | T14: 0 | U14: 0 | V14: 0 | W14: 0
C15: 12 | D15: Bolacha tipo waffer, sabor morango, pacote com no mínimo 120 grams.Validade mínima de 06 meses a cada fornecimento. | E15: Pacote | F15: MARILAN | G15: 339030.07 | H15: 1.24 | J15: =I15-(SUM(L15:W15)) -> 0 | K15: =IF(J15<0,"ATENÇÃO","OK") -> OK | L15: 0 | M15: 0 | N15: 0 | O15: 0 | P15: 0 | Q15: 0 | R15: 0 | S15: 0 | T15: 0 | U15: 0 | V15: 0 | W15: 0
C16: 13 | D16: Bolacha tipo waffer, sabor chocolate, pacote com no mínimo 120 grams.Validade mínima de 06 meses a cada fornecimento. | E16: Pacote | F16: MARILAN | G16: 339030.07 | H16: 1.24 | J16: =I16-(SUM(L16:W16)) -> 0 | K16: =IF(J16<0,"ATENÇÃO","OK") -> OK | L16: 0 | M16: 0 | N16: 0 | O16: 0 | P16: 0 | Q16: 0 | R16: 0 | S16: 0 | T16: 0 | U16: 0 | V16: 0 | W16: 0
C17: 14 | D17: Bolacha recheada, sabor chocolate, pacote com no mínimo 120 grmas. Validade mínima de 06 meses cada fornecimento. | E17: Pacote | F17: ORQUIDEA | G17: 339030.07 | H17: 0.94 | J17: =I17-(SUM(L17:W17)) -> 0 | K17: =IF(J17<0,"ATENÇÃO","OK") -> OK | L17: 0 | M17: 0 | N17: 0 | O17: 0 | P17: 0 | Q17: 0 | R17: 0 | S17: 0 | T17: 0 | U17: 0 | V17: 0 | W17: 0
C18: 15 | D18: Bolacha recheada, sabor morango, pacote com no mínimo 120 grmas. Validade mínima de 06 meses cada fornecimento. | E18: Pacote | F18: ORQUIDEA | G18: 339030.07 | H18: 0.94 | J18: =I18-(SUM(L18:W18)) -> 0 | K18: =IF(J18<0,"ATENÇÃO","OK") -> OK | L18: 0 | M18: 0 | N18: 0 | O18: 0 | P18: 0 | Q18: 0 | R18: 0 | S18: 0 | T18: 0 | U18: 0 | V18: 0 | W18: 0
C19: 16 | D19: Bolacha salgada, temperada, similar ou igual a marca Club Social, pacote com no mínimo 120 grmas. Validade mínima de 06 meses cada fornecimento. | E19: Pacote | F19: MARILAN | G19: 339030.07 | H19: 2.19 | J19: =I19-(SUM(L19:W19)) -> 0 | K19: =IF(J19<0,"ATENÇÃO","OK") -> OK | L19: 0 | M19: 0 | N19: 0 | O19: 0 | P19: 0 | Q19: 0 | R19: 0 | S19: 0 | T19: 0 | U19: 0 | V19: 0 | W19: 0
C20: 17 | D20: Sachê de sal refinado e iodado, contendo 1 grama. Validade mínima de 12 meses a partir da data da entrega. Caixa com 2.000 sachês. | E20: Caixa | F20: LEILA | G20: 339030.07 | H20: 7.59 | J20: =I20-(SUM(L20:W20)) -> 0 | K20: =IF(J20<0,"ATENÇÃO","OK") -> OK | L20: 0 | M20: 0 | N20: 0 | O20: 0 | P20: 0 | Q20: 0 | R20: 0 | S20: 0 | T20: 0 | U20: 0 | V20: 0 | W20: 0
A21: DESERTO | B21: 5 | C21: 18 | D21: Carga para gás liquefeito de petróleo, GLP, vulgo gás de cozinha, composto de propano e butano. Aplicação para uso doméstico. Botijão P 13. | E21: Botijão | G21: 339030.04 | H21: 0 | J21: =I21-(SUM(L21:W21)) -> 0 | K21: =IF(J21<0,"ATENÇÃO","OK") -> OK | L21: 0 | M21: 0 | N21: 0 | O21: 0 | P21: 0 | Q21: 0 | R21: 0 | S21: 0 | T21: 0 | U21: 0 | V21: 0 | W21: 0
C22: 19 | D22: Carga para gás liquefeito de petróleo, GLP, vulgo gás de cozinha, composto de propano e butano. Aplicação para uso doméstico. Botijão P 45. | E22: Botijão | G22: 339030.04 | H22: 0 | J22: =I22-(SUM(L22:W22)) -> 0 | K22: =IF(J22<0,"ATENÇÃO","OK") -> OK | L22: 0 | M22: 0 | N22: 0 | O22: 0 | P22: 0 | Q22: 0 | R22: 0 | S22: 0 | T22: 0 | U22: 0 | V22: 0 | W22: 0
A23: Distribuidora Nova Esperança Ltda. EPP | B23: 6 | C23: 20 | D23: Leite de vaca, integral, (UHT) pasteurizado em ultra/altas temperaturas, em balagem em caixa tipo longa vida, com 1000 mililitros,devidamente rotuladas conforme legislação vigente e passuir registro nos órgãos de Inspeção Sanitária; com validade mínima de 60 dias cada fornecimento. | E23: Litro | F23: LANGUIRU | G23: 339030.07 | H23: 1.95 | J23: =I23-(SUM(L23:W23)) -> 0 | K23: =IF(J23<0,"ATENÇÃO","OK") -> OK | L23: 0 | M23: 0 | N23: 0 | O23: 0 | P23: 0 | Q23: 0 | R23: 0 | S23: 0 | T23: 0 | U23: 0 | V23: 0 | W23: 0
A24: Distribuidora Nova Esperança Ltda. EPP | B24: 7 | C24: 21 | D24: Água Mineral sem gás, envasada em garrafão de 20L | E24: peça (peça = garrafão de 20 litros) | F24: RIO D'OURO | G24: 339030.07 | H24: 7.81 | J24: =I24-(SUM(L24:W24)) -> 0 | K24: =IF(J24<0,"ATENÇÃO","OK") -> OK | L24: 0 | M24: 0 | N24: 0 | O24: 0 | P24: 0 | Q24: 0 | R24: 0 | S24: 0 | T24: 0 | U24: 0 | V24: 0 | W24: 0
C25: 22 | D25: Água Mineral, com gás, envasada em garrafa de 500ML | E25: peça (peça = garrafa de 500 mililitros) | F25: DA GUARDA | G25: 339030.07 | H25: 1.12 | J25: =I25-(SUM(L25:W25)) -> 0 | K25: =IF(J25<0,"ATENÇÃO","OK") -> OK | L25: 0 | M25: 0 | N25: 0 | O25: 0 | P25: 0 | Q25: 0 | R25: 0 | S25: 0 | T25: 0 | U25: 0 | V25: 0 | W25: 0
C26: 23 | D26: Água Mineral, sem gás, envasada em garrafa de 500ML | E26: peça (peça = garrafa de 500 mililitros) | F26: DA GUARDA | G26: 339030.07 | H26: 1.14 | J26: =I26-(SUM(L26:W26)) -> 0 | K26: =IF(J26<0,"ATENÇÃO","OK") -> OK | L26: 0 | M26: 0 | N26: 0 | O26: 0 | P26: 0 | Q26: 0 | R26: 0 | S26: 0 | T26: 0 | U26: 0 | V26: 0 | W26: 0
A27: DESERTO | B27: 8 | C27: 24 | D27: Carga para gás liquefeito de petróleo, GLP, vulgo gás de cozinha, composto de propano e butano. Aplicação para uso doméstico. Botijão P 13. | E27: Botijão | G27: 339030.04 | H27: 0 | J27: =I27-(SUM(L27:W27)) -> 0 | K27: =IF(J27<0,"ATENÇÃO","OK") -> OK | L27: 0 | M27: 0 | N27: 0 | O27: 0 | P27: 0 | Q27: 0 | R27: 0 | S27: 0 | T27: 0 | U27: 0 | V27: 0 | W27: 0
A28: DESERTO | B28: 9 | C28: 25 | D28: Água Mineral sem gás, envasada em garrafão de 20L | E28: peça (peça = garrafão de 20 litros) | G28: 339030.07 | H28: 0 | J28: =I28-(SUM(L28:W28)) -> 0 | K28: =IF(J28<0,"ATENÇÃO","OK") -> OK | L28: 0 | M28: 0 | N28: 0 | O28: 0 | P28: 0 | Q28: 0 | R28: 0 | S28: 0 | T28: 0 | U28: 0 | V28: 0 | W28: 0
C29: 26 | D29: Água Mineral, sem gás, envasada em garrafa de 500ML | E29: peça (peça = garrafa de 500 mililitros) | G29: 339030.07 | H29: 0 | J29: =I29-(SUM(L29:W29)) -> 0 | K29: =IF(J29<0,"ATENÇÃO","OK") -> OK | L29: 0 | M29: 0 | N29: 0 | O29: 0 | P29: 0 | Q29: 0 | R29: 0 | S29: 0 | T29: 0 | U29: 0 | V29: 0 | W29: 0
A30: DESERTO | B30: 10 | C30: 27 | D30: Carga para gás liquefeito de petróleo, GLP, vulgo gás de cozinha, composto de propano e butano. Aplicação para uso doméstico. Botijão P 13. | E30: Botijão | G30: 339030.04 | H30: 0 | J30: =I30-(SUM(L30:W30)) -> 0 | K30: =IF(J30<0,"ATENÇÃO","OK") -> OK | L30: 0 | M30: 0 | N30: 0 | O30: 0 | P30: 0 | Q30: 0 | R30: 0 | S30: 0 | T30: 0 | U30: 0 | V30: 0 | W30: 0
A31: DESERTO | B31: 11 | C31: 28 | D31: Água Mineral sem gás, envasada em garrafão de 20L | E31: peça (peça = garrafão de 20 litros) | G31: 339030.07 | H31: 0 | J31: =I31-(SUM(L31:W31)) -> 0 | K31: =IF(J31<0,"ATENÇÃO","OK") -> OK | L31: 0 | M31: 0 | N31: 0 | O31: 0 | P31: 0 | Q31: 0 | R31: 0 | S31: 0 | T31: 0 | U31: 0 | V31: 0 | W31: 0
C32: 29 | D32: Água Mineral, sem gás, envasada em garrafa de 500ML | E32: peça (peça = garrafa de 500 mililitros) | G32: 339030.07 | H32: 0 | J32: =I32-(SUM(L32:W32)) -> 0 | K32: =IF(J32<0,"ATENÇÃO","OK") -> OK | L32: 0 | M32: 0 | N32: 0 | O32: 0 | P32: 0 | Q32: 0 | R32: 0 | S32: 0 | T32: 0 | U32: 0 | V32: 0 | W32: 0
A33: TAF Distribuidora Ltda. | B33: 12 | C33: 30 | D33: Café, torrado e moído, embalagem de 500g, em pó, tipo Superior | E33: Kg (Kg = 02 embalagens de 500 gramas) | F33: ODEBRECHT SUPERIOR | G33: 339030.07 | H33: 9.26 | J33: =I33-(SUM(L33:W33)) -> 0 | K33: =IF(J33<0,"ATENÇÃO","OK") -> OK | L33: 0 | M33: 0 | N33: 0 | O33: 0 | P33: 0 | Q33: 0 | R33: 0 | S33: 0 | T33: 0 | U33: 0 | V33: 0 | W33: 0
A34: Distribuidora Nova Esperança Ltda. EPP | B34: 13 | C34: 31 | D34: Açúcar refinado, embalagem de 1Kg | E34: Kg (Kg = 01 embalagem de 1 quilo) | F34: DA BARRA | G34: 339030.07 | H34: 1.82 | J34: =I34-(SUM(L34:W34)) -> 0 | K34: =IF(J34<0,"ATENÇÃO","OK") -> OK | L34: 0 | M34: 0 | N34: 0 | O34: 0 | P34: 0 | Q34: 0 | R34: 0 | S34: 0 | T34: 0 | U34: 0 | V34: 0 | W34: 0
A35: Distribuidora Nova Esperança Ltda. EPP | B35: 14 | C35: 32 | D35: Água Mineral sem gás, envasada em garrafão de 20L | E35: peça (peça = garrafão de 20 litros) | F35: RIO D'OURO | G35: 339030.07 | H35: 7.8 | J35: =I35-(SUM(L35:W35)) -> 0 | K35: =IF(J35<0,"ATENÇÃO","OK") -> OK | L35: 0 | M35: 0 | N35: 0 | O35: 0 | P35: 0 | Q35: 0 | R35: 0 | S35: 0 | T35: 0 | U35: 0 | V35: 0 | W35: 0
C36: 33 | D36: Água Mineral, com gás, envasada em garrafa de 500ML | E36: peça (peça = garrafa de 500 mililitros) | F36: DA GUARDA | G36: 339030.07 | H36: 1.12 | J36: =I36-(SUM(L36:W36)) -> 0 | K36: =IF(J36<0,"ATENÇÃO","OK") -> OK | L36: 0 | M36: 0 | N36: 0 | O36: 0 | P36: 0 | Q36: 0 | R36: 0 | S36: 0 | T36: 0 | U36: 0 | V36: 0 | W36: 0
C37: 34 | D37: Água Mineral, sem gás, envasada em garrafa de 500ML | E37: peça (peça = garrafa de 500 mililitros) | F37: DA GUARDA | G37: 339030.07 | H37: 1.14 | J37: =I37-(SUM(L37:W37)) -> 0 | K37: =IF(J37<0,"ATENÇÃO","OK") -> OK | L37: 0 | M37: 0 | N37: 0 | O37: 0 | P37: 0 | Q37: 0 | R37: 0 | S37: 0 | T37: 0 | U37: 0 | V37: 0 | W37: 0
A38: Distribuidora Nova Esperança Ltda. EPP | B38: 15 | C38: 35 | D38: Café, torrado e moído, embalagem de 500g, em pó, tipo Superior | E38: Kg (Kg = 02 embalagens de 500 gramas) | F38: SANTA CATARINA SUPERIOR | G38: 339030.07 | H38: 11.53 | J38: =I38-(SUM(L38:W38)) -> 0 | K38: =IF(J38<0,"ATENÇÃO","OK") -> OK | L38: 0 | M38: 0 | N38: 0 | O38: 0 | P38: 0 | Q38: 0 | R38: 0 | S38: 0 | T38: 0 | U38: 0 | V38: 0 | W38: 0
A39: Elo Comércio e Serviços Ltda. ME | B39: 16 | C39: 36 | D39: Açúcar refinado, embalagem de 1Kg | E39: Kg (Kg = 01 embalagem de 1 quilo) | F39: CARAVELAS | G39: 339030.07 | H39: 1.82 | J39: =I39-(SUM(L39:W39)) -> 0 | K39: =IF(J39<0,"ATENÇÃO","OK") -> OK | L39: 0 | M39: 0 | N39: 0 | O39: 0 | P39: 0 | Q39: 0 | R39: 0 | S39: 0 | T39: 0 | U39: 0 | V39: 0 | W39: 0
C40: 37 | D40: Adoçante dietético líquido 100 ml, com validade de no mínimo 24 meses a cada fornecimento. | E40: 100 ml | F40: LOWÇUCAR | G40: 339030.07 | H40: 1.83 | J40: =I40-(SUM(L40:W40)) -> 0 | K40: =IF(J40<0,"ATENÇÃO","OK") -> OK | L40: 0 | M40: 0 | N40: 0 | O40: 0 | P40: 0 | Q40: 0 | R40: 0 | S40: 0 | T40: 0 | U40: 0 | V40: 0 | W40: 0
C41: 38 | D41: Chá de camomila, caixa com 10 saquinhos, com peso mínimo de 10 gramas cada caixa. | E41: Caixa10 saquinho 10 gramas | F41: REAL | G41: 339030.07 | H41: 1.41 | J41: =I41-(SUM(L41:W41)) -> 0 | K41: =IF(J41<0,"ATENÇÃO","OK") -> OK | L41: 0 | M41: 0 | N41: 0 | O41: 0 | P41: 0 | Q41: 0 | R41: 0 | S41: 0 | T41: 0 | U41: 0 | V41: 0 | W41: 0
C42: 39 | D42: Chá de erva cidreira, caixa com 10 saquinhos com peso mínimo de 10 gramas cada caixa. | E42: Caixa10 saquinho 10 gramas | F42: REAL | G42: 339030.07 | H42: 1.21 | J42: =I42-(SUM(L42:W42)) -> 0 | K42: =IF(J42<0,"ATENÇÃO","OK") -> OK | L42: 0 | M42: 0 | N42: 0 | O42: 0 | P42: 0 | Q42: 0 | R42: 0 | S42: 0 | T42: 0 | U42: 0 | V42: 0 | W42: 0
C43: 40 | D43: Chá de maçã com canela, caixa com 10 saquinhos com peso mínimo de 15 gramas cada caixa. | E43: Caixa10 saquinho 10 gramas | F43: REAL | G43: 339030.07 | H43: 2.55 | J43: =I43-(SUM(L43:W43)) -> 0 | K43: =IF(J43<0,"ATENÇÃO","OK") -> OK | L43: 0 | M43: 0 | N43: 0 | O43: 0 | P43: 0 | Q43: 0 | R43: 0 | S43: 0 | T43: 0 | U43: 0 | V43: 0 | W43: 0
C44: 41 | D44: Caixa de chá frutas vermelhas, com 10 saquinhos e peso mínimo de 15 gramas cada caixa. | E44: Caixa10 saquinho 10 gramas | F44: REAL | G44: 339030.07 | H44: 2.39 | J44: =I44-(SUM(L44:W44)) -> 0 | K44: =IF(J44<0,"ATENÇÃO","OK") -> OK | L44: 0 | M44: 0 | N44: 0 | O44: 0 | P44: 0 | Q44: 0 | R44: 0 | S44: 0 | T44: 0 | U44: 0 | V44: 0 | W44: 0
C45: 42 | D45: Leite em pó, embalagem de 400 gramas | E45: peça (peça = pacote de 400 gramas) | F45: PIRACANJUBA | G45: 339030.07 | H45: 9.52 | J45: =I45-(SUM(L45:W45)) -> 0 | K45: =IF(J45<0,"ATENÇÃO","OK") -> OK | L45: 0 | M45: 0 | N45: 0 | O45: 0 | P45: 0 | Q45: 0 | R45: 0 | S45: 0 | T45: 0 | U45: 0 | V45: 0 | W45: 0
A46: DESERTO | B46: 17 | C46: 43 | D46: Carga para gás liquefeito de petróleo, GLP, vulgo gás de cozinha, composto de propano e butano. Aplicação para uso doméstico. Botijão P 13. | E46: Botijão | G46: 339030.04 | H46: 0 | J46: =I46-(SUM(L46:W46)) -> 0 | K46: =IF(J46<0,"ATENÇÃO","OK") -> OK | L46: 0 | M46: 0 | N46: 0 | O46: 0 | P46: 0 | Q46: 0 | R46: 0 | S46: 0 | T46: 0 | U46: 0 | V46: 0 | W46: 0
C47: 44 | D47: Carga para gás liquefeito de petróleo, GLP, vulgo gás de cozinha, composto de propano e butano. Aplicação para uso doméstico. Botijão P 45. | E47: Botijão | G47: 339030.04 | H47: 0 | J47: =I47-(SUM(L47:W47)) -> 0 | K47: =IF(J47<0,"ATENÇÃO","OK") -> OK | L47: 0 | M47: 0 | N47: 0 | O47: 0 | P47: 0 | Q47: 0 | R47: 0 | S47: 0 | T47: 0 | U47: 0 | V47: 0 | W47: 0
A48: DESERTO | B48: 18 | C48: 45 | D48: Água Mineral sem gás, envasada em garrafão de 20L | E48: peça (peça = garrafão de 20 litros) | G48: 339030.07 | H48: 0 | J48: =I48-(SUM(L48:W48)) -> 0 | K48: =IF(J48<0,"ATENÇÃO","OK") -> OK | L48: 0 | M48: 0 | N48: 0 | O48: 0 | P48: 0 | Q48: 0 | R48: 0 | S48: 0 | T48: 0 | U48: 0 | V48: 0 | W48: 0
C49: 46 | D49: Água Mineral, sem gás, envasada em garrafa de 500ML | E49: peça (peça = garrafa de 500 mililitros) | G49: 339030.07 | H49: 0 | J49: =I49-(SUM(L49:W49)) -> 0 | K49: =IF(J49<0,"ATENÇÃO","OK") -> OK | L49: 0 | M49: 0 | N49: 0 | O49: 0 | P49: 0 | Q49: 0 | R49: 0 | S49: 0 | T49: 0 | U49: 0 | V49: 0 | W49: 0
A50: TAF Distribuidora Ltda. | B50: 19 | C50: 47 | D50: Café, torrado e moído, embalagem de 500g, em pó, tipo Superior | E50: Kg (Kg = 02 embalagens de 500 gramas) | F50: ODEBRECHT SUPERIOR | G50: 339030.07 | H50: 9.26 | J50: =I50-(SUM(L50:W50)) -> 0 | K50: =IF(J50<0,"ATENÇÃO","OK") -> OK | L50: 0 | M50: 0 | N50: 0 | O50: 0 | P50: 0 | Q50: 0 | R50: 0 | S50: 0 | T50: 0 | U50: 0 | V50: 0 | W50: 0
A51: INFRUTÍFERO | B51: 20 | C51: 48 | D51: Açúcar refinado, embalagem de 1Kg | E51: Kg (Kg = 01 embalagem de 1 quilo) | G51: 339030.07 | H51: 0 | J51: =I51-(SUM(L51:W51)) -> 0 | K51: =IF(J51<0,"ATENÇÃO","OK") -> OK | L51: 0 | M51: 0 | N51: 0 | O51: 0 | P51: 0 | Q51: 0 | R51: 0 | S51: 0 | T51: 0 | U51: 0 | V51: 0 | W51: 0
C52: 49 | D52: Adoçante dietético líquido 100 ml, com validade de no mínimo 24 meses a cada fornecimento. | E52: frasco | G52: 339030.07 | H52: 0 | J52: =I52-(SUM(L52:W52)) -> 0 | K52: =IF(J52<0,"ATENÇÃO","OK") -> OK | L52: 0 | M52: 0 | N52: 0 | O52: 0 | P52: 0 | Q52: 0 | R52: 0 | S52: 0 | T52: 0 | U52: 0 | V52: 0 | W52: 0
C53: 50 | D53: Chá de camomila, caixa com 10 saquinhos, com peso mínimo de 10 gramas cada caixa. | E53: caixa | G53: 339030.07 | H53: 0 | J53: =I53-(SUM(L53:W53)) -> 0 | K53: =IF(J53<0,"ATENÇÃO","OK") -> OK | L53: 0 | M53: 0 | N53: 0 | O53: 0 | P53: 0 | Q53: 0 | R53: 0 | S53: 0 | T53: 0 | U53: 0 | V53: 0 | W53: 0
C54: 51 | D54: Chá de erva cidreira, caixa com 10 saquinhos com peso mínimo de 10 gramas cada caixa. | E54: caixa | G54: 339030.07 | H54: 0 | J54: =I54-(SUM(L54:W54)) -> 0 | K54: =IF(J54<0,"ATENÇÃO","OK") -> OK | L54: 0 | M54: 0 | N54: 0 | O54: 0 | P54: 0 | Q54: 0 | R54: 0 | S54: 0 | T54: 0 | U54: 0 | V54: 0 | W54: 0
C55: 52 | D55: Chá de maçã com canela, caixa com 10 saquinhos com peso mínimo de 15 gramas cada caixa. | E55: caixa | G55: 339030.07 | H55: 0 | J55: =I55-(SUM(L55:W55)) -> 0 | K55: =IF(J55<0,"ATENÇÃO","OK") -> OK | L55: 0 | M55: 0 | N55: 0 | O55: 0 | P55: 0 | Q55: 0 | R55: 0 | S55: 0 | T55: 0 | U55: 0 | V55: 0 | W55: 0
C56: 53 | D56: Caixa de chá frutas vermelhas, com 10 saquinhos e peso mínimo de 15 gramas cada caixa. | E56: caixa | G56: 339030.07 | H56: 0 | J56: =I56-(SUM(L56:W56)) -> 0 | K56: =IF(J56<0,"ATENÇÃO","OK") -> OK | L56: 0 | M56: 0 | N56: 0 | O56: 0 | P56: 0 | Q56: 0 | R56: 0 | S56: 0 | T56: 0 | U56: 0 | V56: 0 | W56: 0
C57: 54 | D57: Sachê açúcar mascavo 5 gramas | E57: Caixa com no minimo 200 unidades | G57: 339030.07 | H57: 0 | J57: =I57-(SUM(L57:W57)) -> 0 | K57: =IF(J57<0,"ATENÇÃO","OK") -> OK | L57: 0 | M57: 0 | N57: 0 | O57: 0 | P57: 0 | Q57: 0 | R57: 0 | S57: 0 | T57: 0 | U57: 0 | V57: 0 | W57: 0
C58: 55 | D58: Sachê açúcar refinado 5 gramas | E58: Caixa com no minimo 400 unidades | G58: 339030.07 | H58: 0 | J58: =I58-(SUM(L58:W58)) -> 0 | K58: =IF(J58<0,"ATENÇÃO","OK") -> OK | L58: 0 | M58: 0 | N58: 0 | O58: 0 | P58: 0 | Q58: 0 | R58: 0 | S58: 0 | T58: 0 | U58: 0 | V58: 0 | W58: 0
A59: DESERTO | B59: 21 | C59: 56 | D59: Carga para gás liquefeito de petróleo, GLP, vulgo gás de cozinha, composto de propano e butano. Aplicação para uso doméstico. Botijão P 13. | E59: Botijão | G59: 339030.04 | H59: 0 | J59: =I59-(SUM(L59:W59)) -> 0 | K59: =IF(J59<0,"ATENÇÃO","OK") -> OK | L59: 0 | M59: 0 | N59: 0 | O59: 0 | P59: 0 | Q59: 0 | R59: 0 | S59: 0 | T59: 0 | U59: 0 | V59: 0 | W59: 0
C60: 57 | D60: Carga para gás liquefeito de petróleo, GLP, vulgo gás de cozinha, composto de propano e butano. Aplicação para uso doméstico. Botijão P 45. | E60: Botijão | G60: 339030.04 | H60: 0 | J60: =I60-(SUM(L60:W60)) -> 0 | K60: =IF(J60<0,"ATENÇÃO","OK") -> OK | L60: 0 | M60: 0 | N60: 0 | O60: 0 | P60: 0 | Q60: 0 | R60: 0 | S60: 0 | T60: 0 | U60: 0 | V60: 0 | W60: 0
A61: DESERTO | B61: 22 | C61: 58 | D61: Água Mineral sem gás, envasada em garrafão de 20L | E61: peça (peça = garrafão de 20 litros) | G61: 339030.07 | H61: 0 | J61: =I61-(SUM(L61:W61)) -> 0 | K61: =IF(J61<0,"ATENÇÃO","OK") -> OK | L61: 0 | M61: 0 | N61: 0 | O61: 0 | P61: 0 | Q61: 0 | R61: 0 | S61: 0 | T61: 0 | U61: 0 | V61: 0 | W61: 0
C62: 59 | D62: Água Mineral, com gás, envasada em garrafa de 500ML | E62: peça (peça = garrafa de 500 mililitros) | G62: 339030.07 | H62: 0 | J62: =I62-(SUM(L62:W62)) -> 0 | K62: =IF(J62<0,"ATENÇÃO","OK") -> OK | L62: 0 | M62: 0 | N62: 0 | O62: 0 | P62: 0 | Q62: 0 | R62: 0 | S62: 0 | T62: 0 | U62: 0 | V62: 0 | W62: 0
C63: 60 | D63: Água Mineral, sem gás, envasada em garrafa de 500ML | E63: peça (peça = garrafa de 500 mililitros) | G63: 339030.07 | H63: 0 | J63: =I63-(SUM(L63:W63)) -> 0 | K63: =IF(J63<0,"ATENÇÃO","OK") -> OK | L63: 0 | M63: 0 | N63: 0 | O63: 0 | P63: 0 | Q63: 0 | R63: 0 | S63: 0 | T63: 0 | U63: 0 | V63: 0 | W63: 0
A64: INFRUTÍFERO | B64: 23 | C64: 61 | D64: Café, torrado e moído, embalagem de 500g, em pó, tipo Superior | E64: Kg (Kg = 02 embalagens de 500 gramas) | G64: 339030.07 | H64: 0 | J64: =I64-(SUM(L64:W64)) -> 0 | K64: =IF(J64<0,"ATENÇÃO","OK") -> OK | L64: 0 | M64: 0 | N64: 0 | O64: 0 | P64: 0 | Q64: 0 | R64: 0 | S64: 0 | T64: 0 | U64: 0 | V64: 0 | W64: 0
C65: 62 | D65: Açúcar refinado, embalagem de 1Kg | E65: Kg (Kg = 01 embalagem de 1 quilo) | G65: 339030.07 | H65: 0 | J65: =I65-(SUM(L65:W65)) -> 0 | K65: =IF(J65<0,"ATENÇÃO","OK") -> OK | L65: 0 | M65: 0 | N65: 0 | O65: 0 | P65: 0 | Q65: 0 | R65: 0 | S65: 0 | T65: 0 | U65: 0 | V65: 0 | W65: 0
C66: 63 | D66: Adoçante dietético líquido 100 ml, com validade de no mínimo 24 meses a cada fornecimento. | E66: 100 ml | G66: 339030.07 | H66: 0 | J66: =I66-(SUM(L66:W66)) -> 0 | K66: =IF(J66<0,"ATENÇÃO","OK") -> OK | L66: 0 | M66: 0 | N66: 0 | O66: 0 | P66: 0 | Q66: 0 | R66: 0 | S66: 0 | T66: 0 | U66: 0 | V66: 0 | W66: 0
C67: 64 | D67: Chá de camomila, caixa com 10 saquinhos, com peso mínimo de 10 gramas cada caixa. | E67: Caixa10 saquinho 10 gramas | G67: 339030.07 | H67: 0 | J67: =I67-(SUM(L67:W67)) -> 0 | K67: =IF(J67<0,"ATENÇÃO","OK") -> OK | L67: 0 | M67: 0 | N67: 0 | O67: 0 | P67: 0 | Q67: 0 | R67: 0 | S67: 0 | T67: 0 | U67: 0 | V67: 0 | W67: 0
C68: 65 | D68: Chá de erva cidreira, caixa com 10 saquinhos com peso mínimo de 10 gramas cada caixa. | E68: Caixa10 saquinho 10 gramas | G68: 339030.07 | H68: 0 | J68: =I68-(SUM(L68:W68)) -> 0 | K68: =IF(J68<0,"ATENÇÃO","OK") -> OK | L68: 0 | M68: 0 | N68: 0 | O68: 0 | P68: 0 | Q68: 0 | R68: 0 | S68: 0 | T68: 0 | U68: 0 | V68: 0 | W68: 0
C69: 66 | D69: Chá de maçã com canela, caixa com 10 saquinhos com peso mínimo de 15 gramas cada caixa. | E69: Caixa10 saquinho 10 gramas | G69: 339030.07 | H69: 0 | J69: =I69-(SUM(L69:W69)) -> 0 | K69: =IF(J69<0,"ATENÇÃO","OK") -> OK | L69: 0 | M69: 0 | N69: 0 | O69: 0 | P69: 0 | Q69: 0 | R69: 0 | S69: 0 | T69: 0 | U69: 0 | V69: 0 | W69: 0
C70: 67 | D70: Caixa de chá frutas vermelhas, com 10 saquinhos e peso mínimo de 15 gramas cada caixa. | E70: Caixa10 saquinho 10 gramas | G70: 339030.07 | H70: 0 | J70: =I70-(SUM(L70:W70)) -> 0 | K70: =IF(J70<0,"ATENÇÃO","OK") -> OK | L70: 0 | M70: 0 | N70: 0 | O70: 0 | P70: 0 | Q70: 0 | R70: 0 | S70: 0 | T70: 0 | U70: 0 | V70: 0 | W70: 0
C71: 68 | D71: Açúcar cristal, embalagem 1 Kg | E71: Kg (Kg = 01 embalagem de 1 quilo) | G71: 339030.07 | H71: 0 | J71: =I71-(SUM(L71:W71)) -> 0 | K71: =IF(J71<0,"ATENÇÃO","OK") -> OK | L71: 0 | M71: 0 | N71: 0 | O71: 0 | P71: 0 | Q71: 0 | R71: 0 | S71: 0 | T71: 0 | U71: 0 | V71: 0 | W71: 0
A72: DESERTO | B72: 24 | C72: 69 | D72: Carga para gás liquefeito de petróleo, GLP, vulgo gás de cozinha, composto de propano e butano. Aplicação para uso doméstico. Botijão P 13. | E72: Botijão | G72: 339030.04 | H72: 0 | J72: =I72-(SUM(L72:W72)) -> 0 | K72: =IF(J72<0,"ATENÇÃO","OK") -> OK | L72: 0 | M72: 0 | N72: 0 | O72: 0 | P72: 0 | Q72: 0 | R72: 0 | S72: 0 | T72: 0 | U72: 0 | V72: 0 | W72: 0
C73: 70 | D73: Carga para gás liquefeito de petróleo, GLP, vulgo gás de cozinha, composto de propano e butano. Aplicação para uso doméstico. Botijão P 45. | E73: Botijão | G73: 339030.04 | H73: 0 | J73: =I73-(SUM(L73:W73)) -> 0 | K73: =IF(J73<0,"ATENÇÃO","OK") -> OK | L73: 0 | M73: 0 | N73: 0 | O73: 0 | P73: 0 | Q73: 0 | R73: 0 | S73: 0 | T73: 0 | U73: 0 | V73: 0 | W73: 0
D76: * Lotes 5, 8,9, 10, 11, 17, 18, 21, 22 e 24 - DESERTOS
D77: *Lotes 20 e 23 - INFRUTÍFEROS
D78: *Prazos de Entrega e Pagamento conforme edital

Sheet CEART
A1: PROCESSO: 0065/2015/UDESC | D1: OBJETO: AQUISIÇÃO DE GÊNEROS ALIMENTÍCIOS | I1: VIGÊNCIA DA ATA: 11/03/2015 até 10/03/2016 | L1: AF 811/2015 | M1: AF 809/2015 | N1: AF 1297/2015 | O1: AF 1608/2015 | P1: AF 1876/2015 | Q1: AF 1877/2015 | R1: AF 0085/2016 | S1: AF 104/2016 | T1: AF 99/2016 | U1: AF/OS nº xxxx/2015 Qtde. DT | V1: AF/OS nº xxxx/2015 Qtde. DT | W1: AF/OS nº xxxx/2015 Qtde. DT
A2: CENTRO PARTICIPANTE: CEART
A3: FORNECEDOR | B3: LOTE | C3: ITEM | D3: PRODUTO - CARACTERÍSTICAS MÍNIMAS | E3: UNIDADE | F3: MARCA | G3: ELEMENTO | H3: Preço UNITÁRIO (R$) | I3: Qtde Registrada | J3: Saldo / Automático | K3: ALERTA | L3: 42143 | M3: 42143 | N3: 42214 | O3: 42256 | P3: 42285 | Q3: 42285 | R3: 42405 | S3: 42412 | T3: 42412 | U3: ...../...../...... | V3: ...../...../...... | W3: ...../...../......
A4: Estância Hidromineral Santa Rita de Cássia Ltda. | B4: 1 | C4: 1 | D4: Água Mineral sem gás, envasada em garrafão de 20L | E4: peça (peça = garrafão de 20 litros) | G4: 339030.07 | H4: 5.58 | I4: 1300 | J4: =I4-(SUM(L4:W4)) -> 1167 | K4: =IF(J4<0,"ATENÇÃO","OK") -> OK | L4: 0 | M4: 0 | N4: 0 | O4: 0 | P4: 0 | Q4: 0 | R4: 133 | S4: 0 | T4: 0 | U4: 0 | V4: 0 | W4: 0
C5: 2 | D5: Água Mineral, com gás, envasada em garrafa de 500ML | E5: peça (peça = garrafa de 500 mililitros) | G5: 339030.07 | H5: 0.79 | I5: 600 | J5: =I5-(SUM(L5:W5)) -> 600 | K5: =IF(J5<0,"ATENÇÃO","OK") -> OK | L5: 0 | M5: 0 | N5: 0 | O5: 0 | P5: 0 | Q5: 0 | R5: 0 | S5: 0 | T5: 0 | U5: 0 | V5: 0 | W5: 0
C6: 3 | D6: Água Mineral, sem gás, envasada em garrafa de 500ML | E6: peça (peça = garrafa de 500 mililitros) | G6: 339030.07 | H6: 0.74 | I6: 24000 | J6: =I6-(SUM(L6:W6)) -> 24000 | K6: =IF(J6<0,"ATENÇÃO","OK") -> OK | L6: 0 | M6: 0 | N6: 0 | O6: 0 | P6: 0 | Q6: 0 | R6: 0 | S6: 0 | T6: 0 | U6: 0 | V6: 0 | W6: 0
A7: Distribuidora Nova Esperança Ltda. EPP | B7: 2 | C7: 4 | D7: Café, torrado e moído, embalagem de 500g, em pó, tipo Superior | E7: Kg (Kg = 02 embalagens de 500 gramas) | F7: SANTA CATARINA SUPERIOR | G7: 339030.07 | H7: 10.7 | I7: 500 | J7: =I7-(SUM(L7:W7)) -> 270 | K7: =IF(J7<0,"ATENÇÃO","OK") -> OK | L7: 20 | M7: 0 | N7: 80 | O7: 0 | P7: 0 | Q7: 50 | R7: 0 | S7: 80 | T7: 0 | U7: 0 | V7: 0 | W7: 0
A8: Distribuidora Nova Esperança Ltda. EPP | B8: 3 | C8: 5 | D8: Açúcar refinado, embalagem de 1Kg | E8: Kg (Kg = 01 embalagem de 1 quilo) | F8: DA BARRA | G8: 339030.07 | H8: 1.79 | I8: 500 | J8: =I8-(SUM(L8:W8)) -> 310 | K8: =IF(J8<0,"ATENÇÃO","OK") -> OK | L8: 0 | M8: 0 | N8: 60 | O8: 0 | P8: 0 | Q8: 50 | R8: 0 | S8: 80 | T8: 0 | U8: 0 | V8: 0 | W8: 0
A9: Elo Comércio e Serviços Ltda. ME | B9: 4 | C9: 6 | D9: Adoçante dietético líquido 100 ml, com validade de no mínimo 24 meses a cada fornecimento. | E9: frasco | F9: LOWÇUCAR | G9: 339030.07 | H9: 1.83 | I9: 40 | J9: =I9-(SUM(L9:W9)) -> 0 | K9: =IF(J9<0,"ATENÇÃO","OK") -> OK | L9: 0 | M9: 10 | N9: 0 | O9: 10 | P9: 0 | Q9: 0 | R9: 0 | S9: 0 | T9: 20 | U9: 0 | V9: 0 | W9: 0
C10: 7 | D10: Chá de camomila, caixa com 10 saquinhos, com peso mínimo de 10 gramas cada caixa. | E10: Caixa | F10: REAL | G10: 339030.07 | H10: 1.41 | I10: 30 | J10: =I10-(SUM(L10:W10)) -> 5 | K10: =IF(J10<0,"ATENÇÃO","OK") -> OK | M10: 10 | N10: 0 | O10: 0 | P10: 15 | Q10: 0 | R10: 0 | S10: 0 | T10: 0 | U10: 0 | V10: 0 | W10: 0
C11: 8 | D11: Chá de erva cidreira, caixa com 10 saquinhos com peso mínimo de 10 gramas cada caixa. | E11: Caixa | F11: REAL | G11: 339030.07 | H11: 1.21 | I11: 30 | J11: =I11-(SUM(L11:W11)) -> 5 | K11: =IF(J11<0,"ATENÇÃO","OK") -> OK | M11: 10 | N11: 0 | O11: 0 | P11: 15 | Q11: 0 | R11: 0 | S11: 0 | T11: 0 | U11: 0 | V11: 0 | W11: 0
C12: 9 | D12: Chá de maçã com canela, caixa com 10 saquinhos com peso mínimo de 15 gramas cada caixa. | E12: Caixa | F12: REAL | G12: 339030.07 | H12: 2.55 | I12: 30 | J12: =I12-(SUM(L12:W12)) -> 5 | K12: =IF(J12<0,"ATENÇÃO","OK") -> OK | M12: 10 | N12: 0 | O12: 0 | P12: 15 | Q12: 0 | R12: 0 | S12: 0 | T12: 0 | U12: 0 | V12: 0 | W12: 0
C13: 10 | D13: Caixa de chá frutas vermelhas, com 10 saquinhos e peso mínimo de 15 gramas cada caixa. | E13: Caixa | F13: REAL | G13: 339030.07 | H13: 2.39 | I13: 30 | J13: =I13-(SUM(L13:W13)) -> 5 | K13: =IF(J13<0,"ATENÇÃO","OK") -> OK | M13: 10 | N13: 0 | O13: 0 | P13: 15 | Q13: 0 | R13: 0 | S13: 0 | T13: 0 | U13: 0 | V13: 0 | W13: 0
C14: 11 | D14: Bolachas salgadas com gergelim, pacote com no mínimo 360 grams, e no mínimo duas embalagens individualizadas. Validade mínima de 06 meses a cada fornecimento. | E14: Pacote | F14: ORQUIDEA | G14: 339030.07 | H14: 3.59 | J14: =I14-(SUM(L14:W14)) -> 0 | K14: =IF(J14<0,"ATENÇÃO","OK") -> OK | L14: 0 | M14: 0 | N14: 0 | O14: 0 | P14: 0 | Q14: 0 | R14: 0 | S14: 0 | T14: 0 | U14: 0 | V14: 0 | W14: 0
C15: 12 | D15: Bolacha tipo waffer, sabor morango, pacote com no mínimo 120 grams.Validade mínima de 06 meses a cada fornecimento. | E15: Pacote | F15: MARILAN | G15: 339030.07 | H15: 1.24 | J15: =I15-(SUM(L15:W15)) -> 0 | K15: =IF(J15<0,"ATENÇÃO","OK") -> OK | L15: 0 | M15: 0 | N15: 0 | O15: 0 | P15: 0 | Q15: 0 | R15: 0 | S15: 0 | T15: 0 | U15: 0 | V15: 0 | W15: 0
C16: 13 | D16: Bolacha tipo waffer, sabor chocolate, pacote com no mínimo 120 grams.Validade mínima de 06 meses a cada fornecimento. | E16: Pacote | F16: MARILAN | G16: 339030.07 | H16: 1.24 | J16: =I16-(SUM(L16:W16)) -> 0 | K16: =IF(J16<0,"ATENÇÃO","OK") -> OK | L16: 0 | M16: 0 | N16: 0 | O16: 0 | P16: 0 | Q16: 0 | R16: 0 | S16: 0 | T16: 0 | U16: 0 | V16: 0 | W16: 0
C17: 14 | D17: Bolacha recheada, sabor chocolate, pacote com no mínimo 120 grmas. Validade mínima de 06 meses cada fornecimento. | E17: Pacote | F17: ORQUIDEA | G17: 339030.07 | H17: 0.94 | J17: =I17-(SUM(L17:W17)) -> 0 | K17: =IF(J17<0,"ATENÇÃO","OK") -> OK | L17: 0 | M17: 0 | N17: 0 | O17: 0 | P17: 0 | Q17: 0 | R17: 0 | S17: 0 | T17: 0 | U17: 0 | V17: 0 | W17: 0
C18: 15 | D18: Bolacha recheada, sabor morango, pacote com no mínimo 120 grmas. Validade mínima de 06 meses cada fornecimento. | E18: Pacote | F18: ORQUIDEA | G18: 339030.07 | H18: 0.94 | J18: =I18-(SUM(L18:W18)) -> 0 | K18: =IF(J18<0,"ATENÇÃO","OK") -> OK | L18: 0 | M18: 0 | N18: 0 | O18: 0 | P18: 0 | Q18: 0 | R18: 0 | S18: 0 | T18: 0 | U18: 0 | V18: 0 | W18: 0
C19: 16 | D19: Bolacha salgada, temperada, similar ou igual a marca Club Social, pacote com no mínimo 120 grmas. Validade mínima de 06 meses cada fornecimento. | E19: Pacote | F19: MARILAN | G19: 339030.07 | H19: 2.19 | J19: =I19-(SUM(L19:W19)) -> 0 | K19: =IF(J19<0,"ATENÇÃO","OK") -> OK | L19: 0 | M19: 0 | N19: 0 | O19: 0 | P19: 0 | Q19: 0 | R19: 0 | S19: 0 | T19: 0 | U19: 0 | V19: 0 | W19: 0
C20: 17 | D20: Sachê de sal refinado e iodado, contendo 1 grama. Validade mínima de 12 meses a partir da data da entrega. Caixa com 2.000 sachês. | E20: Caixa | F20: LEILA | G20: 339030.07 | H20: 7.59 | J20: =I20-(SUM(L20:W20)) -> 0 | K20: =IF(J20<0,"ATENÇÃO","OK") -> OK | L20: 0 | M20: 0 | N20: 0 | O20: 0 | P20: 0 | Q20: 0 | R20: 0 | S20: 0 | T20: 0 | U20: 0 | V20: 0 | W20: 0
A21: DESERTO | B21: 5 | C21: 18 | D21: Carga para gás liquefeito de petróleo, GLP, vulgo gás de cozinha, composto de propano e butano. Aplicação para uso doméstico. Botijão P 13. | E21: Botijão | G21: 339030.04 | H21: 0 | J21: =I21-(SUM(L21:W21)) -> 0 | K21: =IF(J21<0,"ATENÇÃO","OK") -> OK | L21: 0 | M21: 0 | N21: 0 | O21: 0 | P21: 0 | Q21: 0 | R21: 0 | S21: 0 | T21: 0 | U21: 0 | V21: 0 | W21: 0
C22: 19 | D22: Carga para gás liquefeito de petróleo, GLP, vulgo gás de cozinha, composto de propano e butano. Aplicação para uso doméstico. Botijão P 45. | E22: Botijão | G22: 339030.04 | H22: 0 | J22: =I22-(SUM(L22:W22)) -> 0 | K22: =IF(J22<0,"ATENÇÃO","OK") -> OK | L22: 0 | M22: 0 | N22: 0 | O22: 0 | P22: 0 | Q22: 0 | R22: 0 | S22: 0 | T22: 0 | U22: 0 | V22: 0 | W22: 0
A23: Distribuidora Nova Esperança Ltda. EPP | B23: 6 | C23: 20 | D23: Leite de vaca, integral, (UHT) pasteurizado em ultra/altas temperaturas, em balagem em caixa tipo longa vida, com 1000 mililitros,devidamente rotuladas conforme legislação vigente e passuir registro nos órgãos de Inspeção Sanitária; com validade mínima de 60 dias cada fornecimento. | E23: Litro | F23: LANGUIRU | G23: 339030.07 | H23: 1.95 | J23: =I23-(SUM(L23:W23)) -> 0 | K23: =IF(J23<0,"ATENÇÃO","OK") -> OK | L23: 0 | M23: 0 | N23: 0 | O23: 0 | P23: 0 | Q23: 0 | R23: 0 | S23: 0 | T23: 0 | U23: 0 | V23: 0 | W23: 0
A24: Distribuidora Nova Esperança Ltda. EPP | B24: 7 | C24: 21 | D24: Água Mineral sem gás, envasada em garrafão de 20L | E24: peça (peça = garrafão de 20 litros) | F24: RIO D'OURO | G24: 339030.07 | H24: 7.81 | J24: =I24-(SUM(L24:W24)) -> 0 | K24: =IF(J24<0,"ATENÇÃO","OK") -> OK | L24: 0 | M24: 0 | N24: 0 | O24: 0 | P24: 0 | Q24: 0 | R24: 0 | S24: 0 | T24: 0 | U24: 0 | V24: 0 | W24: 0
C25: 22 | D25: Água Mineral, com gás, envasada em garrafa de 500ML | E25: peça (peça = garrafa de 500 mililitros) | F25: DA GUARDA | G25: 339030.07 | H25: 1.12 | J25: =I25-(SUM(L25:W25)) -> 0 | K25: =IF(J25<0,"ATENÇÃO","OK") -> OK | L25: 0 | M25: 0 | N25: 0 | O25: 0 | P25: 0 | Q25: 0 | R25: 0 | S25: 0 | T25: 0 | U25: 0 | V25: 0 | W25: 0
C26: 23 | D26: Água Mineral, sem gás, envasada em garrafa de 500ML | E26: peça (peça = garrafa de 500 mililitros) | F26: DA GUARDA | G26: 339030.07 | H26: 1.14 | J26: =I26-(SUM(L26:W26)) -> 0 | K26: =IF(J26<0,"ATENÇÃO","OK") -> OK | L26: 0 | M26: 0 | N26: 0 | O26: 0 | P26: 0 | Q26: 0 | R26: 0 | S26: 0 | T26: 0 | U26: 0 | V26: 0 | W26: 0
A27: DESERTO | B27: 8 | C27: 24 | D27: Carga para gás liquefeito de petróleo, GLP, vulgo gás de cozinha, composto de propano e butano. Aplicação para uso doméstico. Botijão P 13. | E27: Botijão | G27: 339030.04 | H27: 0 | J27: =I27-(SUM(L27:W27)) -> 0 | K27: =IF(J27<0,"ATENÇÃO","OK") -> OK | L27: 0 | M27: 0 | N27: 0 | O27: 0 | P27: 0 | Q27: 0 | R27: 0 | S27: 0 | T27: 0 | U27: 0 | V27: 0 | W27: 0
A28: DESERTO | B28: 9 | C28: 25 | D28: Água Mineral sem gás, envasada em garrafão de 20L | E28: peça (peça = garrafão de 20 litros) | G28: 339030.07 | H28: 0 | J28: =I28-(SUM(L28:W28)) -> 0 | K28: =IF(J28<0,"ATENÇÃO","OK") -> OK | L28: 0 | M28: 0 | N28: 0 | O28: 0 | P28: 0 | Q28: 0 | R28: 0 | S28: 0 | T28: 0 | U28: 0 | V28: 0 | W28: 0
C29: 26 | D29: Água Mineral, sem gás, envasada em garrafa de 500ML | E29: peça (peça = garrafa de 500 mililitros) | G29: 339030.07 | H29: 0 | J29: =I29-(SUM(L29:W29)) -> 0 | K29: =IF(J29<0,"ATENÇÃO","OK") -> OK | L29: 0 | M29: 0 | N29: 0 | O29: 0 | P29: 0 | Q29: 0 | R29: 0 | S29: 0 | T29: 0 | U29: 0 | V29: 0 | W29: 0
A30: DESERTO | B30: 10 | C30: 27 | D30: Carga para gás liquefeito de petróleo, GLP, vulgo gás de cozinha, composto de propano e butano. Aplicação para uso doméstico. Botijão P 13. | E30: Botijão | G30: 339030.04 | H30: 0 | J30: =I30-(SUM(L30:W30)) -> 0 | K30: =IF(J30<0,"ATENÇÃO","OK") -> OK | L30: 0 | M30: 0 | N30: 0 | O30: 0 | P30: 0 | Q30: 0 | R30: 0 | S30: 0 | T30: 0 | U30: 0 | V30: 0 | W30: 0
A31: DESERTO | B31: 11 | C31: 28 | D31: Água Mineral sem gás, envasada em garrafão de 20L | E31: peça (peça = garrafão de 20 litros) | G31: 339030.07 | H31: 0 | J31: =I31-(SUM(L31:W31)) -> 0 | K31: =IF(J31<0,"ATENÇÃO","OK") -> OK | L31: 0 | M31: 0 | N31: 0 | O31: 0 | P31: 0 | Q31: 0 | R31: 0 | S31: 0 | T31: 0 | U31: 0 | V31: 0 | W31: 0
C32: 29 | D32: Água Mineral, sem gás, envasada em garrafa de 500ML | E32: peça (peça = garrafa de 500 mililitros) | G32: 339030.07 | H32: 0 | J32: =I32-(SUM(L32:W32)) -> 0 | K32: =IF(J32<0,"ATENÇÃO","OK") -> OK | L32: 0 | M32: 0 | N32: 0 | O32: 0 | P32: 0 | Q32: 0 | R32: 0 | S32: 0 | T32: 0 | U32: 0 | V32: 0 | W32: 0
A33: TAF Distribuidora Ltda. | B33: 12 | C33: 30 | D33: Café, torrado e moído, embalagem de 500g, em pó, tipo Superior | E33: Kg (Kg = 02 embalagens de 500 gramas) | F33: ODEBRECHT SUPERIOR | G33: 339030.07 | H33: 9.26 | J33: =I33-(SUM(L33:W33)) -> 0 | K33: =IF(J33<0,"ATENÇÃO","OK") -> OK | L33: 0 | M33: 0 | N33: 0 | O33: 0 | P33: 0 | Q33: 0 | R33: 0 | S33: 0 | T33: 0 | U33: 0 | V33: 0 | W33: 0
A34: Distribuidora Nova Esperança Ltda. EPP | B34: 13 | C34: 31 | D34: Açúcar refinado, embalagem de 1Kg | E34: Kg (Kg = 01 embalagem de 1 quilo) | F34: DA BARRA | G34: 339030.07 | H34: 1.82 | J34: =I34-(SUM(L34:W34)) -> 0 | K34: =IF(J34<0,"ATENÇÃO","OK") -> OK | L34: 0 | M34: 0 | N34: 0 | O34: 0 | P34: 0 | Q34: 0 | R34: 0 | S34: 0 | T34: 0 | U34: 0 | V34: 0 | W34: 0
A35: Distribuidora Nova Esperança Ltda. EPP | B35: 14 | C35: 32 | D35: Água Mineral sem gás, envasada em garrafão de 20L | E35: peça (peça = garrafão de 20 litros) | F35: RIO D'OURO | G35: 339030.07 | H35: 7.8 | J35: =I35-(SUM(L35:W35)) -> 0 | K35: =IF(J35<0,"ATENÇÃO","OK") -> OK | L35: 0 | M35: 0 | N35: 0 | O35: 0 | P35: 0 | Q35: 0 | R35: 0 | S35: 0 | T35: 0 | U35: 0 | V35: 0 | W35: 0
C36: 33 | D36: Água Mineral, com gás, envasada em garrafa de 500ML | E36: peça (peça = garrafa de 500 mililitros) | F36: DA GUARDA | G36: 339030.07 | H36: 1.12 | J36: =I36-(SUM(L36:W36)) -> 0 | K36: =IF(J36<0,"ATENÇÃO","OK") -> OK | L36: 0 | M36: 0 | N36: 0 | O36: 0 | P36: 0 | Q36: 0 | R36: 0 | S36: 0 | T36: 0 | U36: 0 | V36: 0 | W36: 0
C37: 34 | D37: Água Mineral, sem gás, envasada em garrafa de 500ML | E37: peça (peça = garrafa de 500 mililitros) | F37: DA GUARDA | G37: 339030.07 | H37: 1.14 | J37: =I37-(SUM(L37:W37)) -> 0 | K37: =IF(J37<0,"ATENÇÃO","OK") -> OK | L37: 0 | M37: 0 | N37: 0 | O37: 0 | P37: 0 | Q37: 0 | R37: 0 | S37: 0 | T37: 0 | U37: 0 | V37: 0 | W37: 0
A38: Distribuidora Nova Esperança Ltda. EPP | B38: 15 | C38: 35 | D38: Café, torrado e moído, embalagem de 500g, em pó, tipo Superior | E38: Kg (Kg = 02 embalagens de 500 gramas) | F38: SANTA CATARINA SUPERIOR | G38: 339030.07 | H38: 11.53 | J38: =I38-(SUM(L38:W38)) -> 0 | K38: =IF(J38<0,"ATENÇÃO","OK") -> OK | L38: 0 | M38: 0 | N38: 0 | O38: 0 | P38: 0 | Q38: 0 | R38: 0 | S38: 0 | T38: 0 | U38: 0 | V38: 0 | W38: 0
A39: Elo Comércio e Serviços Ltda. ME | B39: 16 | C39: 36 | D39: Açúcar refinado, embalagem de 1Kg | E39: Kg (Kg = 01 embalagem de 1 quilo) | F39: CARAVELAS | G39: 339030.07 | H39: 1.82 | J39: =I39-(SUM(L39:W39)) -> 0 | K39: =IF(J39<0,"ATENÇÃO","OK") -> OK | L39: 0 | M39: 0 | N39: 0 | O39: 0 | P39: 0 | Q39: 0 | R39: 0 | S39: 0 | T39: 0 | U39: 0 | V39: 0 | W39: 0
C40: 37 | D40: Adoçante dietético líquido 100 ml, com validade de no mínimo 24 meses a cada fornecimento. | E40: 100 ml | F40: LOWÇUCAR | G40: 339030.07 | H40: 1.83 | J40: =I40-(SUM(L40:W40)) -> 0 | K40: =IF(J40<0,"ATENÇÃO","OK") -> OK | L40: 0 | M40: 0 | N40: 0 | O40: 0 | P40: 0 | Q40: 0 | R40: 0 | S40: 0 | T40: 0 | U40: 0 | V40: 0 | W40: 0
C41: 38 | D41: Chá de camomila, caixa com 10 saquinhos, com peso mínimo de 10 gramas cada caixa. | E41: Caixa10 saquinho 10 gramas | F41: REAL | G41: 339030.07 | H41: 1.41 | J41: =I41-(SUM(L41:W41)) -> 0 | K41: =IF(J41<0,"ATENÇÃO","OK") -> OK | L41: 0 | M41: 0 | N41: 0 | O41: 0 | P41: 0 | Q41: 0 | R41: 0 | S41: 0 | T41: 0 | U41: 0 | V41: 0 | W41: 0
C42: 39 | D42: Chá de erva cidreira, caixa com 10 saquinhos com peso mínimo de 10 gramas cada caixa. | E42: Caixa10 saquinho 10 gramas | F42: REAL | G42: 339030.07 | H42: 1.21 | J42: =I42-(SUM(L42:W42)) -> 0 | K42: =IF(J42<0,"ATENÇÃO","OK") -> OK | L42: 0 | M42: 0 | N42: 0 | O42: 0 | P42: 0 | Q42: 0 | R42: 0 | S42: 0 | T42: 0 | U42: 0 | V42: 0 | W42: 0
C43: 40 | D43: Chá de maçã com canela, caixa com 10 saquinhos com peso mínimo de 15 gramas cada caixa. | E43: Caixa10 saquinho 10 gramas | F43: REAL | G43: 339030.07 | H43: 2.55 | J43: =I43-(SUM(L43:W43)) -> 0 | K43: =IF(J43<0,"ATENÇÃO","OK") -> OK | L43: 0 | M43: 0 | N43: 0 | O43: 0 | P43: 0 | Q43: 0 | R43: 0 | S43: 0 | T43: 0 | U43: 0 | V43: 0 | W43: 0
C44: 41 | D44: Caixa de chá frutas vermelhas, com 10 saquinhos e peso mínimo de 15 gramas cada caixa. | E44: Caixa10 saquinho 10 gramas | F44: REAL | G44: 339030.07 | H44: 2.39 | J44: =I44-(SUM(L44:W44)) -> 0 | K44: =IF(J44<0,"ATENÇÃO","OK") -> OK | L44: 0 | M44: 0 | N44: 0 | O44: 0 | P44: 0 | Q44: 0 | R44: 0 | S44: 0 | T44: 0 | U44: 0 | V44: 0 | W44: 0
C45: 42 | D45: Leite em pó, embalagem de 400 gramas | E45: peça (peça = pacote de 400 gramas) | F45: PIRACANJUBA | G45: 339030.07 | H45: 9.52 | J45: =I45-(SUM(L45:W45)) -> 0 | K45: =IF(J45<0,"ATENÇÃO","OK") -> OK | L45: 0 | M45: 0 | N45: 0 | O45: 0 | P45: 0 | Q45: 0 | R45: 0 | S45: 0 | T45: 0 | U45: 0 | V45: 0 | W45: 0
A46: DESERTO | B46: 17 | C46: 43 | D46: Carga para gás liquefeito de petróleo, GLP, vulgo gás de cozinha, composto de propano e butano. Aplicação para uso doméstico. Botijão P 13. | E46: Botijão | G46: 339030.04 | H46: 0 | J46: =I46-(SUM(L46:W46)) -> 0 | K46: =IF(J46<0,"ATENÇÃO","OK") -> OK | L46: 0 | M46: 0 | N46: 0 | O46: 0 | P46: 0 | Q46: 0 | R46: 0 | S46: 0 | T46: 0 | U46: 0 | V46: 0 | W46: 0
C47: 44 | D47: Carga para gás liquefeito de petróleo, GLP, vulgo gás de cozinha, composto de propano e butano. Aplicação para uso doméstico. Botijão P 45. | E47: Botijão | G47: 339030.04 | H47: 0 | J47: =I47-(SUM(L47:W47)) -> 0 | K47: =IF(J47<0,"ATENÇÃO","OK") -> OK | L47: 0 | M47: 0 | N47: 0 | O47: 0 | P47: 0 | Q47: 0 | R47: 0 | S47: 0 | T47: 0 | U47: 0 | V47: 0 | W47: 0
A48: DESERTO | B48: 18 | C48: 45 | D48: Água Mineral sem gás, envasada em garrafão de 20L | E48: peça (peça = garrafão de 20 litros) | G48: 339030.07 | H48: 0 | J48: =I48-(SUM(L48:W48)) -> 0 | K48: =IF(J48<0,"ATENÇÃO","OK") -> OK | L48: 0 | M48: 0 | N48: 0 | O48: 0 | P48: 0 | Q48: 0 | R48: 0 | S48: 0 | T48: 0 | U48: 0 | V48: 0 | W48: 0
C49: 46 | D49: Água Mineral, sem gás, envasada em garrafa de 500ML | E49: peça (peça = garrafa de 500 mililitros) | G49: 339030.07 | H49: 0 | J49: =I49-(SUM(L49:W49)) -> 0 | K49: =IF(J49<0,"ATENÇÃO","OK") -> OK | L49: 0 | M49: 0 | N49: 0 | O49: 0 | P49: 0 | Q49: 0 | R49: 0 | S49: 0 | T49: 0 | U49: 0 | V49: 0 | W49: 0
A50: TAF Distribuidora Ltda. | B50: 19 | C50: 47 | D50: Café, torrado e moído, embalagem de 500g, em pó, tipo Superior | E50: Kg (Kg = 02 embalagens de 500 gramas) | F50: ODEBRECHT SUPERIOR | G50: 339030.07 | H50: 9.26 | J50: =I50-(SUM(L50:W50)) -> 0 | K50: =IF(J50<0,"ATENÇÃO","OK") -> OK | L50: 0 | M50: 0 | N50: 0 | O50: 0 | P50: 0 | Q50: 0 | R50: 0 | S50: 0 | T50: 0 | U50: 0 | V50: 0 | W50: 0
A51: INFRUTÍFERO | B51: 20 | C51: 48 | D51: Açúcar refinado, embalagem de 1Kg | E51: Kg (Kg = 01 embalagem de 1 quilo) | G51: 339030.07 | H51: 0 | J51: =I51-(SUM(L51:W51)) -> 0 | K51: =IF(J51<0,"ATENÇÃO","OK") -> OK | L51: 0 | M51: 0 | N51: 0 | O51: 0 | P51: 0 | Q51: 0 | R51: 0 | S51: 0 | T51: 0 | U51: 0 | V51: 0 | W51: 0
C52: 49 | D52: Adoçante dietético líquido 100 ml, com validade de no mínimo 24 meses a cada fornecimento. | E52: frasco | G52: 339030.07 | H52: 0 | J52: =I52-(SUM(L52:W52)) -> 0 | K52: =IF(J52<0,"ATENÇÃO","OK") -> OK | L52: 0 | M52: 0 | N52: 0 | O52: 0 | P52: 0 | Q52: 0 | R52: 0 | S52: 0 | T52: 0 | U52: 0 | V52: 0 | W52: 0
C53: 50 | D53: Chá de camomila, caixa com 10 saquinhos, com peso mínimo de 10 gramas cada caixa. | E53: caixa | G53: 339030.07 | H53: 0 | J53: =I53-(SUM(L53:W53)) -> 0 | K53: =IF(J53<0,"ATENÇÃO","OK") -> OK | L53: 0 | M53: 0 | N53: 0 | O53: 0 | P53: 0 | Q53: 0 | R53: 0 | S53: 0 | T53: 0 | U53: 0 | V53: 0 | W53: 0
C54: 51 | D54: Chá de erva cidreira, caixa com 10 saquinhos com peso mínimo de 10 gramas cada caixa. | E54: caixa | G54: 339030.07 | H54: 0 | J54: =I54-(SUM(L54:W54)) -> 0 | K54: =IF(J54<0,"ATENÇÃO","OK") -> OK | L54: 0 | M54: 0 | N54: 0 | O54: 0 | P54: 0 | Q54: 0 | R54: 0 | S54: 0 | T54: 0 | U54: 0 | V54: 0 | W54: 0
C55: 52 | D55: Chá de maçã com canela, caixa com 10 saquinhos com peso mínimo de 15 gramas cada caixa. | E55: caixa | G55: 339030.07 | H55: 0 | J55: =I55-(SUM(L55:W55)) -> 0 | K55: =IF(J55<0,"ATENÇÃO","OK") -> OK | L55: 0 | M55: 0 | N55: 0 | O55: 0 | P55: 0 | Q55: 0 | R55: 0 | S55: 0 | T55: 0 | U55: 0 | V55: 0 | W55: 0
C56: 53 | D56: Caixa de chá frutas vermelhas, com 10 saquinhos e peso mínimo de 15 gramas cada caixa. | E56: caixa | G56: 339030.07 | H56: 0 | J56: =I56-(SUM(L56:W56)) -> 0 | K56: =IF(J56<0,"ATENÇÃO","OK") -> OK | L56: 0 | M56: 0 | N56: 0 | O56: 0 | P56: 0 | Q56: 0 | R56: 0 | S56: 0 | T56: 0 | U56: 0 | V56: 0 | W56: 0
C57: 54 | D57: Sachê açúcar mascavo 5 gramas | E57: Caixa com no minimo 200 unidades | G57: 339030.07 | H57: 0 | J57: =I57-(SUM(L57:W57)) -> 0 | K57: =IF(J57<0,"ATENÇÃO","OK") -> OK | L57: 0 | M57: 0 | N57: 0 | O57: 0 | P57: 0 | Q57: 0 | R57: 0 | S57: 0 | T57: 0 | U57: 0 | V57: 0 | W57: 0
C58: 55 | D58: Sachê açúcar refinado 5 gramas | E58: Caixa com no minimo 400 unidades | G58: 339030.07 | H58: 0 | J58: =I58-(SUM(L58:W58)) -> 0 | K58: =IF(J58<0,"ATENÇÃO","OK") -> OK | L58: 0 | M58: 0 | N58: 0 | O58: 0 | P58: 0 | Q58: 0 | R58: 0 | S58: 0 | T58: 0 | U58: 0 | V58: 0 | W58: 0
A59: DESERTO | B59: 21 | C59: 56 | D59: Carga para gás liquefeito de petróleo, GLP, vulgo gás de cozinha, composto de propano e butano. Aplicação para uso doméstico. Botijão P 13. | E59: Botijão | G59: 339030.04 | H59: 0 | J59: =I59-(SUM(L59:W59)) -> 0 | K59: =IF(J59<0,"ATENÇÃO","OK") -> OK | L59: 0 | M59: 0 | N59: 0 | O59: 0 | P59: 0 | Q59: 0 | R59: 0 | S59: 0 | T59: 0 | U59: 0 | V59: 0 | W59: 0
C60: 57 | D60: Carga para gás liquefeito de petróleo, GLP, vulgo gás de cozinha, composto de propano e butano. Aplicação para uso doméstico. Botijão P 45. | E60: Botijão | G60: 339030.04 | H60: 0 | J60: =I60-(SUM(L60:W60)) -> 0 | K60: =IF(J60<0,"ATENÇÃO","OK") -> OK | L60: 0 | M60: 0 | N60: 0 | O60: 0 | P60: 0 | Q60: 0 | R60: 0 | S60: 0 | T60: 0 | U60: 0 | V60: 0 | W60: 0
A61: DESERTO | B61: 22 | C61: 58 | D61: Água Mineral sem gás, envasada em garrafão de 20L | E61: peça (peça = garrafão de 20 litros) | G61: 339030.07 | H61: 0 | J61: =I61-(SUM(L61:W61)) -> 0 | K61: =IF(J61<0,"ATENÇÃO","OK") -> OK | L61: 0 | M61: 0 | N61: 0 | O61: 0 | P61: 0 | Q61: 0 | R61: 0 | S61: 0 | T61: 0 | U61: 0 | V61: 0 | W61: 0
C62: 59 | D62: Água Mineral, com gás, envasada em garrafa de 500ML | E62: peça (peça = garrafa de 500 mililitros) | G62: 339030.07 | H62: 0 | J62: =I62-(SUM(L62:W62)) -> 0 | K62: =IF(J62<0,"ATENÇÃO","OK") -> OK | L62: 0 | M62: 0 | N62: 0 | O62: 0 | P62: 0 | Q62: 0 | R62: 0 | S62: 0 | T62: 0 | U62: 0 | V62: 0 | W62: 0
C63: 60 | D63: Água Mineral, sem gás, envasada em garrafa de 500ML | E63: peça (peça = garrafa de 500 mililitros) | G63: 339030.07 | H63: 0 | J63: =I63-(SUM(L63:W63)) -> 0 | K63: =IF(J63<0,"ATENÇÃO","OK") -> OK | L63: 0 | M63: 0 | N63: 0 | O63: 0 | P63: 0 | Q63: 0 | R63: 0 | S63: 0 | T63: 0 | U63: 0 | V63: 0 | W63: 0
A64: INFRUTÍFERO | B64: 23 | C64: 61 | D64: Café, torrado e moído, embalagem de 500g, em pó, tipo Superior | E64: Kg (Kg = 02 embalagens de 500 gramas) | G64: 339030.07 | H64: 0 | J64: =I64-(SUM(L64:W64)) -> 0 | K64: =IF(J64<0,"ATENÇÃO","OK") -> OK | L64: 0 | M64: 0 | N64: 0 | O64: 0 | P64: 0 | Q64: 0 | R64: 0 | S64: 0 | T64: 0 | U64: 0 | V64: 0 | W64: 0
C65: 62 | D65: Açúcar refinado, embalagem de 1Kg | E65: Kg (Kg = 01 embalagem de 1 quilo) | G65: 339030.07 | H65: 0 | J65: =I65-(SUM(L65:W65)) -> 0 | K65: =IF(J65<0,"ATENÇÃO","OK") -> OK | L65: 0 | M65: 0 | N65: 0 | O65: 0 | P65: 0 | Q65: 0 | R65: 0 | S65: 0 | T65: 0 | U65: 0 | V65: 0 | W65: 0
C66: 63 | D66: Adoçante dietético líquido 100 ml, com validade de no mínimo 24 meses a cada fornecimento. | E66: 100 ml | G66: 339030.07 | H66: 0 | J66: =I66-(SUM(L66:W66)) -> 0 | K66: =IF(J66<0,"ATENÇÃO","OK") -> OK | L66: 0 | M66: 0 | N66: 0 | O66: 0 | P66: 0 | Q66: 0 | R66: 0 | S66: 0 | T66: 0 | U66: 0 | V66: 0 | W66: 0
C67: 64 | D67: Chá de camomila, caixa com 10 saquinhos, com peso mínimo de 10 gramas cada caixa. | E67: Caixa10 saquinho 10 gramas | G67: 339030.07 | H67: 0 | J67: =I67-(SUM(L67:W67)) -> 0 | K67: =IF(J67<0,"ATENÇÃO","OK") -> OK | L67: 0 | M67: 0 | N67: 0 | O67: 0 | P67: 0 | Q67: 0 | R67: 0 | S67: 0 | T67: 0 | U67: 0 | V67: 0 | W67: 0
C68: 65 | D68: Chá de erva cidreira, caixa com 10 saquinhos com peso mínimo de 10 gramas cada caixa. | E68: Caixa10 saquinho 10 gramas | G68: 339030.07 | H68: 0 | J68: =I68-(SUM(L68:W68)) -> 0 | K68: =IF(J68<0,"ATENÇÃO","OK") -> OK | L68: 0 | M68: 0 | N68: 0 | O68: 0 | P68: 0 | Q68: 0 | R68: 0 | S68: 0 | T68: 0 | U68: 0 | V68: 0 | W68: 0
C69: 66 | D69: Chá de maçã com canela, caixa com 10 saquinhos com peso mínimo de 15 gramas cada caixa. | E69: Caixa10 saquinho 10 gramas | G69: 339030.07 | H69: 0 | J69: =I69-(SUM(L69:W69)) -> 0 | K69: =IF(J69<0,"ATENÇÃO","OK") -> OK | L69: 0 | M69: 0 | N69: 0 | O69: 0 | P69: 0 | Q69: 0 | R69: 0 | S69: 0 | T69: 0 | U69: 0 | V69: 0 | W69: 0
C70: 67 | D70: Caixa de chá frutas vermelhas, com 10 saquinhos e peso mínimo de 15 gramas cada caixa. | E70: Caixa10 saquinho 10 gramas | G70: 339030.07 | H70: 0 | J70: =I70-(SUM(L70:W70)) -> 0 | K70: =IF(J70<0,"ATENÇÃO","OK") -> OK | L70: 0 | M70: 0 | N70: 0 | O70: 0 | P70: 0 | Q70: 0 | R70: 0 | S70: 0 | T70: 0 | U70: 0 | V70: 0 | W70: 0
C71: 68 | D71: Açúcar cristal, embalagem 1 Kg | E71: Kg (Kg = 01 embalagem de 1 quilo) | G71: 339030.07 | H71: 0 | J71: =I71-(SUM(L71:W71)) -> 0 | K71: =IF(J71<0,"ATENÇÃO","OK") -> OK | L71: 0 | M71: 0 | N71: 0 | O71: 0 | P71: 0 | Q71: 0 | R71: 0 | S71: 0 | T71: 0 | U71: 0 | V71: 0 | W71: 0
A72: DESERTO | B72: 24 | C72: 69 | D72: Carga para gás liquefeito de petróleo, GLP, vulgo gás de cozinha, composto de propano e butano. Aplicação para uso doméstico. Botijão P 13. | E72: Botijão | G72: 339030.04 | H72: 0 | J72: =I72-(SUM(L72:W72)) -> 0 | K72: =IF(J72<0,"ATENÇÃO","OK") -> OK | L72: 0 | M72: 0 | N72: 0 | O72: 0 | P72: 0 | Q72: 0 | R72: 0 | S72: 0 | T72: 0 | U72: 0 | V72: 0 | W72: 0
C73: 70 | D73: Carga para gás liquefeito de petróleo, GLP, vulgo gás de cozinha, composto de propano e butano. Aplicação para uso doméstico. Botijão P 45. | E73: Botijão | G73: 339030.04 | H73: 0 | J73: =I73-(SUM(L73:W73)) -> 0 | K73: =IF(J73<0,"ATENÇÃO","OK") -> OK | L73: 0 | M73: 0 | N73: 0 | O73: 0 | P73: 0 | Q73: 0 | R73: 0 | S73: 0 | T73: 0 | U73: 0 | V73: 0 | W73: 0
D76: * Lotes 5, 8,9, 10, 11, 17, 18, 21, 22 e 24 - DESERTOS
D77: *Lotes 20 e 23 - INFRUTÍFEROS
D78: *Prazos de Entrega e Pagamento conforme edital

Sheet FAED
A1: PROCESSO: 0065/2015/UDESC | D1: OBJETO: AQUISIÇÃO DE GÊNEROS ALIMENTÍCIOS | I1: VIGÊNCIA DA ATA: 11/03/2015 até 10/03/2016 | L1: AF/OS nº 379/2015 Qtde. DT | M1: AF/OS nº 802/2015 Qtde. DT | N1: AF/OS nº 984/2015 Qtde. DT | O1: AF/OS nº 1722/2015 Qtde. DT | P1: AF/OS nº 1728/2015 Qtde. DT | Q1: AF/OS nº 2045/2015 Qtde. DT | R1: AF/OS nº 140/2016 Qtde. DT | S1: AF/OS nº 141/2016 Qtde. DT | T1: AF/OS nº xxxx/2015 Qtde. DT | U1: AF/OS nº xxxx/2015 Qtde. DT | V1: AF/OS nº xxxx/2015 Qtde. DT | W1: AF/OS nº xxxx/2015 Qtde. DT
A2: CENTRO PARTICIPANTE: FAED
A3: FORNECEDOR | B3: LOTE | C3: ITEM | D3: PRODUTO - CARACTERÍSTICAS MÍNIMAS | E3: UNIDADE | F3: MARCA | G3: ELEMENTO | H3: Preço UNITÁRIO (R$) | I3: Qtde Registrada | J3: Saldo / Automático | K3: ALERTA | L3: 42095 | M3: 42142 | N3: 42171 | O3: 42271 | P3: 42275 | Q3: 42313 | R3: 42423 | S3: 42423 | T3: ...../...../...... | U3: ...../...../...... | V3: ...../...../...... | W3: ...../...../......
A4: Estância Hidromineral Santa Rita de Cássia Ltda. | B4: 1 | C4: 1 | D4: Água Mineral sem gás, envasada em garrafão de 20L | E4: peça (peça = garrafão de 20 litros) | G4: 339030.07 | H4: 5.58 | I4: 800 | J4: =I4-(SUM(L4:W4)) -> 250 | K4: =IF(J4<0,"ATENÇÃO","OK") -> OK | L4: 0 | M4: 350 | N4: 0 | O4: 0 | P4: 0 | Q4: 100 | R4: 0 | S4: 100 | T4: 0 | U4: 0 | V4: 0 | W4: 0
C5: 2 | D5: Água Mineral, com gás, envasada em garrafa de 500ML | E5: peça (peça = garrafa de 500 mililitros) | G5: 339030.07 | H5: 0.79 | I5: 600 | J5: =I5-(SUM(L5:W5)) -> 132 | K5: =IF(J5<0,"ATENÇÃO","OK") -> OK | L5: 324 | M5: 0 | N5: 0 | O5: 0 | P5: 0 | Q5: 144 | R5: 0 | S5: 0 | T5: 0 | U5: 0 | V5: 0 | W5: 0
C6: 3 | D6: Água Mineral, sem gás, envasada em garrafa de 500ML | E6: peça (peça = garrafa de 500 mililitros) | G6: 339030.07 | H6: 0.74 | I6: 1500 | J6: =I6-(SUM(L6:W6)) -> 816 | K6: =IF(J6<0,"ATENÇÃO","OK") -> OK | L6: 540 | M6: 0 | N6: 0 | O6: 0 | P6: 0 | Q6: 144 | R6: 0 | S6: 0 | T6: 0 | U6: 0 | V6: 0 | W6: 0
A7: Distribuidora Nova Esperança Ltda. EPP | B7: 2 | C7: 4 | D7: Café, torrado e moído, embalagem de 500g, em pó, tipo Superior | E7: Kg (Kg = 02 embalagens de 500 gramas) | F7: SANTA CATARINA SUPERIOR | G7: 339030.07 | H7: 10.7 | I7: 1000 | J7: =I7-(SUM(L7:W7)) -> 325 | K7: =IF(J7<0,"ATENÇÃO","OK") -> OK | L7: 0 | M7: 0 | N7: 250 | O7: 200 | P7: 0 | Q7: 0 | R7: 225 | S7: 0 | T7: 0 | U7: 0 | V7: 0 | W7: 0
A8: Distribuidora Nova Esperança Ltda. EPP | B8: 3 | C8: 5 | D8: Açúcar refinado, embalagem de 1Kg | E8: Kg (Kg = 01 embalagem de 1 quilo) | F8: DA BARRA | G8: 339030.07 | H8: 1.79 | I8: 600 | J8: =I8-(SUM(L8:W8)) -> 200 | K8: =IF(J8<0,"ATENÇÃO","OK") -> OK | L8: 0 | M8: 0 | N8: 200 | O8: 100 | P8: 0 | Q8: 0 | R8: 100 | S8: 0 | T8: 0 | U8: 0 | V8: 0 | W8: 0
A9: Elo Comércio e Serviços Ltda. ME | B9: 4 | C9: 6 | D9: Adoçante dietético líquido 100 ml, com validade de no mínimo 24 meses a cada fornecimento. | E9: frasco | F9: LOWÇUCAR | G9: 339030.07 | H9: 1.83 | I9: 60 | J9: =I9-(SUM(L9:W9)) -> 40 | K9: =IF(J9<0,"ATENÇÃO","OK") -> OK | L9: 0 | M9: 0 | N9: 0 | O9: 0 | P9: 20 | Q9: 0 | R9: 0 | S9: 0 | T9: 0 | U9: 0 | V9: 0 | W9: 0
C10: 7 | D10: Chá de camomila, caixa com 10 saquinhos, com peso mínimo de 10 gramas cada caixa. | E10: Caixa | F10: REAL | G10: 339030.07 | H10: 1.41 | I10: 100 | J10: =I10-(SUM(L10:W10)) -> 50 | K10: =IF(J10<0,"ATENÇÃO","OK") -> OK | L10: 0 | M10: 0 | N10: 0 | O10: 0 | P10: 50 | Q10: 0 | R10: 0 | S10: 0 | T10: 0 | U10: 0 | V10: 0 | W10: 0
C11: 8 | D11: Chá de erva cidreira, caixa com 10 saquinhos com peso mínimo de 10 gramas cada caixa. | E11: Caixa | F11: REAL | G11: 339030.07 | H11: 1.21 | I11: 100 | J11: =I11-(SUM(L11:W11)) -> 50 | K11: =IF(J11<0,"ATENÇÃO","OK") -> OK | L11: 0 | M11: 0 | N11: 0 | O11: 0 | P11: 50 | Q11: 0 | R11: 0 | S11: 0 | T11: 0 | U11: 0 | V11: 0 | W11: 0
C12: 9 | D12: Chá de maçã com canela, caixa com 10 saquinhos com peso mínimo de 15 gramas cada caixa. | E12: Caixa | F12: REAL | G12: 339030.07 | H12: 2.55 | I12: 100 | J12: =I12-(SUM(L12:W12)) -> 50 | K12: =IF(J12<0,"ATENÇÃO","OK") -> OK | L12: 0 | M12: 0 | N12: 0 | O12: 0 | P12: 50 | Q12: 0 | R12: 0 | S12: 0 | T12: 0 | U12: 0 | V12: 0 | W12: 0
C13: 10 | D13: Caixa de chá frutas vermelhas, com 10 saquinhos e peso mínimo de 15 gramas cada caixa. | E13: Caixa | F13: REAL | G13: 339030.07 | H13: 2.39 | I13: 100 | J13: =I13-(SUM(L13:W13)) -> 50 | K13: =IF(J13<0,"ATENÇÃO","OK") -> OK | L13: 0 | M13: 0 | N13: 0 | O13: 0 | P13: 50 | Q13: 0 | R13: 0 | S13: 0 | T13: 0 | U13: 0 | V13: 0 | W13: 0
C14: 11 | D14: Bolachas salgadas com gergelim, pacote com no mínimo 360 grams, e no mínimo duas embalagens individualizadas. Validade mínima de 06 meses a cada fornecimento. | E14: Pacote | F14: ORQUIDEA | G14: 339030.07 | H14: 3.59 | J14: =I14-(SUM(L14:W14)) -> 0 | K14: =IF(J14<0,"ATENÇÃO","OK") -> OK | L14: 0 | M14: 0 | N14: 0 | O14: 0 | P14: 0 | Q14: 0 | R14: 0 | S14: 0 | T14: 0 | U14: 0 | V14: 0 | W14: 0
C15: 12 | D15: Bolacha tipo waffer, sabor morango, pacote com no mínimo 120 grams.Validade mínima de 06 meses a cada fornecimento. | E15: Pacote | F15: MARILAN | G15: 339030.07 | H15: 1.24 | J15: =I15-(SUM(L15:W15)) -> 0 | K15: =IF(J15<0,"ATENÇÃO","OK") -> OK | L15: 0 | M15: 0 | N15: 0 | O15: 0 | P15: 0 | Q15: 0 | R15: 0 | S15: 0 | T15: 0 | U15: 0 | V15: 0 | W15: 0
C16: 13 | D16: Bolacha tipo waffer, sabor chocolate, pacote com no mínimo 120 grams.Validade mínima de 06 meses a cada fornecimento. | E16: Pacote | F16: MARILAN | G16: 339030.07 | H16: 1.24 | J16: =I16-(SUM(L16:W16)) -> 0 | K16: =IF(J16<0,"ATENÇÃO","OK") -> OK | L16: 0 | M16: 0 | N16: 0 | O16: 0 | P16: 0 | Q16: 0 | R16: 0 | S16: 0 | T16: 0 | U16: 0 | V16: 0 | W16: 0
C17: 14 | D17: Bolacha recheada, sabor chocolate, pacote com no mínimo 120 grmas. Validade mínima de 06 meses cada fornecimento. | E17: Pacote | F17: ORQUIDEA | G17: 339030.07 | H17: 0.94 | J17: =I17-(SUM(L17:W17)) -> 0 | K17: =IF(J17<0,"ATENÇÃO","OK") -> OK | L17: 0 | M17: 0 | N17: 0 | O17: 0 | P17: 0 | Q17: 0 | R17: 0 | S17: 0 | T17: 0 | U17: 0 | V17: 0 | W17: 0
C18: 15 | D18: Bolacha recheada, sabor morango, pacote com no mínimo 120 grmas. Validade mínima de 06 meses cada fornecimento. | E18: Pacote | F18: ORQUIDEA | G18: 339030.07 | H18: 0.94 | J18: =I18-(SUM(L18:W18)) -> 0 | K18: =IF(J18<0,"ATENÇÃO","OK") -> OK | L18: 0 | M18: 0 | N18: 0 | O18: 0 | P18: 0 | Q18: 0 | R18: 0 | S18: 0 | T18: 0 | U18: 0 | V18: 0 | W18: 0
C19: 16 | D19: Bolacha salgada, temperada, similar ou igual a marca Club Social, pacote com no mínimo 120 grmas. Validade mínima de 06 meses cada fornecimento. | E19: Pacote | F19: MARILAN | G19: 339030.07 | H19: 2.19 | J19: =I19-(SUM(L19:W19)) -> 0 | K19: =IF(J19<0,"ATENÇÃO","OK") -> OK | L19: 0 | M19: 0 | N19: 0 | O19: 0 | P19: 0 | Q19: 0 | R19: 0 | S19: 0 | T19: 0 | U19: 0 | V19: 0 | W19: 0
C20: 17 | D20: Sachê de sal refinado e iodado, contendo 1 grama. Validade mínima de 12 meses a partir da data da entrega. Caixa com 2.000 sachês. | E20: Caixa | F20: LEILA | G20: 339030.07 | H20: 7.59 | J20: =I20-(SUM(L20:W20)) -> 0 | K20: =IF(J20<0,"ATENÇÃO","OK") -> OK | L20: 0 | M20: 0 | N20: 0 | O20: 0 | P20: 0 | Q20: 0 | R20: 0 | S20: 0 | T20: 0 | U20: 0 | V20: 0 | W20: 0
A21: DESERTO | B21: 5 | C21: 18 | D21: Carga para gás liquefeito de petróleo, GLP, vulgo gás de cozinha, composto de propano e butano. Aplicação para uso doméstico. Botijão P 13. | E21: Botijão | G21: 339030.04 | H21: 0 | J21: =I21-(SUM(L21:W21)) -> 0 | K21: =IF(J21<0,"ATENÇÃO","OK") -> OK | L21: 0 | M21: 0 | N21: 0 | O21: 0 | P21: 0 | Q21: 0 | R21: 0 | S21: 0 | T21: 0 | U21: 0 | V21: 0 | W21: 0
C22: 19 | D22: Carga para gás liquefeito de petróleo, GLP, vulgo gás de cozinha, composto de propano e butano. Aplicação para uso doméstico. Botijão P 45. | E22: Botijão | G22: 339030.04 | H22: 0 | J22: 0 | K22: =IF(J22<0,"ATENÇÃO","OK") -> OK | L22: 0 | M22: 0 | N22: 0 | O22: 0 | P22: 0 | Q22: 0 | R22: 0 | S22: 0 | T22: 0 | U22: 0 | V22: 0 | W22: 0
A23: Distribuidora Nova Esperança Ltda. EPP | B23: 6 | C23: 20 | D23: Leite de vaca, integral, (UHT) pasteurizado em ultra/altas temperaturas, em balagem em caixa tipo longa vida, com 1000 mililitros,devidamente rotuladas conforme legislação vigente e passuir registro nos órgãos de Inspeção Sanitária; com validade mínima de 60 dias cada fornecimento. | E23: Litro | F23: LANGUIRU | G23: 339030.07 | H23: 1.95 | J23: =I23-(SUM(L23:W23)) -> 0 | K23: =IF(J23<0,"ATENÇÃO","OK") -> OK | L23: 0 | M23: 0 | N23: 0 | O23: 0 | P23: 0 | Q23: 0 | R23: 0 | S23: 0 | T23: 0 | U23: 0 | V23: 0 | W23: 0
A24: Distribuidora Nova Esperança Ltda. EPP | B24: 7 | C24: 21 | D24: Água Mineral sem gás, envasada em garrafão de 20L | E24: peça (peça = garrafão de 20 litros) | F24: RIO D'OURO | G24: 339030.07 | H24: 7.81 | J24: =I24-(SUM(L24:W24)) -> 0 | K24: =IF(J24<0,"ATENÇÃO","OK") -> OK | L24: 0 | M24: 0 | N24: 0 | O24: 0 | P24: 0 | Q24: 0 | R24: 0 | S24: 0 | T24: 0 | U24: 0 | V24: 0 | W24: 0
C25: 22 | D25: Água Mineral, com gás, envasada em garrafa de 500ML | E25: peça (peça = garrafa de 500 mililitros) | F25: DA GUARDA | G25: 339030.07 | H25: 1.12 | J25: =I25-(SUM(L25:W25)) -> 0 | K25: =IF(J25<0,"ATENÇÃO","OK") -> OK | L25: 0 | M25: 0 | N25: 0 | O25: 0 | P25: 0 | Q25: 0 | R25: 0 | S25: 0 | T25: 0 | U25: 0 | V25: 0 | W25: 0
C26: 23 | D26: Água Mineral, sem gás, envasada em garrafa de 500ML | E26: peça (peça = garrafa de 500 mililitros) | F26: DA GUARDA | G26: 339030.07 | H26: 1.14 | J26: =I26-(SUM(L26:W26)) -> 0 | K26: =IF(J26<0,"ATENÇÃO","OK") -> OK | L26: 0 | M26: 0 | N26: 0 | O26: 0 | P26: 0 | Q26: 0 | R26: 0 | S26: 0 | T26: 0 | U26: 0 | V26: 0 | W26: 0
A27: DESERTO | B27: 8 | C27: 24 | D27: Carga para gás liquefeito de petróleo, GLP, vulgo gás de cozinha, composto de propano e butano. Aplicação para uso doméstico. Botijão P 13. | E27: Botijão | G27: 339030.04 | H27: 0 | J27: =I27-(SUM(L27:W27)) -> 0 | K27: =IF(J27<0,"ATENÇÃO","OK") -> OK | L27: 0 | M27: 0 | N27: 0 | O27: 0 | P27: 0 | Q27: 0 | R27: 0 | S27: 0 | T27: 0 | U27: 0 | V27: 0 | W27: 0
A28: DESERTO | B28: 9 | C28: 25 | D28: Água Mineral sem gás, envasada em garrafão de 20L | E28: peça (peça = garrafão de 20 litros) | G28: 339030.07 | H28: 0 | J28: =I28-(SUM(L28:W28)) -> 0 | K28: =IF(J28<0,"ATENÇÃO","OK") -> OK | L28: 0 | M28: 0 | N28: 0 | O28: 0 | P28: 0 | Q28: 0 | R28: 0 | S28: 0 | T28: 0 | U28: 0 | V28: 0 | W28: 0
C29: 26 | D29: Água Mineral, sem gás, envasada em garrafa de 500ML | E29: peça (peça = garrafa de 500 mililitros) | G29: 339030.07 | H29: 0 | J29: =I29-(SUM(L29:W29)) -> 0 | K29: =IF(J29<0,"ATENÇÃO","OK") -> OK | L29: 0 | M29: 0 | N29: 0 | O29: 0 | P29: 0 | Q29: 0 | R29: 0 | S29: 0 | T29: 0 | U29: 0 | V29: 0 | W29: 0
A30: DESERTO | B30: 10 | C30: 27 | D30: Carga para gás liquefeito de petróleo, GLP, vulgo gás de cozinha, composto de propano e butano. Aplicação para uso doméstico. Botijão P 13. | E30: Botijão | G30: 339030.04 | H30: 0 | J30: =I30-(SUM(L30:W30)) -> 0 | K30: =IF(J30<0,"ATENÇÃO","OK") -> OK | L30: 0 | M30: 0 | N30: 0 | O30: 0 | P30: 0 | Q30: 0 | R30: 0 | S30: 0 | T30: 0 | U30: 0 | V30: 0 | W30: 0
A31: DESERTO | B31: 11 | C31: 28 | D31: Água Mineral sem gás, envasada em garrafão de 20L | E31: peça (peça = garrafão de 20 litros) | G31: 339030.07 | H31: 0 | J31: =I31-(SUM(L31:W31)) -> 0 | K31: =IF(J31<0,"ATENÇÃO","OK") -> OK | L31: 0 | M31: 0 | N31: 0 | O31: 0 | P31: 0 | Q31: 0 | R31: 0 | S31: 0 | T31: 0 | U31: 0 | V31: 0 | W31: 0
C32: 29 | D32: Água Mineral, sem gás, envasada em garrafa de 500ML | E32: peça (peça = garrafa de 500 mililitros) | G32: 339030.07 | H32: 0 | J32: =I32-(SUM(L32:W32)) -> 0 | K32: =IF(J32<0,"ATENÇÃO","OK") -> OK | L32: 0 | M32: 0 | N32: 0 | O32: 0 | P32: 0 | Q32: 0 | R32: 0 | S32: 0 | T32: 0 | U32: 0 | V32: 0 | W32: 0
A33: TAF Distribuidora Ltda. | B33: 12 | C33: 30 | D33: Café, torrado e moído, embalagem de 500g, em pó, tipo Superior | E33: Kg (Kg = 02 embalagens de 500 gramas) | F33: ODEBRECHT SUPERIOR | G33: 339030.07 | H33: 9.26 | J33: =I33-(SUM(L33:W33)) -> 0 | K33: =IF(J33<0,"ATENÇÃO","OK") -> OK | L33: 0 | M33: 0 | N33: 0 | O33: 0 | P33: 0 | Q33: 0 | R33: 0 | S33: 0 | T33: 0 | U33: 0 | V33: 0 | W33: 0
A34: Distribuidora Nova Esperança Ltda. EPP | B34: 13 | C34: 31 | D34: Açúcar refinado, embalagem de 1Kg | E34: Kg (Kg = 01 embalagem de 1 quilo) | F34: DA BARRA | G34: 339030.07 | H34: 1.82 | J34: =I34-(SUM(L34:W34)) -> 0 | K34: =IF(J34<0,"ATENÇÃO","OK") -> OK | L34: 0 | M34: 0 | N34: 0 | O34: 0 | P34: 0 | Q34: 0 | R34: 0 | S34: 0 | T34: 0 | U34: 0 | V34: 0 | W34: 0
A35: Distribuidora Nova Esperança Ltda. EPP | B35: 14 | C35: 32 | D35: Água Mineral sem gás, envasada em garrafão de 20L | E35: peça (peça = garrafão de 20 litros) | F35: RIO D'OURO | G35: 339030.07 | H35: 7.8 | J35: =I35-(SUM(L35:W35)) -> 0 | K35: =IF(J35<0,"ATENÇÃO","OK") -> OK | L35: 0 | M35: 0 | N35: 0 | O35: 0 | P35: 0 | Q35: 0 | R35: 0 | S35: 0 | T35: 0 | U35: 0 | V35: 0 | W35: 0
C36: 33 | D36: Água Mineral, com gás, envasada em garrafa de 500ML | E36: peça (peça = garrafa de 500 mililitros) | F36: DA GUARDA | G36: 339030.07 | H36: 1.12 | J36: =I36-(SUM(L36:W36)) -> 0 | K36: =IF(J36<0,"ATENÇÃO","OK") -> OK | L36: 0 | M36: 0 | N36: 0 | O36: 0 | P36: 0 | Q36: 0 | R36: 0 | S36: 0 | T36: 0 | U36: 0 | V36: 0 | W36: 0
C37: 34 | D37: Água Mineral, sem gás, envasada em garrafa de 500ML | E37: peça (peça = garrafa de 500 mililitros) | F37: DA GUARDA | G37: 339030.07 | H37: 1.14 | J37: =I37-(SUM(L37:W37)) -> 0 | K37: =IF(J37<0,"ATENÇÃO","OK") -> OK | L37: 0 | M37: 0 | N37: 0 | O37: 0 | P37: 0 | Q37: 0 | R37: 0 | S37: 0 | T37: 0 | U37: 0 | V37: 0 | W37: 0
A38: Distribuidora Nova Esperança Ltda. EPP | B38: 15 | C38: 35 | D38: Café, torrado e moído, embalagem de 500g, em pó, tipo Superior | E38: Kg (Kg = 02 embalagens de 500 gramas) | F38: SANTA CATARINA SUPERIOR | G38: 339030.07 | H38: 11.53 | J38: =I38-(SUM(L38:W38)) -> 0 | K38: =IF(J38<0,"ATENÇÃO","OK") -> OK | L38: 0 | M38: 0 | N38: 0 | O38: 0 | P38: 0 | Q38: 0 | R38: 0 | S38: 0 | T38: 0 | U38: 0 | V38: 0 | W38: 0
A39: Elo Comércio e Serviços Ltda. ME | B39: 16 | C39: 36 | D39: Açúcar refinado, embalagem de 1Kg | E39: Kg (Kg = 01 embalagem de 1 quilo) | F39: CARAVELAS | G39: 339030.07 | H39: 1.82 | J39: =I39-(SUM(L39:W39)) -> 0 | K39: =IF(J39<0,"ATENÇÃO","OK") -> OK | L39: 0 | M39: 0 | N39: 0 | O39: 0 | P39: 0 | Q39: 0 | R39: 0 | S39: 0 | T39: 0 | U39: 0 | V39: 0 | W39: 0
C40: 37 | D40: Adoçante dietético líquido 100 ml, com validade de no mínimo 24 meses a cada fornecimento. | E40: 100 ml | F40: LOWÇUCAR | G40: 339030.07 | H40: 1.83 | J40: =I40-(SUM(L40:W40)) -> 0 | K40: =IF(J40<0,"ATENÇÃO","OK") -> OK | L40: 0 | M40: 0 | N40: 0 | O40: 0 | P40: 0 | Q40: 0 | R40: 0 | S40: 0 | T40: 0 | U40: 0 | V40: 0 | W40: 0
C41: 38 | D41: Chá de camomila, caixa com 10 saquinhos, com peso mínimo de 10 gramas cada caixa. | E41: Caixa10 saquinho 10 gramas | F41: REAL | G41: 339030.07 | H41: 1.41 | J41: =I41-(SUM(L41:W41)) -> 0 | K41: =IF(J41<0,"ATENÇÃO","OK") -> OK | L41: 0 | M41: 0 | N41: 0 | O41: 0 | P41: 0 | Q41: 0 | R41: 0 | S41: 0 | T41: 0 | U41: 0 | V41: 0 | W41: 0
C42: 39 | D42: Chá de erva cidreira, caixa com 10 saquinhos com peso mínimo de 10 gramas cada caixa. | E42: Caixa10 saquinho 10 gramas | F42: REAL | G42: 339030.07 | H42: 1.21 | J42: =I42-(SUM(L42:W42)) -> 0 | K42: =IF(J42<0,"ATENÇÃO","OK") -> OK | L42: 0 | M42: 0 | N42: 0 | O42: 0 | P42: 0 | Q42: 0 | R42: 0 | S42: 0 | T42: 0 | U42: 0 | V42: 0 | W42: 0
C43: 40 | D43: Chá de maçã com canela, caixa com 10 saquinhos com peso mínimo de 15 gramas cada caixa. | E43: Caixa10 saquinho 10 gramas | F43: REAL | G43: 339030.07 | H43: 2.55 | J43: =I43-(SUM(L43:W43)) -> 0 | K43: =IF(J43<0,"ATENÇÃO","OK") -> OK | L43: 0 | M43: 0 | N43: 0 | O43: 0 | P43: 0 | Q43: 0 | R43: 0 | S43: 0 | T43: 0 | U43: 0 | V43: 0 | W43: 0
C44: 41 | D44: Caixa de chá frutas vermelhas, com 10 saquinhos e peso mínimo de 15 gramas cada caixa. | E44: Caixa10 saquinho 10 gramas | F44: REAL | G44: 339030.07 | H44: 2.39 | J44: =I44-(SUM(L44:W44)) -> 0 | K44: =IF(J44<0,"ATENÇÃO","OK") -> OK | L44: 0 | M44: 0 | N44: 0 | O44: 0 | P44: 0 | Q44: 0 | R44: 0 | S44: 0 | T44: 0 | U44: 0 | V44: 0 | W44: 0
C45: 42 | D45: Leite em pó, embalagem de 400 gramas | E45: peça (peça = pacote de 400 gramas) | F45: PIRACANJUBA | G45: 339030.07 | H45: 9.52 | J45: =I45-(SUM(L45:W45)) -> 0 | K45: =IF(J45<0,"ATENÇÃO","OK") -> OK | L45: 0 | M45: 0 | N45: 0 | O45: 0 | P45: 0 | Q45: 0 | R45: 0 | S45: 0 | T45: 0 | U45: 0 | V45: 0 | W45: 0
A46: DESERTO | B46: 17 | C46: 43 | D46: Carga para gás liquefeito de petróleo, GLP, vulgo gás de cozinha, composto de propano e butano. Aplicação para uso doméstico. Botijão P 13. | E46: Botijão | G46: 339030.04 | H46: 0 | J46: =I46-(SUM(L46:W46)) -> 0 | K46: =IF(J46<0,"ATENÇÃO","OK") -> OK | L46: 0 | M46: 0 | N46: 0 | O46: 0 | P46: 0 | Q46: 0 | R46: 0 | S46: 0 | T46: 0 | U46: 0 | V46: 0 | W46: 0
C47: 44 | D47: Carga para gás liquefeito de petróleo, GLP, vulgo gás de cozinha, composto de propano e butano. Aplicação para uso doméstico. Botijão P 45. | E47: Botijão | G47: 339030.04 | H47: 0 | J47: =I47-(SUM(L47:W47)) -> 0 | K47: =IF(J47<0,"ATENÇÃO","OK") -> OK | L47: 0 | M47: 0 | N47: 0 | O47: 0 | P47: 0 | Q47: 0 | R47: 0 | S47: 0 | T47: 0 | U47: 0 | V47: 0 | W47: 0
A48: DESERTO | B48: 18 | C48: 45 | D48: Água Mineral sem gás, envasada em garrafão de 20L | E48: peça (peça = garrafão de 20 litros) | G48: 339030.07 | H48: 0 | J48: =I48-(SUM(L48:W48)) -> 0 | K48: =IF(J48<0,"ATENÇÃO","OK") -> OK | L48: 0 | M48: 0 | N48: 0 | O48: 0 | P48: 0 | Q48: 0 | R48: 0 | S48: 0 | T48: 0 | U48: 0 | V48: 0 | W48: 0
C49: 46 | D49: Água Mineral, sem gás, envasada em garrafa de 500ML | E49: peça (peça = garrafa de 500 mililitros) | G49: 339030.07 | H49: 0 | J49: =I49-(SUM(L49:W49)) -> 0 | K49: =IF(J49<0,"ATENÇÃO","OK") -> OK | L49: 0 | M49: 0 | N49: 0 | O49: 0 | P49: 0 | Q49: 0 | R49: 0 | S49: 0 | T49: 0 | U49: 0 | V49: 0 | W49: 0
A50: TAF Distribuidora Ltda. | B50: 19 | C50: 47 | D50: Café, torrado e moído, embalagem de 500g, em pó, tipo Superior | E50: Kg (Kg = 02 embalagens de 500 gramas) | F50: ODEBRECHT SUPERIOR | G50: 339030.07 | H50: 9.26 | J50: =I50-(SUM(L50:W50)) -> 0 | K50: =IF(J50<0,"ATENÇÃO","OK") -> OK | L50: 0 | M50: 0 | N50: 0 | O50: 0 | P50: 0 | Q50: 0 | R50: 0 | S50: 0 | T50: 0 | U50: 0 | V50: 0 | W50: 0
A51: INFRUTÍFERO | B51: 20 | C51: 48 | D51: Açúcar refinado, embalagem de 1Kg | E51: Kg (Kg = 01 embalagem de 1 quilo) | G51: 339030.07 | H51: 0 | J51: =I51-(SUM(L51:W51)) -> 0 | K51: =IF(J51<0,"ATENÇÃO","OK") -> OK | L51: 0 | M51: 0 | N51: 0 | O51: 0 | P51: 0 | Q51: 0 | R51: 0 | S51: 0 | T51: 0 | U51: 0 | V51: 0 | W51: 0
C52: 49 | D52: Adoçante dietético líquido 100 ml, com validade de no mínimo 24 meses a cada fornecimento. | E52: frasco | G52: 339030.07 | H52: 0 | J52: =I52-(SUM(L52:W52)) -> 0 | K52: =IF(J52<0,"ATENÇÃO","OK") -> OK | L52: 0 | M52: 0 | N52: 0 | O52: 0 | P52: 0 | Q52: 0 | R52: 0 | S52: 0 | T52: 0 | U52: 0 | V52: 0 | W52: 0
C53: 50 | D53: Chá de camomila, caixa com 10 saquinhos, com peso mínimo de 10 gramas cada caixa. | E53: caixa | G53: 339030.07 | H53: 0 | J53: =I53-(SUM(L53:W53)) -> 0 | K53: =IF(J53<0,"ATENÇÃO","OK") -> OK | L53: 0 | M53: 0 | N53: 0 | O53: 0 | P53: 0 | Q53: 0 | R53: 0 | S53: 0 | T53: 0 | U53: 0 | V53: 0 | W53: 0
C54: 51 | D54: Chá de erva cidreira, caixa com 10 saquinhos com peso mínimo de 10 gramas cada caixa. | E54: caixa | G54: 339030.07 | H54: 0 | J54: =I54-(SUM(L54:W54)) -> 0 | K54: =IF(J54<0,"ATENÇÃO","OK") -> OK | L54: 0 | M54: 0 | N54: 0 | O54: 0 | P54: 0 | Q54: 0 | R54: 0 | S54: 0 | T54: 0 | U54: 0 | V54: 0 | W54: 0
C55: 52 | D55: Chá de maçã com canela, caixa com 10 saquinhos com peso mínimo de 15 gramas cada caixa. | E55: caixa | G55: 339030.07 | H55: 0 | J55: =I55-(SUM(L55:W55)) -> 0 | K55: =IF(J55<0,"ATENÇÃO","OK") -> OK | L55: 0 | M55: 0 | N55: 0 | O55: 0 | P55: 0 | Q55: 0 | R55: 0 | S55: 0 | T55: 0 | U55: 0 | V55: 0 | W55: 0
C56: 53 | D56: Caixa de chá frutas vermelhas, com 10 saquinhos e peso mínimo de 15 gramas cada caixa. | E56: caixa | G56: 339030.07 | H56: 0 | J56: =I56-(SUM(L56:W56)) -> 0 | K56: =IF(J56<0,"ATENÇÃO","OK") -> OK | L56: 0 | M56: 0 | N56: 0 | O56: 0 | P56: 0 | Q56: 0 | R56: 0 | S56: 0 | T56: 0 | U56: 0 | V56: 0 | W56: 0
C57: 54 | D57: Sachê açúcar mascavo 5 gramas | E57: Caixa com no minimo 200 unidades | G57: 339030.07 | H57: 0 | J57: =I57-(SUM(L57:W57)) -> 0 | K57: =IF(J57<0,"ATENÇÃO","OK") -> OK | L57: 0 | M57: 0 | N57: 0 | O57: 0 | P57: 0 | Q57: 0 | R57: 0 | S57: 0 | T57: 0 | U57: 0 | V57: 0 | W57: 0
C58: 55 | D58: Sachê açúcar refinado 5 gramas | E58: Caixa com no minimo 400 unidades | G58: 339030.07 | H58: 0 | J58: =I58-(SUM(L58:W58)) -> 0 | K58: =IF(J58<0,"ATENÇÃO","OK") -> OK | L58: 0 | M58: 0 | N58: 0 | O58: 0 | P58: 0 | Q58: 0 | R58: 0 | S58: 0 | T58: 0 | U58: 0 | V58: 0 | W58: 0
A59: DESERTO | B59: 21 | C59: 56 | D59: Carga para gás liquefeito de petróleo, GLP, vulgo gás de cozinha, composto de propano e butano. Aplicação para uso doméstico. Botijão P 13. | E59: Botijão | G59: 339030.04 | H59: 0 | J59: =I59-(SUM(L59:W59)) -> 0 | K59: =IF(J59<0,"ATENÇÃO","OK") -> OK | L59: 0 | M59: 0 | N59: 0 | O59: 0 | P59: 0 | Q59: 0 | R59: 0 | S59: 0 | T59: 0 | U59: 0 | V59: 0 | W59: 0
C60: 57 | D60: Carga para gás liquefeito de petróleo, GLP, vulgo gás de cozinha, composto de propano e butano. Aplicação para uso doméstico. Botijão P 45. | E60: Botijão | G60: 339030.04 | H60: 0 | J60: =I60-(SUM(L60:W60)) -> 0 | K60: =IF(J60<0,"ATENÇÃO","OK") -> OK | L60: 0 | M60: 0 | N60: 0 | O60: 0 | P60: 0 | Q60: 0 | R60: 0 | S60: 0 | T60: 0 | U60: 0 | V60: 0 | W60: 0
A61: DESERTO | B61: 22 | C61: 58 | D61: Água Mineral sem gás, envasada em garrafão de 20L | E61: peça (peça = garrafão de 20 litros) | G61: 339030.07 | H61: 0 | J61: =I61-(SUM(L61:W61)) -> 0 | K61: =IF(J61<0,"ATENÇÃO","OK") -> OK | L61: 0 | M61: 0 | N61: 0 | O61: 0 | P61: 0 | Q61: 0 | R61: 0 | S61: 0 | T61: 0 | U61: 0 | V61: 0 | W61: 0
C62: 59 | D62: Água Mineral, com gás, envasada em garrafa de 500ML | E62: peça (peça = garrafa de 500 mililitros) | G62: 339030.07 | H62: 0 | J62: =I62-(SUM(L62:W62)) -> 0 | K62: =IF(J62<0,"ATENÇÃO","OK") -> OK | L62: 0 | M62: 0 | N62: 0 | O62: 0 | P62: 0 | Q62: 0 | R62: 0 | S62: 0 | T62: 0 | U62: 0 | V62: 0 | W62: 0
C63: 60 | D63: Água Mineral, sem gás, envasada em garrafa de 500ML | E63: peça (peça = garrafa de 500 mililitros) | G63: 339030.07 | H63: 0 | J63: =I63-(SUM(L63:W63)) -> 0 | K63: =IF(J63<0,"ATENÇÃO","OK") -> OK | L63: 0 | M63: 0 | N63: 0 | O63: 0 | P63: 0 | Q63: 0 | R63: 0 | S63: 0 | T63: 0 | U63: 0 | V63: 0 | W63: 0
A64: INFRUTÍFERO | B64: 23 | C64: 61 | D64: Café, torrado e moído, embalagem de 500g, em pó, tipo Superior | E64: Kg (Kg = 02 embalagens de 500 gramas) | G64: 339030.07 | H64: 0 | J64: =I64-(SUM(L64:W64)) -> 0 | K64: =IF(J64<0,"ATENÇÃO","OK") -> OK | L64: 0 | M64: 0 | N64: 0 | O64: 0 | P64: 0 | Q64: 0 | R64: 0 | S64: 0 | T64: 0 | U64: 0 | V64: 0 | W64: 0
C65: 62 | D65: Açúcar refinado, embalagem de 1Kg | E65: Kg (Kg = 01 embalagem de 1 quilo) | G65: 339030.07 | H65: 0 | J65: =I65-(SUM(L65:W65)) -> 0 | K65: =IF(J65<0,"ATENÇÃO","OK") -> OK | L65: 0 | M65: 0 | N65: 0 | O65: 0 | P65: 0 | Q65: 0 | R65: 0 | S65: 0 | T65: 0 | U65: 0 | V65: 0 | W65: 0
C66: 63 | D66: Adoçante dietético líquido 100 ml, com validade de no mínimo 24 meses a cada fornecimento. | E66: 100 ml | G66: 339030.07 | H66: 0 | J66: =I66-(SUM(L66:W66)) -> 0 | K66: =IF(J66<0,"ATENÇÃO","OK") -> OK | L66: 0 | M66: 0 | N66: 0 | O66: 0 | P66: 0 | Q66: 0 | R66: 0 | S66: 0 | T66: 0 | U66: 0 | V66: 0 | W66: 0
C67: 64 | D67: Chá de camomila, caixa com 10 saquinhos, com peso mínimo de 10 gramas cada caixa. | E67: Caixa10 saquinho 10 gramas | G67: 339030.07 | H67: 0 | J67: =I67-(SUM(L67:W67)) -> 0 | K67: =IF(J67<0,"ATENÇÃO","OK") -> OK | L67: 0 | M67: 0 | N67: 0 | O67: 0 | P67: 0 | Q67: 0 | R67: 0 | S67: 0 | T67: 0 | U67: 0 | V67: 0 | W67: 0
C68: 65 | D68: Chá de erva cidreira, caixa com 10 saquinhos com peso mínimo de 10 gramas cada caixa. | E68: Caixa10 saquinho 10 gramas | G68: 339030.07 | H68: 0 | J68: =I68-(SUM(L68:W68)) -> 0 | K68: =IF(J68<0,"ATENÇÃO","OK") -> OK | L68: 0 | M68: 0 | N68: 0 | O68: 0 | P68: 0 | Q68: 0 | R68: 0 | S68: 0 | T68: 0 | U68: 0 | V68: 0 | W68: 0
C69: 66 | D69: Chá de maçã com canela, caixa com 10 saquinhos com peso mínimo de 15 gramas cada caixa. | E69: Caixa10 saquinho 10 gramas | G69: 339030.07 | H69: 0 | J69: =I69-(SUM(L69:W69)) -> 0 | K69: =IF(J69<0,"ATENÇÃO","OK") -> OK | L69: 0 | M69: 0 | N69: 0 | O69: 0 | P69: 0 | Q69: 0 | R69: 0 | S69: 0 | T69: 0 | U69: 0 | V69: 0 | W69: 0
C70: 67 | D70: Caixa de chá frutas vermelhas, com 10 saquinhos e peso mínimo de 15 gramas cada caixa. | E70: Caixa10 saquinho 10 gramas | G70: 339030.07 | H70: 0 | J70: =I70-(SUM(L70:W70)) -> 0 | K70: =IF(J70<0,"ATENÇÃO","OK") -> OK | L70: 0 | M70: 0 | N70: 0 | O70: 0 | P70: 0 | Q70: 0 | R70: 0 | S70: 0 | T70: 0 | U70: 0 | V70: 0 | W70: 0
C71: 68 | D71: Açúcar cristal, embalagem 1 Kg | E71: Kg (Kg = 01 embalagem de 1 quilo) | G71: 339030.07 | H71: 0 | J71: =I71-(SUM(L71:W71)) -> 0 | K71: =IF(J71<0,"ATENÇÃO","OK") -> OK | L71: 0 | M71: 0 | N71: 0 | O71: 0 | P71: 0 | Q71: 0 | R71: 0 | S71: 0 | T71: 0 | U71: 0 | V71: 0 | W71: 0
A72: DESERTO | B72: 24 | C72: 69 | D72: Carga para gás liquefeito de petróleo, GLP, vulgo gás de cozinha, composto de propano e butano. Aplicação para uso doméstico. Botijão P 13. | E72: Botijão | G72: 339030.04 | H72: 0 | J72: =I72-(SUM(L72:W72)) -> 0 | K72: =IF(J72<0,"ATENÇÃO","OK") -> OK | L72: 0 | M72: 0 | N72: 0 | O72: 0 | P72: 0 | Q72: 0 | R72: 0 | S72: 0 | T72: 0 | U72: 0 | V72: 0 | W72: 0
C73: 70 | D73: Carga para gás liquefeito de petróleo, GLP, vulgo gás de cozinha, composto de propano e butano. Aplicação para uso doméstico. Botijão P 45. | E73: Botijão | G73: 339030.04 | H73: 0 | J73: =I73-(SUM(L73:W73)) -> 0 | K73: =IF(J73<0,"ATENÇÃO","OK") -> OK | L73: 0 | M73: 0 | N73: 0 | O73: 0 | P73: 0 | Q73: 0 | R73: 0 | S73: 0 | T73: 0 | U73: 0 | V73: 0 | W73: 0
D76: * Lotes 5, 8,9, 10, 11, 17, 18, 21, 22 e 24 - DESERTOS
D77: *Lotes 20 e 23 - INFRUTÍFEROS
D78: *Prazos de Entrega e Pagamento conforme edital

Sheet CEFID
A1: PROCESSO: 0065/2015/UDESC | D1: OBJETO: AQUISIÇÃO DE GÊNEROS ALIMENTÍCIOS | I1: VIGÊNCIA DA ATA: 11/03/2015 até 10/03/2016 | L1: AF/OS nº 1201/2015 Qtde. DT | M1: AF/OS nº 1723/2015 Qtde. DT | N1: AF/OS nº 201/2016 Qtde. DT | O1: AF/OS nº 202/2016 Qtde. DT | P1: AF/OS nº 203/2016 Qtde. DT | Q1: AF/OS nº xxxx/2015 Qtde. DT | R1: AF/OS nº xxxx/2015 Qtde. DT | S1: AF/OS nº xxxx/2015 Qtde. DT | T1: AF/OS nº xxxx/2015 Qtde. DT | U1: AF/OS nº xxxx/2015 Qtde. DT | V1: AF/OS nº xxxx/2015 Qtde. DT
A2: CENTRO PARTICIPANTE: CEFID
A3: FORNECEDOR | B3: LOTE | C3: ITEM | D3: PRODUTO - CARACTERÍSTICAS MÍNIMAS | E3: UNIDADE | F3: MARCA | G3: ELEMENTO | H3: Preço UNITÁRIO (R$) | I3: Qtde Registrada | J3: Saldo / Automático | K3: ALERTA | L3: 42138 | M3: 42272 | N3: 42437 | O3: 42437 | P3: 42437 | Q3: ...../...../...... | R3: ...../...../...... | S3: ...../...../...... | T3: ...../...../...... | U3: ...../...../...... | V3: ...../...../......
A4: Estância Hidromineral Santa Rita de Cássia Ltda. | B4: 1 | C4: 1 | D4: Água Mineral sem gás, envasada em garrafão de 20L | E4: peça (peça = garrafão de 20 litros) | G4: 339030.07 | H4: 5.58 | I4: 2500 | J4: =I4-(SUM(L4:V4)) -> 2250 | K4: =IF(J4<0,"ATENÇÃO","OK") -> OK | L4: 0 | M4: 0 | N4: 0 | O4: 0 | P4: 250 | Q4: 0 | R4: 0 | S4: 0 | T4: 0 | U4: 0 | V4: 0
C5: 2 | D5: Água Mineral, com gás, envasada em garrafa de 500ML | E5: peça (peça = garrafa de 500 mililitros) | G5: 339030.07 | H5: 0.79 | I5: 240 | J5: =I5-(SUM(L5:V5)) -> 120 | K5: =IF(J5<0,"ATENÇÃO","OK") -> OK | L5: 0 | M5: 0 | N5: 0 | O5: 0 | P5: 120 | Q5: 0 | R5: 0 | S5: 0 | T5: 0 | U5: 0 | V5: 0
C6: 3 | D6: Água Mineral, sem gás, envasada em garrafa de 500ML | E6: peça (peça = garrafa de 500 mililitros) | G6: 339030.07 | H6: 0.74 | I6: 3600 | J6: =I6-(SUM(L6:V6)) -> 3120 | K6: =IF(J6<0,"ATENÇÃO","OK") -> OK | L6: 0 | M6: 0 | N6: 0 | O6: 0 | P6: 480 | Q6: 0 | R6: 0 | S6: 0 | T6: 0 | U6: 0 | V6: 0
A7: Distribuidora Nova Esperança Ltda. EPP | B7: 2 | C7: 4 | D7: Café, torrado e moído, embalagem de 500g, em pó, tipo Superior | E7: Kg (Kg = 02 embalagens de 500 gramas) | F7: SANTA CATARINA SUPERIOR | G7: 339030.07 | H7: 10.7 | I7: =720-100 -> 620 | J7: =I7-(SUM(L7:V7)) -> 0 | K7: =IF(J7<0,"ATENÇÃO","OK") -> OK | L7: 0 | M7: 250 | N7: 0 | O7: 370 | P7: 0 | Q7: 0 | R7: 0 | S7: 0 | T7: 0 | U7: 0 | V7: 0
A8: Distribuidora Nova Esperança Ltda. EPP | B8: 3 | C8: 5 | D8: Açúcar refinado, embalagem de 1Kg | E8: Kg (Kg = 01 embalagem de 1 quilo) | F8: DA BARRA | G8: 339030.07 | H8: 1.79 | I8: 1000 | J8: =I8-(SUM(L8:V8)) -> 500 | K8: =IF(J8<0,"ATENÇÃO","OK") -> OK | L8: 0 | M8: 200 | N8: 0 | O8: 300 | P8: 0 | Q8: 0 | R8: 0 | S8: 0 | T8: 0 | U8: 0 | V8: 0
A9: Elo Comércio e Serviços Ltda. ME | B9: 4 | C9: 6 | D9: Adoçante dietético líquido 100 ml, com validade de no mínimo 24 meses a cada fornecimento. | E9: frasco | F9: LOWÇUCAR | G9: 339030.07 | H9: 1.83 | I9: 60 | J9: =I9-(SUM(L9:V9)) -> 12 | K9: =IF(J9<0,"ATENÇÃO","OK") -> OK | L9: 24 | M9: 0 | N9: 24 | O9: 0 | P9: 0 | Q9: 0 | R9: 0 | S9: 0 | T9: 0 | U9: 0 | V9: 0
C10: 7 | D10: Chá de camomila, caixa com 10 saquinhos, com peso mínimo de 10 gramas cada caixa. | E10: Caixa | F10: REAL | G10: 339030.07 | H10: 1.41 | I10: 100 | J10: =I10-(SUM(L10:V10)) -> 70 | K10: =IF(J10<0,"ATENÇÃO","OK") -> OK | L10: 30 | M10: 0 | N10: 0 | O10: 0 | P10: 0 | Q10: 0 | R10: 0 | S10: 0 | T10: 0 | U10: 0 | V10: 0
C11: 8 | D11: Chá de erva cidreira, caixa com 10 saquinhos com peso mínimo de 10 gramas cada caixa. | E11: Caixa | F11: REAL | G11: 339030.07 | H11: 1.21 | I11: 100 | J11: =I11-(SUM(L11:V11)) -> 40 | K11: =IF(J11<0,"ATENÇÃO","OK") -> OK | L11: 30 | M11: 0 | N11: 30 | O11: 0 | P11: 0 | Q11: 0 | R11: 0 | S11: 0 | T11: 0 | U11: 0 | V11: 0
C12: 9 | D12: Chá de maçã com canela, caixa com 10 saquinhos com peso mínimo de 15 gramas cada caixa. | E12: Caixa | F12: REAL | G12: 339030.07 | H12: 2.55 | I12: 150 | J12: =I12-(SUM(L12:V12)) -> 80 | K12: =IF(J12<0,"ATENÇÃO","OK") -> OK | L12: 40 | M12: 0 | N12: 30 | O12: 0 | P12: 0 | Q12: 0 | R12: 0 | S12: 0 | T12: 0 | U12: 0 | V12: 0
C13: 10 | D13: Caixa de chá frutas vermelhas, com 10 saquinhos e peso mínimo de 15 gramas cada caixa. | E13: Caixa | F13: REAL | G13: 339030.07 | H13: 2.39 | I13: 150 | J13: =I13-(SUM(L13:V13)) -> 80 | K13: =IF(J13<0,"ATENÇÃO","OK") -> OK | L13: 40 | M13: 0 | N13: 30 | O13: 0 | P13: 0 | Q13: 0 | R13: 0 | S13: 0 | T13: 0 | U13: 0 | V13: 0
C14: 11 | D14: Bolachas salgadas com gergelim, pacote com no mínimo 360 grams, e no mínimo duas embalagens individualizadas. Validade mínima de 06 meses a cada fornecimento. | E14: Pacote | F14: ORQUIDEA | G14: 339030.07 | H14: 3.59 | J14: =I14-(SUM(L14:V14)) -> 0 | K14: =IF(J14<0,"ATENÇÃO","OK") -> OK | L14: 0 | M14: 0 | N14: 0 | O14: 0 | P14: 0 | Q14: 0 | R14: 0 | S14: 0 | T14: 0 | U14: 0 | V14: 0
C15: 12 | D15: Bolacha tipo waffer, sabor morango, pacote com no mínimo 120 grams.Validade mínima de 06 meses a cada fornecimento. | E15: Pacote | F15: MARILAN | G15: 339030.07 | H15: 1.24 | J15: =I15-(SUM(L15:V15)) -> 0 | K15: =IF(J15<0,"ATENÇÃO","OK") -> OK | L15: 0 | M15: 0 | N15: 0 | O15: 0 | P15: 0 | Q15: 0 | R15: 0 | S15: 0 | T15: 0 | U15: 0 | V15: 0
C16: 13 | D16: Bolacha tipo waffer, sabor chocolate, pacote com no mínimo 120 grams.Validade mínima de 06 meses a cada fornecimento. | E16: Pacote | F16: MARILAN | G16: 339030.07 | H16: 1.24 | J16: =I16-(SUM(L16:V16)) -> 0 | K16: =IF(J16<0,"ATENÇÃO","OK") -> OK | L16: 0 | M16: 0 | N16: 0 | O16: 0 | P16: 0 | Q16: 0 | R16: 0 | S16: 0 | T16: 0 | U16: 0 | V16: 0
C17: 14 | D17: Bolacha recheada, sabor chocolate, pacote com no mínimo 120 grmas. Validade mínima de 06 meses cada fornecimento. | E17: Pacote | F17: ORQUIDEA | G17: 339030.07 | H17: 0.94 | J17: =I17-(SUM(L17:V17)) -> 0 | K17: =IF(J17<0,"ATENÇÃO","OK") -> OK | L17: 0 | M17: 0 | N17: 0 | O17: 0 | P17: 0 | Q17: 0 | R17: 0 | S17: 0 | T17: 0 | U17: 0 | V17: 0
C18: 15 | D18: Bolacha recheada, sabor morango, pacote com no mínimo 120 grmas. Validade mínima de 06 meses cada fornecimento. | E18: Pacote | F18: ORQUIDEA | G18: 339030.07 | H18: 0.94 | J18: =I18-(SUM(L18:V18)) -> 0 | K18: =IF(J18<0,"ATENÇÃO","OK") -> OK | L18: 0 | M18: 0 | N18: 0 | O18: 0 | P18: 0 | Q18: 0 | R18: 0 | S18: 0 | T18: 0 | U18: 0 | V18: 0
C19: 16 | D19: Bolacha salgada, temperada, similar ou igual a marca Club Social, pacote com no mínimo 120 grmas. Validade mínima de 06 meses cada fornecimento. | E19: Pacote | F19: MARILAN | G19: 339030.07 | H19: 2.19 | J19: =I19-(SUM(L19:V19)) -> 0 | K19: =IF(J19<0,"ATENÇÃO","OK") -> OK | L19: 0 | M19: 0 | N19: 0 | O19: 0 | P19: 0 | Q19: 0 | R19: 0 | S19: 0 | T19: 0 | U19: 0 | V19: 0
C20: 17 | D20: Sachê de sal refinado e iodado, contendo 1 grama. Validade mínima de 12 meses a partir da data da entrega. Caixa com 2.000 sachês. | E20: Caixa | F20: LEILA | G20: 339030.07 | H20: 7.59 | J20: =I20-(SUM(L20:V20)) -> 0 | K20: =IF(J20<0,"ATENÇÃO","OK") -> OK | L20: 0 | M20: 0 | N20: 0 | O20: 0 | P20: 0 | Q20: 0 | R20: 0 | S20: 0 | T20: 0 | U20: 0 | V20: 0
A21: DESERTO | B21: 5 | C21: 18 | D21: Carga para gás liquefeito de petróleo, GLP, vulgo gás de cozinha, composto de propano e butano. Aplicação para uso doméstico. Botijão P 13. | E21: Botijão | G21: 339030.04 | H21: 0 | J21: =I21-(SUM(L21:V21)) -> 0 | K21: =IF(J21<0,"ATENÇÃO","OK") -> OK | L21: 0 | M21: 0 | N21: 0 | O21: 0 | P21: 0 | Q21: 0 | R21: 0 | S21: 0 | T21: 0 | U21: 0 | V21: 0
C22: 19 | D22: Carga para gás liquefeito de petróleo, GLP, vulgo gás de cozinha, composto de propano e butano. Aplicação para uso doméstico. Botijão P 45. | E22: Botijão | G22: 339030.04 | H22: 0 | J22: =I22-(SUM(L22:V22)) -> 0 | K22: =IF(J22<0,"ATENÇÃO","OK") -> OK | L22: 0 | M22: 0 | N22: 0 | O22: 0 | P22: 0 | Q22: 0 | R22: 0 | S22: 0 | T22: 0 | U22: 0 | V22: 0
A23: Distribuidora Nova Esperança Ltda. EPP | B23: 6 | C23: 20 | D23: Leite de vaca, integral, (UHT) pasteurizado em ultra/altas temperaturas, em balagem em caixa tipo longa vida, com 1000 mililitros,devidamente rotuladas conforme legislação vigente e passuir registro nos órgãos de Inspeção Sanitária; com validade mínima de 60 dias cada fornecimento. | E23: Litro | F23: LANGUIRU | G23: 339030.07 | H23: 1.95 | J23: =I23-(SUM(L23:V23)) -> 0 | K23: =IF(J23<0,"ATENÇÃO","OK") -> OK | L23: 0 | M23: 0 | N23: 0 | O23: 0 | P23: 0 | Q23: 0 | R23: 0 | S23: 0 | T23: 0 | U23: 0 | V23: 0
A24: Distribuidora Nova Esperança Ltda. EPP | B24: 7 | C24: 21 | D24: Água Mineral sem gás, envasada em garrafão de 20L | E24: peça (peça = garrafão de 20 litros) | F24: RIO D'OURO | G24: 339030.07 | H24: 7.81 | J24: =I24-(SUM(L24:V24)) -> 0 | K24: =IF(J24<0,"ATENÇÃO","OK") -> OK | L24: 0 | M24: 0 | N24: 0 | O24: 0 | P24: 0 | Q24: 0 | R24: 0 | S24: 0 | T24: 0 | U24: 0 | V24: 0
C25: 22 | D25: Água Mineral, com gás, envasada em garrafa de 500ML | E25: peça (peça = garrafa de 500 mililitros) | F25: DA GUARDA | G25: 339030.07 | H25: 1.12 | J25: =I25-(SUM(L25:V25)) -> 0 | K25: =IF(J25<0,"ATENÇÃO","OK") -> OK | L25: 0 | M25: 0 | N25: 0 | O25: 0 | P25: 0 | Q25: 0 | R25: 0 | S25: 0 | T25: 0 | U25: 0 | V25: 0
C26: 23 | D26: Água Mineral, sem gás, envasada em garrafa de 500ML | E26: peça (peça = garrafa de 500 mililitros) | F26: DA GUARDA | G26: 339030.07 | H26: 1.14 | J26: =I26-(SUM(L26:V26)) -> 0 | K26: =IF(J26<0,"ATENÇÃO","OK") -> OK | L26: 0 | M26: 0 | N26: 0 | O26: 0 | P26: 0 | Q26: 0 | R26: 0 | S26: 0 | T26: 0 | U26: 0 | V26: 0
A27: DESERTO | B27: 8 | C27: 24 | D27: Carga para gás liquefeito de petróleo, GLP, vulgo gás de cozinha, composto de propano e butano. Aplicação para uso doméstico. Botijão P 13. | E27: Botijão | G27: 339030.04 | H27: 0 | J27: =I27-(SUM(L27:V27)) -> 0 | K27: =IF(J27<0,"ATENÇÃO","OK") -> OK | L27: 0 | M27: 0 | N27: 0 | O27: 0 | P27: 0 | Q27: 0 | R27: 0 | S27: 0 | T27: 0 | U27: 0 | V27: 0
A28: DESERTO | B28: 9 | C28: 25 | D28: Água Mineral sem gás, envasada em garrafão de 20L | E28: peça (peça = garrafão de 20 litros) | G28: 339030.07 | H28: 0 | J28: =I28-(SUM(L28:V28)) -> 0 | K28: =IF(J28<0,"ATENÇÃO","OK") -> OK | L28: 0 | M28: 0 | N28: 0 | O28: 0 | P28: 0 | Q28: 0 | R28: 0 | S28: 0 | T28: 0 | U28: 0 | V28: 0
C29: 26 | D29: Água Mineral, sem gás, envasada em garrafa de 500ML | E29: peça (peça = garrafa de 500 mililitros) | G29: 339030.07 | H29: 0 | J29: =I29-(SUM(L29:V29)) -> 0 | K29: =IF(J29<0,"ATENÇÃO","OK") -> OK | L29: 0 | M29: 0 | N29: 0 | O29: 0 | P29: 0 | Q29: 0 | R29: 0 | S29: 0 | T29: 0 | U29: 0 | V29: 0
A30: DESERTO | B30: 10 | C30: 27 | D30: Carga para gás liquefeito de petróleo, GLP, vulgo gás de cozinha, composto de propano e butano. Aplicação para uso doméstico. Botijão P 13. | E30: Botijão | G30: 339030.04 | H30: 0 | J30: =I30-(SUM(L30:V30)) -> 0 | K30: =IF(J30<0,"ATENÇÃO","OK") -> OK | L30: 0 | M30: 0 | N30: 0 | O30: 0 | P30: 0 | Q30: 0 | R30: 0 | S30: 0 | T30: 0 | U30: 0 | V30: 0
A31: DESERTO | B31: 11 | C31: 28 | D31: Água Mineral sem gás, envasada em garrafão de 20L | E31: peça (peça = garrafão de 20 litros) | G31: 339030.07 | H31: 0 | J31: =I31-(SUM(L31:V31)) -> 0 | K31: =IF(J31<0,"ATENÇÃO","OK") -> OK | L31: 0 | M31: 0 | N31: 0 | O31: 0 | P31: 0 | Q31: 0 | R31: 0 | S31: 0 | T31: 0 | U31: 0 | V31: 0
C32: 29 | D32: Água Mineral, sem gás, envasada em garrafa de 500ML | E32: peça (peça = garrafa de 500 mililitros) | G32: 339030.07 | H32: 0 | J32: =I32-(SUM(L32:V32)) -> 0 | K32: =IF(J32<0,"ATENÇÃO","OK") -> OK | L32: 0 | M32: 0 | N32: 0 | O32: 0 | P32: 0 | Q32: 0 | R32: 0 | S32: 0 | T32: 0 | U32: 0 | V32: 0
A33: TAF Distribuidora Ltda. | B33: 12 | C33: 30 | D33: Café, torrado e moído, embalagem de 500g, em pó, tipo Superior | E33: Kg (Kg = 02 embalagens de 500 gramas) | F33: ODEBRECHT SUPERIOR | G33: 339030.07 | H33: 9.26 | J33: =I33-(SUM(L33:V33)) -> 0 | K33: =IF(J33<0,"ATENÇÃO","OK") -> OK | L33: 0 | M33: 0 | N33: 0 | O33: 0 | P33: 0 | Q33: 0 | R33: 0 | S33: 0 | T33: 0 | U33: 0 | V33: 0
A34: Distribuidora Nova Esperança Ltda. EPP | B34: 13 | C34: 31 | D34: Açúcar refinado, embalagem de 1Kg | E34: Kg (Kg = 01 embalagem de 1 quilo) | F34: DA BARRA | G34: 339030.07 | H34: 1.82 | J34: =I34-(SUM(L34:V34)) -> 0 | K34: =IF(J34<0,"ATENÇÃO","OK") -> OK | L34: 0 | M34: 0 | N34: 0 | O34: 0 | P34: 0 | Q34: 0 | R34: 0 | S34: 0 | T34: 0 | U34: 0 | V34: 0
A35: Distribuidora Nova Esperança Ltda. EPP | B35: 14 | C35: 32 | D35: Água Mineral sem gás, envasada em garrafão de 20L | E35: peça (peça = garrafão de 20 litros) | F35: RIO D'OURO | G35: 339030.07 | H35: 7.8 | J35: =I35-(SUM(L35:V35)) -> 0 | K35: =IF(J35<0,"ATENÇÃO","OK") -> OK | L35: 0 | M35: 0 | N35: 0 | O35: 0 | P35: 0 | Q35: 0 | R35: 0 | S35: 0 | T35: 0 | U35: 0 | V35: 0
C36: 33 | D36: Água Mineral, com gás, envasada em garrafa de 500ML | E36: peça (peça = garrafa de 500 mililitros) | F36: DA GUARDA | G36: 339030.07 | H36: 1.12 | J36: =I36-(SUM(L36:V36)) -> 0 | K36: =IF(J36<0,"ATENÇÃO","OK") -> OK | L36: 0 | M36: 0 | N36: 0 | O36: 0 | P36: 0 | Q36: 0 | R36: 0 | S36: 0 | T36: 0 | U36: 0 | V36: 0
C37: 34 | D37: Água Mineral, sem gás, envasada em garrafa de 500ML | E37: peça (peça = garrafa de 500 mililitros) | F37: DA GUARDA | G37: 339030.07 | H37: 1.14 | J37: =I37-(SUM(L37:V37)) -> 0 | K37: =IF(J37<0,"ATENÇÃO","OK") -> OK | L37: 0 | M37: 0 | N37: 0 | O37: 0 | P37: 0 | Q37: 0 | R37: 0 | S37: 0 | T37: 0 | U37: 0 | V37: 0
A38: Distribuidora Nova Esperança Ltda. EPP | B38: 15 | C38: 35 | D38: Café, torrado e moído, embalagem de 500g, em pó, tipo Superior | E38: Kg (Kg = 02 embalagens de 500 gramas) | F38: SANTA CATARINA SUPERIOR | G38: 339030.07 | H38: 11.53 | J38: =I38-(SUM(L38:V38)) -> 0 | K38: =IF(J38<0,"ATENÇÃO","OK") -> OK | L38: 0 | M38: 0 | N38: 0 | O38: 0 | P38: 0 | Q38: 0 | R38: 0 | S38: 0 | T38: 0 | U38: 0 | V38: 0
A39: Elo Comércio e Serviços Ltda. ME | B39: 16 | C39: 36 | D39: Açúcar refinado, embalagem de 1Kg | E39: Kg (Kg = 01 embalagem de 1 quilo) | F39: CARAVELAS | G39: 339030.07 | H39: 1.82 | J39: =I39-(SUM(L39:V39)) -> 0 | K39: =IF(J39<0,"ATENÇÃO","OK") -> OK | L39: 0 | M39: 0 | N39: 0 | O39: 0 | P39: 0 | Q39: 0 | R39: 0 | S39: 0 | T39: 0 | U39: 0 | V39: 0
C40: 37 | D40: Adoçante dietético líquido 100 ml, com validade de no mínimo 24 meses a cada fornecimento. | E40: 100 ml | F40: LOWÇUCAR | G40: 339030.07 | H40: 1.83 | J40: =I40-(SUM(L40:V40)) -> 0 | K40: =IF(J40<0,"ATENÇÃO","OK") -> OK | L40: 0 | M40: 0 | N40: 0 | O40: 0 | P40: 0 | Q40: 0 | R40: 0 | S40: 0 | T40: 0 | U40: 0 | V40: 0
C41: 38 | D41: Chá de camomila, caixa com 10 saquinhos, com peso mínimo de 10 gramas cada caixa. | E41: Caixa10 saquinho 10 gramas | F41: REAL | G41: 339030.07 | H41: 1.41 | J41: =I41-(SUM(L41:V41)) -> 0 | K41: =IF(J41<0,"ATENÇÃO","OK") -> OK | L41: 0 | M41: 0 | N41: 0 | O41: 0 | P41: 0 | Q41: 0 | R41: 0 | S41: 0 | T41: 0 | U41: 0 | V41: 0
C42: 39 | D42: Chá de erva cidreira, caixa com 10 saquinhos com peso mínimo de 10 gramas cada caixa. | E42: Caixa10 saquinho 10 gramas | F42: REAL | G42: 339030.07 | H42: 1.21 | J42: =I42-(SUM(L42:V42)) -> 0 | K42: =IF(J42<0,"ATENÇÃO","OK") -> OK | L42: 0 | M42: 0 | N42: 0 | O42: 0 | P42: 0 | Q42: 0 | R42: 0 | S42: 0 | T42: 0 | U42: 0 | V42: 0
C43: 40 | D43: Chá de maçã com canela, caixa com 10 saquinhos com peso mínimo de 15 gramas cada caixa. | E43: Caixa10 saquinho 10 gramas | F43: REAL | G43: 339030.07 | H43: 2.55 | J43: =I43-(SUM(L43:V43)) -> 0 | K43: =IF(J43<0,"ATENÇÃO","OK") -> OK | L43: 0 | M43: 0 | N43: 0 | O43: 0 | P43: 0 | Q43: 0 | R43: 0 | S43: 0 | T43: 0 | U43: 0 | V43: 0
C44: 41 | D44: Caixa de chá frutas vermelhas, com 10 saquinhos e peso mínimo de 15 gramas cada caixa. | E44: Caixa10 saquinho 10 gramas | F44: REAL | G44: 339030.07 | H44: 2.39 | J44: =I44-(SUM(L44:V44)) -> 0 | K44: =IF(J44<0,"ATENÇÃO","OK") -> OK | L44: 0 | M44: 0 | N44: 0 | O44: 0 | P44: 0 | Q44: 0 | R44: 0 | S44: 0 | T44: 0 | U44: 0 | V44: 0
C45: 42 | D45: Leite em pó, embalagem de 400 gramas | E45: peça (peça = pacote de 400 gramas) | F45: PIRACANJUBA | G45: 339030.07 | H45: 9.52 | J45: =I45-(SUM(L45:V45)) -> 0 | K45: =IF(J45<0,"ATENÇÃO","OK") -> OK | L45: 0 | M45: 0 | N45: 0 | O45: 0 | P45: 0 | Q45: 0 | R45: 0 | S45: 0 | T45: 0 | U45: 0 | V45: 0
A46: DESERTO | B46: 17 | C46: 43 | D46: Carga para gás liquefeito de petróleo, GLP, vulgo gás de cozinha, composto de propano e butano. Aplicação para uso doméstico. Botijão P 13. | E46: Botijão | G46: 339030.04 | H46: 0 | J46: =I46-(SUM(L46:V46)) -> 0 | K46: =IF(J46<0,"ATENÇÃO","OK") -> OK | L46: 0 | M46: 0 | N46: 0 | O46: 0 | P46: 0 | Q46: 0 | R46: 0 | S46: 0 | T46: 0 | U46: 0 | V46: 0
C47: 44 | D47: Carga para gás liquefeito de petróleo, GLP, vulgo gás de cozinha, composto de propano e butano. Aplicação para uso doméstico. Botijão P 45. | E47: Botijão | G47: 339030.04 | H47: 0 | J47: =I47-(SUM(L47:V47)) -> 0 | K47: =IF(J47<0,"ATENÇÃO","OK") -> OK | L47: 0 | M47: 0 | N47: 0 | O47: 0 | P47: 0 | Q47: 0 | R47: 0 | S47: 0 | T47: 0 | U47: 0 | V47: 0
A48: DESERTO | B48: 18 | C48: 45 | D48: Água Mineral sem gás, envasada em garrafão de 20L | E48: peça (peça = garrafão de 20 litros) | G48: 339030.07 | H48: 0 | J48: =I48-(SUM(L48:V48)) -> 0 | K48: =IF(J48<0,"ATENÇÃO","OK") -> OK | L48: 0 | M48: 0 | N48: 0 | O48: 0 | P48: 0 | Q48: 0 | R48: 0 | S48: 0 | T48: 0 | U48: 0 | V48: 0
C49: 46 | D49: Água Mineral, sem gás, envasada em garrafa de 500ML | E49: peça (peça = garrafa de 500 mililitros) | G49: 339030.07 | H49: 0 | J49: =I49-(SUM(L49:V49)) -> 0 | K49: =IF(J49<0,"ATENÇÃO","OK") -> OK | L49: 0 | M49: 0 | N49: 0 | O49: 0 | P49: 0 | Q49: 0 | R49: 0 | S49: 0 | T49: 0 | U49: 0 | V49: 0
A50: TAF Distribuidora Ltda. | B50: 19 | C50: 47 | D50: Café, torrado e moído, embalagem de 500g, em pó, tipo Superior | E50: Kg (Kg = 02 embalagens de 500 gramas) | F50: ODEBRECHT SUPERIOR | G50: 339030.07 | H50: 9.26 | J50: =I50-(SUM(L50:V50)) -> 0 | K50: =IF(J50<0,"ATENÇÃO","OK") -> OK | L50: 0 | M50: 0 | N50: 0 | O50: 0 | P50: 0 | Q50: 0 | R50: 0 | S50: 0 | T50: 0 | U50: 0 | V50: 0
A51: INFRUTÍFERO | B51: 20 | C51: 48 | D51: Açúcar refinado, embalagem de 1Kg | E51: Kg (Kg = 01 embalagem de 1 quilo) | G51: 339030.07 | H51: 0 | J51: =I51-(SUM(L51:V51)) -> 0 | K51: =IF(J51<0,"ATENÇÃO","OK") -> OK | L51: 0 | M51: 0 | N51: 0 | O51: 0 | P51: 0 | Q51: 0 | R51: 0 | S51: 0 | T51: 0 | U51: 0 | V51: 0
C52: 49 | D52: Adoçante dietético líquido 100 ml, com validade de no mínimo 24 meses a cada fornecimento. | E52: frasco | G52: 339030.07 | H52: 0 | J52: =I52-(SUM(L52:V52)) -> 0 | K52: =IF(J52<0,"ATENÇÃO","OK") -> OK | L52: 0 | M52: 0 | N52: 0 | O52: 0 | P52: 0 | Q52: 0 | R52: 0 | S52: 0 | T52: 0 | U52: 0 | V52: 0
C53: 50 | D53: Chá de camomila, caixa com 10 saquinhos, com peso mínimo de 10 gramas cada caixa. | E53: caixa | G53: 339030.07 | H53: 0 | J53: =I53-(SUM(L53:V53)) -> 0 | K53: =IF(J53<0,"ATENÇÃO","OK") -> OK | L53: 0 | M53: 0 | N53: 0 | O53: 0 | P53: 0 | Q53: 0 | R53: 0 | S53: 0 | T53: 0 | U53: 0 | V53: 0
C54: 51 | D54: Chá de erva cidreira, caixa com 10 saquinhos com peso mínimo de 10 gramas cada caixa. | E54: caixa | G54: 339030.07 | H54: 0 | J54: =I54-(SUM(L54:V54)) -> 0 | K54: =IF(J54<0,"ATENÇÃO","OK") -> OK | L54: 0 | M54: 0 | N54: 0 | O54: 0 | P54: 0 | Q54: 0 | R54: 0 | S54: 0 | T54: 0 | U54: 0 | V54: 0
C55: 52 | D55: Chá de maçã com canela, caixa com 10 saquinhos com peso mínimo de 15 gramas cada caixa. | E55: caixa | G55: 339030.07 | H55: 0 | J55: =I55-(SUM(L55:V55)) -> 0 | K55: =IF(J55<0,"ATENÇÃO","OK") -> OK | L55: 0 | M55: 0 | N55: 0 | O55: 0 | P55: 0 | Q55: 0 | R55: 0 | S55: 0 | T55: 0 | U55: 0 | V55: 0
C56: 53 | D56: Caixa de chá frutas vermelhas, com 10 saquinhos e peso mínimo de 15 gramas cada caixa. | E56: caixa | G56: 339030.07 | H56: 0 | J56: =I56-(SUM(L56:V56)) -> 0 | K56: =IF(J56<0,"ATENÇÃO","OK") -> OK | L56: 0 | M56: 0 | N56: 0 | O56: 0 | P56: 0 | Q56: 0 | R56: 0 | S56: 0 | T56: 0 | U56: 0 | V56: 0
C57: 54 | D57: Sachê açúcar mascavo 5 gramas | E57: Caixa com no minimo 200 unidades | G57: 339030.07 | H57: 0 | J57: =I57-(SUM(L57:V57)) -> 0 | K57: =IF(J57<0,"ATENÇÃO","OK") -> OK | L57: 0 | M57: 0 | N57: 0 | O57: 0 | P57: 0 | Q57: 0 | R57: 0 | S57: 0 | T57: 0 | U57: 0 | V57: 0
C58: 55 | D58: Sachê açúcar refinado 5 gramas | E58: Caixa com no minimo 400 unidades | G58: 339030.07 | H58: 0 | J58: =I58-(SUM(L58:V58)) -> 0 | K58: =IF(J58<0,"ATENÇÃO","OK") -> OK | L58: 0 | M58: 0 | N58: 0 | O58: 0 | P58: 0 | Q58: 0 | R58: 0 | S58: 0 | T58: 0 | U58: 0 | V58: 0
A59: DESERTO | B59: 21 | C59: 56 | D59: Carga para gás liquefeito de petróleo, GLP, vulgo gás de cozinha, composto de propano e butano. Aplicação para uso doméstico. Botijão P 13. | E59: Botijão | G59: 339030.04 | H59: 0 | J59: =I59-(SUM(L59:V59)) -> 0 | K59: =IF(J59<0,"ATENÇÃO","OK") -> OK | L59: 0 | M59: 0 | N59: 0 | O59: 0 | P59: 0 | Q59: 0 | R59: 0 | S59: 0 | T59: 0 | U59: 0 | V59: 0
C60: 57 | D60: Carga para gás liquefeito de petróleo, GLP, vulgo gás de cozinha, composto de propano e butano. Aplicação para uso doméstico. Botijão P 45. | E60: Botijão | G60: 339030.04 | H60: 0 | J60: =I60-(SUM(L60:V60)) -> 0 | K60: =IF(J60<0,"ATENÇÃO","OK") -> OK | L60: 0 | M60: 0 | N60: 0 | O60: 0 | P60: 0 | Q60: 0 | R60: 0 | S60: 0 | T60: 0 | U60: 0 | V60: 0
A61: DESERTO | B61: 22 | C61: 58 | D61: Água Mineral sem gás, envasada em garrafão de 20L | E61: peça (peça = garrafão de 20 litros) | G61: 339030.07 | H61: 0 | J61: =I61-(SUM(L61:V61)) -> 0 | K61: =IF(J61<0,"ATENÇÃO","OK") -> OK | L61: 0 | M61: 0 | N61: 0 | O61: 0 | P61: 0 | Q61: 0 | R61: 0 | S61: 0 | T61: 0 | U61: 0 | V61: 0
C62: 59 | D62: Água Mineral, com gás, envasada em garrafa de 500ML | E62: peça (peça = garrafa de 500 mililitros) | G62: 339030.07 | H62: 0 | J62: =I62-(SUM(L62:V62)) -> 0 | K62: =IF(J62<0,"ATENÇÃO","OK") -> OK | L62: 0 | M62: 0 | N62: 0 | O62: 0 | P62: 0 | Q62: 0 | R62: 0 | S62: 0 | T62: 0 | U62: 0 | V62: 0
C63: 60 | D63: Água Mineral, sem gás, envasada em garrafa de 500ML | E63: peça (peça = garrafa de 500 mililitros) | G63: 339030.07 | H63: 0 | J63: =I63-(SUM(L63:V63)) -> 0 | K63: =IF(J63<0,"ATENÇÃO","OK") -> OK | L63: 0 | M63: 0 | N63: 0 | O63: 0 | P63: 0 | Q63: 0 | R63: 0 | S63: 0 | T63: 0 | U63: 0 | V63: 0
A64: INFRUTÍFERO | B64: 23 | C64: 61 | D64: Café, torrado e moído, embalagem de 500g, em pó, tipo Superior | E64: Kg (Kg = 02 embalagens de 500 gramas) | G64: 339030.07 | H64: 0 | J64: =I64-(SUM(L64:V64)) -> 0 | K64: =IF(J64<0,"ATENÇÃO","OK") -> OK | L64: 0 | M64: 0 | N64: 0 | O64: 0 | P64: 0 | Q64: 0 | R64: 0 | S64: 0 | T64: 0 | U64: 0 | V64: 0
C65: 62 | D65: Açúcar refinado, embalagem de 1Kg | E65: Kg (Kg = 01 embalagem de 1 quilo) | G65: 339030.07 | H65: 0 | J65: =I65-(SUM(L65:V65)) -> 0 | K65: =IF(J65<0,"ATENÇÃO","OK") -> OK | L65: 0 | M65: 0 | N65: 0 | O65: 0 | P65: 0 | Q65: 0 | R65: 0 | S65: 0 | T65: 0 | U65: 0 | V65: 0
C66: 63 | D66: Adoçante dietético líquido 100 ml, com validade de no mínimo 24 meses a cada fornecimento. | E66: 100 ml | G66: 339030.07 | H66: 0 | J66: =I66-(SUM(L66:V66)) -> 0 | K66: =IF(J66<0,"ATENÇÃO","OK") -> OK | L66: 0 | M66: 0 | N66: 0 | O66: 0 | P66: 0 | Q66: 0 | R66: 0 | S66: 0 | T66: 0 | U66: 0 | V66: 0
C67: 64 | D67: Chá de camomila, caixa com 10 saquinhos, com peso mínimo de 10 gramas cada caixa. | E67: Caixa10 saquinho 10 gramas | G67: 339030.07 | H67: 0 | J67: =I67-(SUM(L67:V67)) -> 0 | K67: =IF(J67<0,"ATENÇÃO","OK") -> OK | L67: 0 | M67: 0 | N67: 0 | O67: 0 | P67: 0 | Q67: 0 | R67: 0 | S67: 0 | T67: 0 | U67: 0 | V67: 0
C68: 65 | D68: Chá de erva cidreira, caixa com 10 saquinhos com peso mínimo de 10 gramas cada caixa. | E68: Caixa10 saquinho 10 gramas | G68: 339030.07 | H68: 0 | J68: =I68-(SUM(L68:V68)) -> 0 | K68: =IF(J68<0,"ATENÇÃO","OK") -> OK | L68: 0 | M68: 0 | N68: 0 | O68: 0 | P68: 0 | Q68: 0 | R68: 0 | S68: 0 | T68: 0 | U68: 0 | V68: 0
C69: 66 | D69: Chá de maçã com canela, caixa com 10 saquinhos com peso mínimo de 15 gramas cada caixa. | E69: Caixa10 saquinho 10 gramas | G69: 339030.07 | H69: 0 | J69: =I69-(SUM(L69:V69)) -> 0 | K69: =IF(J69<0,"ATENÇÃO","OK") -> OK | L69: 0 | M69: 0 | N69: 0 | O69: 0 | P69: 0 | Q69: 0 | R69: 0 | S69: 0 | T69: 0 | U69: 0 | V69: 0
C70: 67 | D70: Caixa de chá frutas vermelhas, com 10 saquinhos e peso mínimo de 15 gramas cada caixa. | E70: Caixa10 saquinho 10 gramas | G70: 339030.07 | H70: 0 | J70: =I70-(SUM(L70:V70)) -> 0 | K70: =IF(J70<0,"ATENÇÃO","OK") -> OK | L70: 0 | M70: 0 | N70: 0 | O70: 0 | P70: 0 | Q70: 0 | R70: 0 | S70: 0 | T70: 0 | U70: 0 | V70: 0
C71: 68 | D71: Açúcar cristal, embalagem 1 Kg | E71: Kg (Kg = 01 embalagem de 1 quilo) | G71: 339030.07 | H71: 0 | J71: =I71-(SUM(L71:V71)) -> 0 | K71: =IF(J71<0,"ATENÇÃO","OK") -> OK | L71: 0 | M71: 0 | N71: 0 | O71: 0 | P71: 0 | Q71: 0 | R71: 0 | S71: 0 | T71: 0 | U71: 0 | V71: 0
A72: DESERTO | B72: 24 | C72: 69 | D72: Carga para gás liquefeito de petróleo, GLP, vulgo gás de cozinha, composto de propano e butano. Aplicação para uso doméstico. Botijão P 13. | E72: Botijão | G72: 339030.04 | H72: 0 | J72: =I72-(SUM(L72:V72)) -> 0 | K72: =IF(J72<0,"ATENÇÃO","OK") -> OK | L72: 0 | M72: 0 | N72: 0 | O72: 0 | P72: 0 | Q72: 0 | R72: 0 | S72: 0 | T72: 0 | U72: 0 | V72: 0
C73: 70 | D73: Carga para gás liquefeito de petróleo, GLP, vulgo gás de cozinha, composto de propano e butano. Aplicação para uso doméstico. Botijão P 45. | E73: Botijão | G73: 339030.04 | H73: 0 | J73: =I73-(SUM(L73:V73)) -> 0 | K73: =IF(J73<0,"ATENÇÃO","OK") -> OK | L73: 0 | M73: 0 | N73: 0 | O73: 0 | P73: 0 | Q73: 0 | R73: 0 | S73: 0 | T73: 0 | U73: 0 | V73: 0
D76: * Lotes 5, 8,9, 10, 11, 17, 18, 21, 22 e 24 - DESERTOS
D77: *Lotes 20 e 23 - INFRUTÍFEROS
D78: *Prazos de Entrega e Pagamento conforme edital

Sheet CESFI
A1: PROCESSO: 0065/2015/UDESC | D1: OBJETO: AQUISIÇÃO DE GÊNEROS ALIMENTÍCIOS | I1: VIGÊNCIA DA ATA: 11/03/2015 até 10/03/2016 | L1: AF nº 363/2015 Qtde. DT | M1: AF nº 526/2015 Qtde. DT | N1: AF nº 1057/2015 Qtde. DT | O1: AF nº 1499/2015 Qtde. DT | P1: AF/OS nº 1920/2015 Qtde. DT | Q1: AF/OS nº 121/2016 Qtde. DT | R1: AF/OS nº xxxx/2015 Qtde. DT | S1: AF/OS nº xxxx/2015 Qtde. DT | T1: AF/OS nº xxxx/2015 Qtde. DT | U1: AF/OS nº xxxx/2015 Qtde. DT | V1: AF/OS nº xxxx/2015 Qtde. DT | W1: AF/OS nº xxxx/2015 Qtde. DT
A2: CENTRO PARTICIPANTE: CESFI
A3: FORNECEDOR | B3: LOTE | C3: ITEM | D3: PRODUTO - CARACTERÍSTICAS MÍNIMAS | E3: UNIDADE | F3: MARCA | G3: ELEMENTO | H3: Preço UNITÁRIO (R$) | I3: Qtde Registrada | J3: Saldo / Automático | K3: ALERTA | L3: 42094 | M3: 42117 | N3: 42181 | O3: 42240 | P3: 42291 | Q3: 42417 | R3: ...../...../...... | S3: ...../...../...... | T3: ...../...../...... | U3: ...../...../...... | V3: ...../...../...... | W3: ...../...../......
A4: Estância Hidromineral Santa Rita de Cássia Ltda. | B4: 1 | C4: 1 | D4: Água Mineral sem gás, envasada em garrafão de 20L | E4: peça (peça = garrafão de 20 litros) | G4: 339030.07 | H4: 5.58 | J4: =I4-(SUM(L4:W4)) -> 0 | K4: =IF(J4<0,"ATENÇÃO","OK") -> OK | L4: 0 | M4: 0 | N4: 0 | O4: 0 | P4: 0 | Q4: 0 | R4: 0 | S4: 0 | T4: 0 | U4: 0 | V4: 0 | W4: 0
C5: 2 | D5: Água Mineral, com gás, envasada em garrafa de 500ML | E5: peça (peça = garrafa de 500 mililitros) | G5: 339030.07 | H5: 0.79 | J5: =I5-(SUM(L5:W5)) -> 0 | K5: =IF(J5<0,"ATENÇÃO","OK") -> OK | L5: 0 | M5: 0 | N5: 0 | O5: 0 | P5: 0 | Q5: 0 | R5: 0 | S5: 0 | T5: 0 | U5: 0 | V5: 0 | W5: 0
C6: 3 | D6: Água Mineral, sem gás, envasada em garrafa de 500ML | E6: peça (peça = garrafa de 500 mililitros) | G6: 339030.07 | H6: 0.74 | J6: =I6-(SUM(L6:W6)) -> 0 | K6: =IF(J6<0,"ATENÇÃO","OK") -> OK | L6: 0 | M6: 0 | N6: 0 | O6: 0 | P6: 0 | Q6: 0 | R6: 0 | S6: 0 | T6: 0 | U6: 0 | V6: 0 | W6: 0
A7: Distribuidora Nova Esperança Ltda. EPP | B7: 2 | C7: 4 | D7: Café, torrado e moído, embalagem de 500g, em pó, tipo Superior | E7: Kg (Kg = 02 embalagens de 500 gramas) | F7: SANTA CATARINA SUPERIOR | G7: 339030.07 | H7: 10.7 | I7: =250+100+200 -> 550 | J7: =I7-(SUM(L7:W7)) -> 0 | K7: =IF(J7<0,"ATENÇÃO","OK") -> OK | L7: 0 | M7: 100 | N7: 0 | O7: 150 | P7: 0 | Q7: 300 | R7: 0 | S7: 0 | T7: 0 | U7: 0 | V7: 0 | W7: 0
A8: Distribuidora Nova Esperança Ltda. EPP | B8: 3 | C8: 5 | D8: Açúcar refinado, embalagem de 1Kg | E8: Kg (Kg = 01 embalagem de 1 quilo) | F8: DA BARRA | G8: 339030.07 | H8: 1.79 | I8: 250 | J8: =I8-(SUM(L8:W8)) -> 70 | K8: =IF(J8<0,"ATENÇÃO","OK") -> OK | L8: 0 | M8: 30 | N8: 0 | O8: 60 | P8: 30 | Q8: 60 | R8: 0 | S8: 0 | T8: 0 | U8: 0 | V8: 0 | W8: 0
A9: Elo Comércio e Serviços Ltda. ME | B9: 4 | C9: 6 | D9: Adoçante dietético líquido 100 ml, com validade de no mínimo 24 meses a cada fornecimento. | E9: frasco | F9: LOWÇUCAR | G9: 339030.07 | H9: 1.83 | I9: 30 | J9: =I9-(SUM(L9:W9)) -> 30 | K9: =IF(J9<0,"ATENÇÃO","OK") -> OK | L9: 0 | M9: 0 | N9: 0 | O9: 0 | P9: 0 | Q9: 0 | R9: 0 | S9: 0 | T9: 0 | U9: 0 | V9: 0 | W9: 0
C10: 7 | D10: Chá de camomila, caixa com 10 saquinhos, com peso mínimo de 10 gramas cada caixa. | E10: Caixa | F10: REAL | G10: 339030.07 | H10: 1.41 | J10: =I10-(SUM(L10:W10)) -> 0 | K10: =IF(J10<0,"ATENÇÃO","OK") -> OK | L10: 0 | M10: 0 | N10: 0 | O10: 0 | P10: 0 | Q10: 0 | R10: 0 | S10: 0 | T10: 0 | U10: 0 | V10: 0 | W10: 0
C11: 8 | D11: Chá de erva cidreira, caixa com 10 saquinhos com peso mínimo de 10 gramas cada caixa. | E11: Caixa | F11: REAL | G11: 339030.07 | H11: 1.21 | J11: =I11-(SUM(L11:W11)) -> 0 | K11: =IF(J11<0,"ATENÇÃO","OK") -> OK | L11: 0 | M11: 0 | N11: 0 | O11: 0 | P11: 0 | Q11: 0 | R11: 0 | S11: 0 | T11: 0 | U11: 0 | V11: 0 | W11: 0
C12: 9 | D12: Chá de maçã com canela, caixa com 10 saquinhos com peso mínimo de 15 gramas cada caixa. | E12: Caixa | F12: REAL | G12: 339030.07 | H12: 2.55 | J12: =I12-(SUM(L12:W12)) -> 0 | K12: =IF(J12<0,"ATENÇÃO","OK") -> OK | L12: 0 | M12: 0 | N12: 0 | O12: 0 | P12: 0 | Q12: 0 | R12: 0 | S12: 0 | T12: 0 | U12: 0 | V12: 0 | W12: 0
C13: 10 | D13: Caixa de chá frutas vermelhas, com 10 saquinhos e peso mínimo de 15 gramas cada caixa. | E13: Caixa | F13: REAL | G13: 339030.07 | H13: 2.39 | J13: =I13-(SUM(L13:W13)) -> 0 | K13: =IF(J13<0,"ATENÇÃO","OK") -> OK | L13: 0 | M13: 0 | N13: 0 | O13: 0 | P13: 0 | Q13: 0 | R13: 0 | S13: 0 | T13: 0 | U13: 0 | V13: 0 | W13: 0
C14: 11 | D14: Bolachas salgadas com gergelim, pacote com no mínimo 360 grams, e no mínimo duas embalagens individualizadas. Validade mínima de 06 meses a cada fornecimento. | E14: Pacote | F14: ORQUIDEA | G14: 339030.07 | H14: 3.59 | J14: =I14-(SUM(L14:W14)) -> 0 | K14: =IF(J14<0,"ATENÇÃO","OK") -> OK | L14: 0 | M14: 0 | N14: 0 | O14: 0 | P14: 0 | Q14: 0 | R14: 0 | S14: 0 | T14: 0 | U14: 0 | V14: 0 | W14: 0
C15: 12 | D15: Bolacha tipo waffer, sabor morango, pacote com no mínimo 120 grams.Validade mínima de 06 meses a cada fornecimento. | E15: Pacote | F15: MARILAN | G15: 339030.07 | H15: 1.24 | J15: =I15-(SUM(L15:W15)) -> 0 | K15: =IF(J15<0,"ATENÇÃO","OK") -> OK | L15: 0 | M15: 0 | N15: 0 | O15: 0 | P15: 0 | Q15: 0 | R15: 0 | S15: 0 | T15: 0 | U15: 0 | V15: 0 | W15: 0
C16: 13 | D16: Bolacha tipo waffer, sabor chocolate, pacote com no mínimo 120 grams.Validade mínima de 06 meses a cada fornecimento. | E16: Pacote | F16: MARILAN | G16: 339030.07 | H16: 1.24 | J16: =I16-(SUM(L16:W16)) -> 0 | K16: =IF(J16<0,"ATENÇÃO","OK") -> OK | L16: 0 | M16: 0 | N16: 0 | O16: 0 | P16: 0 | Q16: 0 | R16: 0 | S16: 0 | T16: 0 | U16: 0 | V16: 0 | W16: 0
C17: 14 | D17: Bolacha recheada, sabor chocolate, pacote com no mínimo 120 grmas. Validade mínima de 06 meses cada fornecimento. | E17: Pacote | F17: ORQUIDEA | G17: 339030.07 | H17: 0.94 | J17: =I17-(SUM(L17:W17)) -> 0 | K17: =IF(J17<0,"ATENÇÃO","OK") -> OK | L17: 0 | M17: 0 | N17: 0 | O17: 0 | P17: 0 | Q17: 0 | R17: 0 | S17: 0 | T17: 0 | U17: 0 | V17: 0 | W17: 0
C18: 15 | D18: Bolacha recheada, sabor morango, pacote com no mínimo 120 grmas. Validade mínima de 06 meses cada fornecimento. | E18: Pacote | F18: ORQUIDEA | G18: 339030.07 | H18: 0.94 | J18: =I18-(SUM(L18:W18)) -> 0 | K18: =IF(J18<0,"ATENÇÃO","OK") -> OK | L18: 0 | M18: 0 | N18: 0 | O18: 0 | P18: 0 | Q18: 0 | R18: 0 | S18: 0 | T18: 0 | U18: 0 | V18: 0 | W18: 0
C19: 16 | D19: Bolacha salgada, temperada, similar ou igual a marca Club Social, pacote com no mínimo 120 grmas. Validade mínima de 06 meses cada fornecimento. | E19: Pacote | F19: MARILAN | G19: 339030.07 | H19: 2.19 | J19: =I19-(SUM(L19:W19)) -> 0 | K19: =IF(J19<0,"ATENÇÃO","OK") -> OK | L19: 0 | M19: 0 | N19: 0 | O19: 0 | P19: 0 | Q19: 0 | R19: 0 | S19: 0 | T19: 0 | U19: 0 | V19: 0 | W19: 0
C20: 17 | D20: Sachê de sal refinado e iodado, contendo 1 grama. Validade mínima de 12 meses a partir da data da entrega. Caixa com 2.000 sachês. | E20: Caixa | F20: LEILA | G20: 339030.07 | H20: 7.59 | J20: =I20-(SUM(L20:W20)) -> 0 | K20: =IF(J20<0,"ATENÇÃO","OK") -> OK | L20: 0 | M20: 0 | N20: 0 | O20: 0 | P20: 0 | Q20: 0 | R20: 0 | S20: 0 | T20: 0 | U20: 0 | V20: 0 | W20: 0
A21: DESERTO | B21: 5 | C21: 18 | D21: Carga para gás liquefeito de petróleo, GLP, vulgo gás de cozinha, composto de propano e butano. Aplicação para uso doméstico. Botijão P 13. | E21: Botijão | G21: 339030.04 | H21: 0 | J21: =I21-(SUM(L21:W21)) -> 0 | K21: =IF(J21<0,"ATENÇÃO","OK") -> OK | L21: 0 | M21: 0 | N21: 0 | O21: 0 | P21: 0 | Q21: 0 | R21: 0 | S21: 0 | T21: 0 | U21: 0 | V21: 0 | W21: 0
C22: 19 | D22: Carga para gás liquefeito de petróleo, GLP, vulgo gás de cozinha, composto de propano e butano. Aplicação para uso doméstico. Botijão P 45. | E22: Botijão | G22: 339030.04 | H22: 0 | J22: =I22-(SUM(L22:W22)) -> 0 | K22: =IF(J22<0,"ATENÇÃO","OK") -> OK | L22: 0 | M22: 0 | N22: 0 | O22: 0 | P22: 0 | Q22: 0 | R22: 0 | S22: 0 | T22: 0 | U22: 0 | V22: 0 | W22: 0
A23: Distribuidora Nova Esperança Ltda. EPP | B23: 6 | C23: 20 | D23: Leite de vaca, integral, (UHT) pasteurizado em ultra/altas temperaturas, em balagem em caixa tipo longa vida, com 1000 mililitros,devidamente rotuladas conforme legislação vigente e passuir registro nos órgãos de Inspeção Sanitária; com validade mínima de 60 dias cada fornecimento. | E23: Litro | F23: LANGUIRU | G23: 339030.07 | H23: 1.95 | J23: =I23-(SUM(L23:W23)) -> 0 | K23: =IF(J23<0,"ATENÇÃO","OK") -> OK | L23: 0 | M23: 0 | N23: 0 | O23: 0 | P23: 0 | Q23: 0 | R23: 0 | S23: 0 | T23: 0 | U23: 0 | V23: 0 | W23: 0
A24: Distribuidora Nova Esperança Ltda. EPP | B24: 7 | C24: 21 | D24: Água Mineral sem gás, envasada em garrafão de 20L | E24: peça (peça = garrafão de 20 litros) | F24: RIO D'OURO | G24: 339030.07 | H24: 7.81 | I24: 100 | J24: =I24-(SUM(L24:W24)) -> 0 | K24: =IF(J24<0,"ATENÇÃO","OK") -> OK | L24: 30 | M24: 0 | N24: 30 | O24: 0 | P24: 20 | Q24: 20 | R24: 0 | S24: 0 | T24: 0 | U24: 0 | V24: 0 | W24: 0
C25: 22 | D25: Água Mineral, com gás, envasada em garrafa de 500ML | E25: peça (peça = garrafa de 500 mililitros) | F25: DA GUARDA | G25: 339030.07 | H25: 1.12 | I25: 1200 | J25: =I25-(SUM(L25:W25)) -> 600 | K25: =IF(J25<0,"ATENÇÃO","OK") -> OK | L25: 120 | M25: 0 | O25: 180 | P25: 0 | Q25: 300 | R25: 0 | S25: 0 | T25: 0 | U25: 0 | V25: 0 | W25: 0
C26: 23 | D26: Água Mineral, sem gás, envasada em garrafa de 500ML | E26: peça (peça = garrafa de 500 mililitros) | F26: DA GUARDA | G26: 339030.07 | H26: 1.14 | I26: 6000 | J26: =I26-(SUM(L26:W26)) -> 3600 | K26: =IF(J26<0,"ATENÇÃO","OK") -> OK | L26: 1200 | M26: 0 | N26: 0 | O26: 0 | P26: 1200 | Q26: 0 | R26: 0 | S26: 0 | T26: 0 | U26: 0 | V26: 0 | W26: 0
A27: DESERTO | B27: 8 | C27: 24 | D27: Carga para gás liquefeito de petróleo, GLP, vulgo gás de cozinha, composto de propano e butano. Aplicação para uso doméstico. Botijão P 13. | E27: Botijão | G27: 339030.04 | H27: 0 | J27: =I27-(SUM(L27:W27)) -> 0 | K27: =IF(J27<0,"ATENÇÃO","OK") -> OK | L27: 0 | M27: 0 | N27: 0 | O27: 0 | P27: 0 | Q27: 0 | R27: 0 | S27: 0 | T27: 0 | U27: 0 | V27: 0 | W27: 0
A28: DESERTO | B28: 9 | C28: 25 | D28: Água Mineral sem gás, envasada em garrafão de 20L | E28: peça (peça = garrafão de 20 litros) | G28: 339030.07 | H28: 0 | J28: =I28-(SUM(L28:W28)) -> 0 | K28: =IF(J28<0,"ATENÇÃO","OK") -> OK | L28: 0 | M28: 0 | N28: 0 | O28: 0 | P28: 0 | Q28: 0 | R28: 0 | S28: 0 | T28: 0 | U28: 0 | V28: 0 | W28: 0
C29: 26 | D29: Água Mineral, sem gás, envasada em garrafa de 500ML | E29: peça (peça = garrafa de 500 mililitros) | G29: 339030.07 | H29: 0 | J29: =I29-(SUM(L29:W29)) -> 0 | K29: =IF(J29<0,"ATENÇÃO","OK") -> OK | L29: 0 | M29: 0 | N29: 0 | O29: 0 | P29: 0 | Q29: 0 | R29: 0 | S29: 0 | T29: 0 | U29: 0 | V29: 0 | W29: 0
A30: DESERTO | B30: 10 | C30: 27 | D30: Carga para gás liquefeito de petróleo, GLP, vulgo gás de cozinha, composto de propano e butano. Aplicação para uso doméstico. Botijão P 13. | E30: Botijão | G30: 339030.04 | H30: 0 | J30: =I30-(SUM(L30:W30)) -> 0 | K30: =IF(J30<0,"ATENÇÃO","OK") -> OK | L30: 0 | M30: 0 | N30: 0 | O30: 0 | P30: 0 | Q30: 0 | R30: 0 | S30: 0 | T30: 0 | U30: 0 | V30: 0 | W30: 0
A31: DESERTO | B31: 11 | C31: 28 | D31: Água Mineral sem gás, envasada em garrafão de 20L | E31: peça (peça = garrafão de 20 litros) | G31: 339030.07 | H31: 0 | J31: =I31-(SUM(L31:W31)) -> 0 | K31: =IF(J31<0,"ATENÇÃO","OK") -> OK | L31: 0 | M31: 0 | N31: 0 | O31: 0 | P31: 0 | Q31: 0 | R31: 0 | S31: 0 | T31: 0 | U31: 0 | V31: 0 | W31: 0
C32: 29 | D32: Água Mineral, sem gás, envasada em garrafa de 500ML | E32: peça (peça = garrafa de 500 mililitros) | G32: 339030.07 | H32: 0 | J32: =I32-(SUM(L32:W32)) -> 0 | K32: =IF(J32<0,"ATENÇÃO","OK") -> OK | L32: 0 | M32: 0 | N32: 0 | O32: 0 | P32: 0 | Q32: 0 | R32: 0 | S32: 0 | T32: 0 | U32: 0 | V32: 0 | W32: 0
A33: TAF Distribuidora Ltda. | B33: 12 | C33: 30 | D33: Café, torrado e moído, embalagem de 500g, em pó, tipo Superior | E33: Kg (Kg = 02 embalagens de 500 gramas) | F33: ODEBRECHT SUPERIOR | G33: 339030.07 | H33: 9.26 | J33: =I33-(SUM(L33:W33)) -> 0 | K33: =IF(J33<0,"ATENÇÃO","OK") -> OK | L33: 0 | M33: 0 | N33: 0 | O33: 0 | P33: 0 | Q33: 0 | R33: 0 | S33: 0 | T33: 0 | U33: 0 | V33: 0 | W33: 0
A34: Distribuidora Nova Esperança Ltda. EPP | B34: 13 | C34: 31 | D34: Açúcar refinado, embalagem de 1Kg | E34: Kg (Kg = 01 embalagem de 1 quilo) | F34: DA BARRA | G34: 339030.07 | H34: 1.82 | J34: =I34-(SUM(L34:W34)) -> 0 | K34: =IF(J34<0,"ATENÇÃO","OK") -> OK | L34: 0 | M34: 0 | N34: 0 | O34: 0 | P34: 0 | Q34: 0 | R34: 0 | S34: 0 | T34: 0 | U34: 0 | V34: 0 | W34: 0
A35: Distribuidora Nova Esperança Ltda. EPP | B35: 14 | C35: 32 | D35: Água Mineral sem gás, envasada em garrafão de 20L | E35: peça (peça = garrafão de 20 litros) | F35: RIO D'OURO | G35: 339030.07 | H35: 7.8 | J35: =I35-(SUM(L35:W35)) -> 0 | K35: =IF(J35<0,"ATENÇÃO","OK") -> OK | L35: 0 | M35: 0 | N35: 0 | O35: 0 | P35: 0 | Q35: 0 | R35: 0 | S35: 0 | T35: 0 | U35: 0 | V35: 0 | W35: 0
C36: 33 | D36: Água Mineral, com gás, envasada em garrafa de 500ML | E36: peça (peça = garrafa de 500 mililitros) | F36: DA GUARDA | G36: 339030.07 | H36: 1.12 | J36: =I36-(SUM(L36:W36)) -> 0 | K36: =IF(J36<0,"ATENÇÃO","OK") -> OK | L36: 0 | M36: 0 | N36: 0 | O36: 0 | P36: 0 | Q36: 0 | R36: 0 | S36: 0 | T36: 0 | U36: 0 | V36: 0 | W36: 0
C37: 34 | D37: Água Mineral, sem gás, envasada em garrafa de 500ML | E37: peça (peça = garrafa de 500 mililitros) | F37: DA GUARDA | G37: 339030.07 | H37: 1.14 | J37: =I37-(SUM(L37:W37)) -> 0 | K37: =IF(J37<0,"ATENÇÃO","OK") -> OK | L37: 0 | M37: 0 | N37: 0 | O37: 0 | P37: 0 | Q37: 0 | R37: 0 | S37: 0 | T37: 0 | U37: 0 | V37: 0 | W37: 0
A38: Distribuidora Nova Esperança Ltda. EPP | B38: 15 | C38: 35 | D38: Café, torrado e moído, embalagem de 500g, em pó, tipo Superior | E38: Kg (Kg = 02 embalagens de 500 gramas) | F38: SANTA CATARINA SUPERIOR | G38: 339030.07 | H38: 11.53 | J38: =I38-(SUM(L38:W38)) -> 0 | K38: =IF(J38<0,"ATENÇÃO","OK") -> OK | L38: 0 | M38: 0 | N38: 0 | O38: 0 | P38: 0 | Q38: 0 | R38: 0 | S38: 0 | T38: 0 | U38: 0 | V38: 0 | W38: 0
A39: Elo Comércio e Serviços Ltda. ME | B39: 16 | C39: 36 | D39: Açúcar refinado, embalagem de 1Kg | E39: Kg (Kg = 01 embalagem de 1 quilo) | F39: CARAVELAS | G39: 339030.07 | H39: 1.82 | J39: =I39-(SUM(L39:W39)) -> 0 | K39: =IF(J39<0,"ATENÇÃO","OK") -> OK | L39: 0 | M39: 0 | N39: 0 | O39: 0 | P39: 0 | Q39: 0 | R39: 0 | S39: 0 | T39: 0 | U39: 0 | V39: 0 | W39: 0
C40: 37 | D40: Adoçante dietético líquido 100 ml, com validade de no mínimo 24 meses a cada fornecimento. | E40: 100 ml | F40: LOWÇUCAR | G40: 339030.07 | H40: 1.83 | J40: =I40-(SUM(L40:W40)) -> 0 | K40: =IF(J40<0,"ATENÇÃO","OK") -> OK | L40: 0 | M40: 0 | N40: 0 | O40: 0 | P40: 0 | Q40: 0 | R40: 0 | S40: 0 | T40: 0 | U40: 0 | V40: 0 | W40: 0
C41: 38 | D41: Chá de camomila, caixa com 10 saquinhos, com peso mínimo de 10 gramas cada caixa. | E41: Caixa10 saquinho 10 gramas | F41: REAL | G41: 339030.07 | H41: 1.41 | J41: =I41-(SUM(L41:W41)) -> 0 | K41: =IF(J41<0,"ATENÇÃO","OK") -> OK | L41: 0 | M41: 0 | N41: 0 | O41: 0 | P41: 0 | Q41: 0 | R41: 0 | S41: 0 | T41: 0 | U41: 0 | V41: 0 | W41: 0
C42: 39 | D42: Chá de erva cidreira, caixa com 10 saquinhos com peso mínimo de 10 gramas cada caixa. | E42: Caixa10 saquinho 10 gramas | F42: REAL | G42: 339030.07 | H42: 1.21 | J42: =I42-(SUM(L42:W42)) -> 0 | K42: =IF(J42<0,"ATENÇÃO","OK") -> OK | L42: 0 | M42: 0 | N42: 0 | O42: 0 | P42: 0 | Q42: 0 | R42: 0 | S42: 0 | T42: 0 | U42: 0 | V42: 0 | W42: 0
C43: 40 | D43: Chá de maçã com canela, caixa com 10 saquinhos com peso mínimo de 15 gramas cada caixa. | E43: Caixa10 saquinho 10 gramas | F43: REAL | G43: 339030.07 | H43: 2.55 | J43: =I43-(SUM(L43:W43)) -> 0 | K43: =IF(J43<0,"ATENÇÃO","OK") -> OK | L43: 0 | M43: 0 | N43: 0 | O43: 0 | P43: 0 | Q43: 0 | R43: 0 | S43: 0 | T43: 0 | U43: 0 | V43: 0 | W43: 0
C44: 41 | D44: Caixa de chá frutas vermelhas, com 10 saquinhos e peso mínimo de 15 gramas cada caixa. | E44: Caixa10 saquinho 10 gramas | F44: REAL | G44: 339030.07 | H44: 2.39 | J44: =I44-(SUM(L44:W44)) -> 0 | K44: =IF(J44<0,"ATENÇÃO","OK") -> OK | L44: 0 | M44: 0 | N44: 0 | O44: 0 | P44: 0 | Q44: 0 | R44: 0 | S44: 0 | T44: 0 | U44: 0 | V44: 0 | W44: 0
C45: 42 | D45: Leite em pó, embalagem de 400 gramas | E45: peça (peça = pacote de 400 gramas) | F45: PIRACANJUBA | G45: 339030.07 | H45: 9.52 | J45: =I45-(SUM(L45:W45)) -> 0 | K45: =IF(J45<0,"ATENÇÃO","OK") -> OK | L45: 0 | M45: 0 | N45: 0 | O45: 0 | P45: 0 | Q45: 0 | R45: 0 | S45: 0 | T45: 0 | U45: 0 | V45: 0 | W45: 0
A46: DESERTO | B46: 17 | C46: 43 | D46: Carga para gás liquefeito de petróleo, GLP, vulgo gás de cozinha, composto de propano e butano. Aplicação para uso doméstico. Botijão P 13. | E46: Botijão | G46: 339030.04 | H46: 0 | J46: =I46-(SUM(L46:W46)) -> 0 | K46: =IF(J46<0,"ATENÇÃO","OK") -> OK | L46: 0 | M46: 0 | N46: 0 | O46: 0 | P46: 0 | Q46: 0 | R46: 0 | S46: 0 | T46: 0 | U46: 0 | V46: 0 | W46: 0
C47: 44 | D47: Carga para gás liquefeito de petróleo, GLP, vulgo gás de cozinha, composto de propano e butano. Aplicação para uso doméstico. Botijão P 45. | E47: Botijão | G47: 339030.04 | H47: 0 | J47: =I47-(SUM(L47:W47)) -> 0 | K47: =IF(J47<0,"ATENÇÃO","OK") -> OK | L47: 0 | M47: 0 | N47: 0 | O47: 0 | P47: 0 | Q47: 0 | R47: 0 | S47: 0 | T47: 0 | U47: 0 | V47: 0 | W47: 0
A48: DESERTO | B48: 18 | C48: 45 | D48: Água Mineral sem gás, envasada em garrafão de 20L | E48: peça (peça = garrafão de 20 litros) | G48: 339030.07 | H48: 0 | J48: =I48-(SUM(L48:W48)) -> 0 | K48: =IF(J48<0,"ATENÇÃO","OK") -> OK | L48: 0 | M48: 0 | N48: 0 | O48: 0 | P48: 0 | Q48: 0 | R48: 0 | S48: 0 | T48: 0 | U48: 0 | V48: 0 | W48: 0
C49: 46 | D49: Água Mineral, sem gás, envasada em garrafa de 500ML | E49: peça (peça = garrafa de 500 mililitros) | G49: 339030.07 | H49: 0 | J49: =I49-(SUM(L49:W49)) -> 0 | K49: =IF(J49<0,"ATENÇÃO","OK") -> OK | L49: 0 | M49: 0 | N49: 0 | O49: 0 | P49: 0 | Q49: 0 | R49: 0 | S49: 0 | T49: 0 | U49: 0 | V49: 0 | W49: 0
A50: TAF Distribuidora Ltda. | B50: 19 | C50: 47 | D50: Café, torrado e moído, embalagem de 500g, em pó, tipo Superior | E50: Kg (Kg = 02 embalagens de 500 gramas) | F50: ODEBRECHT SUPERIOR | G50: 339030.07 | H50: 9.26 | J50: =I50-(SUM(L50:W50)) -> 0 | K50: =IF(J50<0,"ATENÇÃO","OK") -> OK | L50: 0 | M50: 0 | N50: 0 | O50: 0 | P50: 0 | Q50: 0 | R50: 0 | S50: 0 | T50: 0 | U50: 0 | V50: 0 | W50: 0
A51: INFRUTÍFERO | B51: 20 | C51: 48 | D51: Açúcar refinado, embalagem de 1Kg | E51: Kg (Kg = 01 embalagem de 1 quilo) | G51: 339030.07 | H51: 0 | J51: =I51-(SUM(L51:W51)) -> 0 | K51: =IF(J51<0,"ATENÇÃO","OK") -> OK | L51: 0 | M51: 0 | N51: 0 | O51: 0 | P51: 0 | Q51: 0 | R51: 0 | S51: 0 | T51: 0 | U51: 0 | V51: 0 | W51: 0
C52: 49 | D52: Adoçante dietético líquido 100 ml, com validade de no mínimo 24 meses a cada fornecimento. | E52: frasco | G52: 339030.07 | H52: 0 | J52: =I52-(SUM(L52:W52)) -> 0 | K52: =IF(J52<0,"ATENÇÃO","OK") -> OK | L52: 0 | M52: 0 | N52: 0 | O52: 0 | P52: 0 | Q52: 0 | R52: 0 | S52: 0 | T52: 0 | U52: 0 | V52: 0 | W52: 0
C53: 50 | D53: Chá de camomila, caixa com 10 saquinhos, com peso mínimo de 10 gramas cada caixa. | E53: caixa | G53: 339030.07 | H53: 0 | J53: =I53-(SUM(L53:W53)) -> 0 | K53: =IF(J53<0,"ATENÇÃO","OK") -> OK | L53: 0 | M53: 0 | N53: 0 | O53: 0 | P53: 0 | Q53: 0 | R53: 0 | S53: 0 | T53: 0 | U53: 0 | V53: 0 | W53: 0
C54: 51 | D54: Chá de erva cidreira, caixa com 10 saquinhos com peso mínimo de 10 gramas cada caixa. | E54: caixa | G54: 339030.07 | H54: 0 | J54: =I54-(SUM(L54:W54)) -> 0 | K54: =IF(J54<0,"ATENÇÃO","OK") -> OK | L54: 0 | M54: 0 | N54: 0 | O54: 0 | P54: 0 | Q54: 0 | R54: 0 | S54: 0 | T54: 0 | U54: 0 | V54: 0 | W54: 0
C55: 52 | D55: Chá de maçã com canela, caixa com 10 saquinhos com peso mínimo de 15 gramas cada caixa. | E55: caixa | G55: 339030.07 | H55: 0 | J55: =I55-(SUM(L55:W55)) -> 0 | K55: =IF(J55<0,"ATENÇÃO","OK") -> OK | L55: 0 | M55: 0 | N55: 0 | O55: 0 | P55: 0 | Q55: 0 | R55: 0 | S55: 0 | T55: 0 | U55: 0 | V55: 0 | W55: 0
C56: 53 | D56: Caixa de chá frutas vermelhas, com 10 saquinhos e peso mínimo de 15 gramas cada caixa. | E56: caixa | G56: 339030.07 | H56: 0 | J56: =I56-(SUM(L56:W56)) -> 0 | K56: =IF(J56<0,"ATENÇÃO","OK") -> OK | L56: 0 | M56: 0 | N56: 0 | O56: 0 | P56: 0 | Q56: 0 | R56: 0 | S56: 0 | T56: 0 | U56: 0 | V56: 0 | W56: 0
C57: 54 | D57: Sachê açúcar mascavo 5 gramas | E57: Caixa com no minimo 200 unidades | G57: 339030.07 | H57: 0 | J57: =I57-(SUM(L57:W57)) -> 0 | K57: =IF(J57<0,"ATENÇÃO","OK") -> OK | L57: 0 | M57: 0 | N57: 0 | O57: 0 | P57: 0 | Q57: 0 | R57: 0 | S57: 0 | T57: 0 | U57: 0 | V57: 0 | W57: 0
C58: 55 | D58: Sachê açúcar refinado 5 gramas | E58: Caixa com no minimo 400 unidades | G58: 339030.07 | H58: 0 | J58: =I58-(SUM(L58:W58)) -> 0 | K58: =IF(J58<0,"ATENÇÃO","OK") -> OK | L58: 0 | M58: 0 | N58: 0 | O58: 0 | P58: 0 | Q58: 0 | R58: 0 | S58: 0 | T58: 0 | U58: 0 | V58: 0 | W58: 0
A59: DESERTO | B59: 21 | C59: 56 | D59: Carga para gás liquefeito de petróleo, GLP, vulgo gás de cozinha, composto de propano e butano. Aplicação para uso doméstico. Botijão P 13. | E59: Botijão | G59: 339030.04 | H59: 0 | J59: =I59-(SUM(L59:W59)) -> 0 | K59: =IF(J59<0,"ATENÇÃO","OK") -> OK | L59: 0 | M59: 0 | N59: 0 | O59: 0 | P59: 0 | Q59: 0 | R59: 0 | S59: 0 | T59: 0 | U59: 0 | V59: 0 | W59: 0
C60: 57 | D60: Carga para gás liquefeito de petróleo, GLP, vulgo gás de cozinha, composto de propano e butano. Aplicação para uso doméstico. Botijão P 45. | E60: Botijão | G60: 339030.04 | H60: 0 | J60: =I60-(SUM(L60:W60)) -> 0 | K60: =IF(J60<0,"ATENÇÃO","OK") -> OK | L60: 0 | M60: 0 | N60: 0 | O60: 0 | P60: 0 | Q60: 0 | R60: 0 | S60: 0 | T60: 0 | U60: 0 | V60: 0 | W60: 0
A61: DESERTO | B61: 22 | C61: 58 | D61: Água Mineral sem gás, envasada em garrafão de 20L | E61: peça (peça = garrafão de 20 litros) | G61: 339030.07 | H61: 0 | J61: =I61-(SUM(L61:W61)) -> 0 | K61: =IF(J61<0,"ATENÇÃO","OK") -> OK | L61: 0 | M61: 0 | N61: 0 | O61: 0 | P61: 0 | Q61: 0 | R61: 0 | S61: 0 | T61: 0 | U61: 0 | V61: 0 | W61: 0
C62: 59 | D62: Água Mineral, com gás, envasada em garrafa de 500ML | E62: peça (peça = garrafa de 500 mililitros) | G62: 339030.07 | H62: 0 | J62: =I62-(SUM(L62:W62)) -> 0 | K62: =IF(J62<0,"ATENÇÃO","OK") -> OK | L62: 0 | M62: 0 | N62: 0 | O62: 0 | P62: 0 | Q62: 0 | R62: 0 | S62: 0 | T62: 0 | U62: 0 | V62: 0 | W62: 0
C63: 60 | D63: Água Mineral, sem gás, envasada em garrafa de 500ML | E63: peça (peça = garrafa de 500 mililitros) | G63: 339030.07 | H63: 0 | J63: =I63-(SUM(L63:W63)) -> 0 | K63: =IF(J63<0,"ATENÇÃO","OK") -> OK | L63: 0 | M63: 0 | N63: 0 | O63: 0 | P63: 0 | Q63: 0 | R63: 0 | S63: 0 | T63: 0 | U63: 0 | V63: 0 | W63: 0
A64: INFRUTÍFERO | B64: 23 | C64: 61 | D64: Café, torrado e moído, embalagem de 500g, em pó, tipo Superior | E64: Kg (Kg = 02 embalagens de 500 gramas) | G64: 339030.07 | H64: 0 | J64: =I64-(SUM(L64:W64)) -> 0 | K64: =IF(J64<0,"ATENÇÃO","OK") -> OK | L64: 0 | M64: 0 | N64: 0 | O64: 0 | P64: 0 | Q64: 0 | R64: 0 | S64: 0 | T64: 0 | U64: 0 | V64: 0 | W64: 0
C65: 62 | D65: Açúcar refinado, embalagem de 1Kg | E65: Kg (Kg = 01 embalagem de 1 quilo) | G65: 339030.07 | H65: 0 | J65: =I65-(SUM(L65:W65)) -> 0 | K65: =IF(J65<0,"ATENÇÃO","OK") -> OK | L65: 0 | M65: 0 | N65: 0 | O65: 0 | P65: 0 | Q65: 0 | R65: 0 | S65: 0 | T65: 0 | U65: 0 | V65: 0 | W65: 0
C66: 63 | D66: Adoçante dietético líquido 100 ml, com validade de no mínimo 24 meses a cada fornecimento. | E66: 100 ml | G66: 339030.07 | H66: 0 | J66: =I66-(SUM(L66:W66)) -> 0 | K66: =IF(J66<0,"ATENÇÃO","OK") -> OK | L66: 0 | M66: 0 | N66: 0 | O66: 0 | P66: 0 | Q66: 0 | R66: 0 | S66: 0 | T66: 0 | U66: 0 | V66: 0 | W66: 0
C67: 64 | D67: Chá de camomila, caixa com 10 saquinhos, com peso mínimo de 10 gramas cada caixa. | E67: Caixa10 saquinho 10 gramas | G67: 339030.07 | H67: 0 | J67: =I67-(SUM(L67:W67)) -> 0 | K67: =IF(J67<0,"ATENÇÃO","OK") -> OK | L67: 0 | M67: 0 | N67: 0 | O67: 0 | P67: 0 | Q67: 0 | R67: 0 | S67: 0 | T67: 0 | U67: 0 | V67: 0 | W67: 0
C68: 65 | D68: Chá de erva cidreira, caixa com 10 saquinhos com peso mínimo de 10 gramas cada caixa. | E68: Caixa10 saquinho 10 gramas | G68: 339030.07 | H68: 0 | J68: =I68-(SUM(L68:W68)) -> 0 | K68: =IF(J68<0,"ATENÇÃO","OK") -> OK | L68: 0 | M68: 0 | N68: 0 | O68: 0 | P68: 0 | Q68: 0 | R68: 0 | S68: 0 | T68: 0 | U68: 0 | V68: 0 | W68: 0
C69: 66 | D69: Chá de maçã com canela, caixa com 10 saquinhos com peso mínimo de 15 gramas cada caixa. | E69: Caixa10 saquinho 10 gramas | G69: 339030.07 | H69: 0 | J69: =I69-(SUM(L69:W69)) -> 0 | K69: =IF(J69<0,"ATENÇÃO","OK") -> OK | L69: 0 | M69: 0 | N69: 0 | O69: 0 | P69: 0 | Q69: 0 | R69: 0 | S69: 0 | T69: 0 | U69: 0 | V69: 0 | W69: 0
C70: 67 | D70: Caixa de chá frutas vermelhas, com 10 saquinhos e peso mínimo de 15 gramas cada caixa. | E70: Caixa10 saquinho 10 gramas | G70: 339030.07 | H70: 0 | J70: =I70-(SUM(L70:W70)) -> 0 | K70: =IF(J70<0,"ATENÇÃO","OK") -> OK | L70: 0 | M70: 0 | N70: 0 | O70: 0 | P70: 0 | Q70: 0 | R70: 0 | S70: 0 | T70: 0 | U70: 0 | V70: 0 | W70: 0
C71: 68 | D71: Açúcar cristal, embalagem 1 Kg | E71: Kg (Kg = 01 embalagem de 1 quilo) | G71: 339030.07 | H71: 0 | J71: =I71-(SUM(L71:W71)) -> 0 | K71: =IF(J71<0,"ATENÇÃO","OK") -> OK | L71: 0 | M71: 0 | N71: 0 | O71: 0 | P71: 0 | Q71: 0 | R71: 0 | S71: 0 | T71: 0 | U71: 0 | V71: 0 | W71: 0
A72: DESERTO | B72: 24 | C72: 69 | D72: Carga para gás liquefeito de petróleo, GLP, vulgo gás de cozinha, composto de propano e butano. Aplicação para uso doméstico. Botijão P 13. | E72: Botijão | G72: 339030.04 | H72: 0 | J72: =I72-(SUM(L72:W72)) -> 0 | K72: =IF(J72<0,"ATENÇÃO","OK") -> OK | L72: 0 | M72: 0 | N72: 0 | O72: 0 | P72: 0 | Q72: 0 | R72: 0 | S72: 0 | T72: 0 | U72: 0 | V72: 0 | W72: 0
C73: 70 | D73: Carga para gás liquefeito de petróleo, GLP, vulgo gás de cozinha, composto de propano e butano. Aplicação para uso doméstico. Botijão P 45. | E73: Botijão | G73: 339030.04 | H73: 0 | J73: =I73-(SUM(L73:W73)) -> 0 | K73: =IF(J73<0,"ATENÇÃO","OK") -> OK | L73: 0 | M73: 0 | N73: 0 | O73: 0 | P73: 0 | Q73: 0 | R73: 0 | S73: 0 | T73: 0 | U73: 0 | V73: 0 | W73: 0
D76: * Lotes 5, 8,9, 10, 11, 17, 18, 21, 22 e 24 - DESERTOS
D77: *Lotes 20 e 23 - INFRUTÍFEROS
D78: *Prazos de Entrega e Pagamento conforme edital

Sheet CERES
A1: PROCESSO: 0065/2015/UDESC | D1: OBJETO: AQUISIÇÃO DE GÊNEROS ALIMENTÍCIOS | I1: VIGÊNCIA DA ATA: 11/03/2015 até 10/03/2016 | L1: AF/OS nº 0929/2015 Qtde. DT | M1: AF/OS nº 1926/2015 Qtde. DT | N1: AF/OS nº xxxx/2015 Qtde. DT | O1: AF/OS nº xxxx/2015 Qtde. DT | P1: AF/OS nº xxxx/2015 Qtde. DT | Q1: AF/OS nº xxxx/2015 Qtde. DT | R1: AF/OS nº xxxx/2015 Qtde. DT | S1: AF/OS nº xxxx/2015 Qtde. DT | T1: AF/OS nº xxxx/2015 Qtde. DT | U1: AF/OS nº xxxx/2015 Qtde. DT | V1: AF/OS nº xxxx/2015 Qtde. DT | W1: AF/OS nº xxxx/2015 Qtde. DT
A2: CENTRO PARTICIPANTE: CERES
A3: FORNECEDOR | B3: LOTE | C3: ITEM | D3: PRODUTO - CARACTERÍSTICAS MÍNIMAS | E3: UNIDADE | F3: MARCA | G3: ELEMENTO | H3: Preço UNITÁRIO (R$) | I3: Qtde Registrada | J3: Saldo / Automático | K3: ALERTA | L3: 42170 | M3: 42291 | N3: ...../...../...... | O3: ...../...../...... | P3: ...../...../...... | Q3: ...../...../...... | R3: ...../...../...... | S3: ...../...../...... | T3: ...../...../...... | U3: ...../...../...... | V3: ...../...../...... | W3: ...../...../......
A4: Estância Hidromineral Santa Rita de Cássia Ltda. | B4: 1 | C4: 1 | D4: Água Mineral sem gás, envasada em garrafão de 20L | E4: peça (peça = garrafão de 20 litros) | G4: 339030.07 | H4: 5.58 | J4: =I4-(SUM(L4:W4)) -> 0 | K4: =IF(J4<0,"ATENÇÃO","OK") -> OK | L4: 0 | M4: 0 | N4: 0 | O4: 0 | P4: 0 | Q4: 0 | R4: 0 | S4: 0 | T4: 0 | U4: 0 | V4: 0 | W4: 0
C5: 2 | D5: Água Mineral, com gás, envasada em garrafa de 500ML | E5: peça (peça = garrafa de 500 mililitros) | G5: 339030.07 | H5: 0.79 | J5: =I5-(SUM(L5:W5)) -> 0 | K5: =IF(J5<0,"ATENÇÃO","OK") -> OK | L5: 0 | M5: 0 | N5: 0 | O5: 0 | P5: 0 | Q5: 0 | R5: 0 | S5: 0 | T5: 0 | U5: 0 | V5: 0 | W5: 0
C6: 3 | D6: Água Mineral, sem gás, envasada em garrafa de 500ML | E6: peça (peça = garrafa de 500 mililitros) | G6: 339030.07 | H6: 0.74 | J6: =I6-(SUM(L6:W6)) -> 0 | K6: =IF(J6<0,"ATENÇÃO","OK") -> OK | L6: 0 | M6: 0 | N6: 0 | O6: 0 | P6: 0 | Q6: 0 | R6: 0 | S6: 0 | T6: 0 | U6: 0 | V6: 0 | W6: 0
A7: Distribuidora Nova Esperança Ltda. EPP | B7: 2 | C7: 4 | D7: Café, torrado e moído, embalagem de 500g, em pó, tipo Superior | E7: Kg (Kg = 02 embalagens de 500 gramas) | F7: SANTA CATARINA SUPERIOR | G7: 339030.07 | H7: 10.7 | I7: 250 | J7: =I7-(SUM(L7:W7)) -> 140 | K7: =IF(J7<0,"ATENÇÃO","OK") -> OK | L7: 30 | M7: 80 | N7: 0 | O7: 0 | P7: 0 | Q7: 0 | R7: 0 | S7: 0 | T7: 0 | U7: 0 | V7: 0 | W7: 0
A8: Distribuidora Nova Esperança Ltda. EPP | B8: 3 | C8: 5 | D8: Açúcar refinado, embalagem de 1Kg | E8: Kg (Kg = 01 embalagem de 1 quilo) | F8: DA BARRA | G8: 339030.07 | H8: 1.79 | I8: 250 | J8: =I8-(SUM(L8:W8)) -> 40 | K8: =IF(J8<0,"ATENÇÃO","OK") -> OK | L8: 60 | M8: 150 | N8: 0 | O8: 0 | P8: 0 | Q8: 0 | R8: 0 | S8: 0 | T8: 0 | U8: 0 | V8: 0 | W8: 0
A9: Elo Comércio e Serviços Ltda. ME | B9: 4 | C9: 6 | D9: Adoçante dietético líquido 100 ml, com validade de no mínimo 24 meses a cada fornecimento. | E9: frasco | F9: LOWÇUCAR | G9: 339030.07 | H9: 1.83 | I9: 25 | J9: =I9-(SUM(L9:W9)) -> 25 | K9: =IF(J9<0,"ATENÇÃO","OK") -> OK | L9: 0 | M9: 0 | N9: 0 | O9: 0 | P9: 0 | Q9: 0 | R9: 0 | S9: 0 | T9: 0 | U9: 0 | V9: 0 | W9: 0
C10: 7 | D10: Chá de camomila, caixa com 10 saquinhos, com peso mínimo de 10 gramas cada caixa. | E10: Caixa | F10: REAL | G10: 339030.07 | H10: 1.41 | I10: 90 | J10: =I10-(SUM(L10:W10)) -> 90 | K10: =IF(J10<0,"ATENÇÃO","OK") -> OK | L10: 0 | M10: 0 | N10: 0 | O10: 0 | P10: 0 | Q10: 0 | R10: 0 | S10: 0 | T10: 0 | U10: 0 | V10: 0 | W10: 0
C11: 8 | D11: Chá de erva cidreira, caixa com 10 saquinhos com peso mínimo de 10 gramas cada caixa. | E11: Caixa | F11: REAL | G11: 339030.07 | H11: 1.21 | I11: 90 | J11: =I11-(SUM(L11:W11)) -> 90 | K11: =IF(J11<0,"ATENÇÃO","OK") -> OK | L11: 0 | M11: 0 | N11: 0 | O11: 0 | P11: 0 | Q11: 0 | R11: 0 | S11: 0 | T11: 0 | U11: 0 | V11: 0 | W11: 0
C12: 9 | D12: Chá de maçã com canela, caixa com 10 saquinhos com peso mínimo de 15 gramas cada caixa. | E12: Caixa | F12: REAL | G12: 339030.07 | H12: 2.55 | I12: 90 | J12: =I12-(SUM(L12:W12)) -> 90 | K12: =IF(J12<0,"ATENÇÃO","OK") -> OK | L12: 0 | M12: 0 | N12: 0 | O12: 0 | P12: 0 | Q12: 0 | R12: 0 | S12: 0 | T12: 0 | U12: 0 | V12: 0 | W12: 0
C13: 10 | D13: Caixa de chá frutas vermelhas, com 10 saquinhos e peso mínimo de 15 gramas cada caixa. | E13: Caixa | F13: REAL | G13: 339030.07 | H13: 2.39 | I13: 90 | J13: =I13-(SUM(L13:W13)) -> 90 | K13: =IF(J13<0,"ATENÇÃO","OK") -> OK | L13: 0 | M13: 0 | N13: 0 | O13: 0 | P13: 0 | Q13: 0 | R13: 0 | S13: 0 | T13: 0 | U13: 0 | V13: 0 | W13: 0
C14: 11 | D14: Bolachas salgadas com gergelim, pacote com no mínimo 360 grams, e no mínimo duas embalagens individualizadas. Validade mínima de 06 meses a cada fornecimento. | E14: Pacote | F14: ORQUIDEA | G14: 339030.07 | H14: 3.59 | J14: =I14-(SUM(L14:W14)) -> 0 | K14: =IF(J14<0,"ATENÇÃO","OK") -> OK | L14: 0 | M14: 0 | N14: 0 | O14: 0 | P14: 0 | Q14: 0 | R14: 0 | S14: 0 | T14: 0 | U14: 0 | V14: 0 | W14: 0
C15: 12 | D15: Bolacha tipo waffer, sabor morango, pacote com no mínimo 120 grams.Validade mínima de 06 meses a cada fornecimento. | E15: Pacote | F15: MARILAN | G15: 339030.07 | H15: 1.24 | J15: =I15-(SUM(L15:W15)) -> 0 | K15: =IF(J15<0,"ATENÇÃO","OK") -> OK | L15: 0 | M15: 0 | N15: 0 | O15: 0 | P15: 0 | Q15: 0 | R15: 0 | S15: 0 | T15: 0 | U15: 0 | V15: 0 | W15: 0
C16: 13 | D16: Bolacha tipo waffer, sabor chocolate, pacote com no mínimo 120 grams.Validade mínima de 06 meses a cada fornecimento. | E16: Pacote | F16: MARILAN | G16: 339030.07 | H16: 1.24 | J16: =I16-(SUM(L16:W16)) -> 0 | K16: =IF(J16<0,"ATENÇÃO","OK") -> OK | L16: 0 | M16: 0 | N16: 0 | O16: 0 | P16: 0 | Q16: 0 | R16: 0 | S16: 0 | T16: 0 | U16: 0 | V16: 0 | W16: 0
C17: 14 | D17: Bolacha recheada, sabor chocolate, pacote com no mínimo 120 grmas. Validade mínima de 06 meses cada fornecimento. | E17: Pacote | F17: ORQUIDEA | G17: 339030.07 | H17: 0.94 | J17: =I17-(SUM(L17:W17)) -> 0 | K17: =IF(J17<0,"ATENÇÃO","OK") -> OK | L17: 0 | M17: 0 | N17: 0 | O17: 0 | P17: 0 | Q17: 0 | R17: 0 | S17: 0 | T17: 0 | U17: 0 | V17: 0 | W17: 0
C18: 15 | D18: Bolacha recheada, sabor morango, pacote com no mínimo 120 grmas. Validade mínima de 06 meses cada fornecimento. | E18: Pacote | F18: ORQUIDEA | G18: 339030.07 | H18: 0.94 | J18: =I18-(SUM(L18:W18)) -> 0 | K18: =IF(J18<0,"ATENÇÃO","OK") -> OK | L18: 0 | M18: 0 | N18: 0 | O18: 0 | P18: 0 | Q18: 0 | R18: 0 | S18: 0 | T18: 0 | U18: 0 | V18: 0 | W18: 0
C19: 16 | D19: Bolacha salgada, temperada, similar ou igual a marca Club Social, pacote com no mínimo 120 grmas. Validade mínima de 06 meses cada fornecimento. | E19: Pacote | F19: MARILAN | G19: 339030.07 | H19: 2.19 | J19: =I19-(SUM(L19:W19)) -> 0 | K19: =IF(J19<0,"ATENÇÃO","OK") -> OK | L19: 0 | M19: 0 | N19: 0 | O19: 0 | P19: 0 | Q19: 0 | R19: 0 | S19: 0 | T19: 0 | U19: 0 | V19: 0 | W19: 0
C20: 17 | D20: Sachê de sal refinado e iodado, contendo 1 grama. Validade mínima de 12 meses a partir da data da entrega. Caixa com 2.000 sachês. | E20: Caixa | F20: LEILA | G20: 339030.07 | H20: 7.59 | J20: =I20-(SUM(L20:W20)) -> 0 | K20: =IF(J20<0,"ATENÇÃO","OK") -> OK | L20: 0 | M20: 0 | N20: 0 | O20: 0 | P20: 0 | Q20: 0 | R20: 0 | S20: 0 | T20: 0 | U20: 0 | V20: 0 | W20: 0
A21: DESERTO | B21: 5 | C21: 18 | D21: Carga para gás liquefeito de petróleo, GLP, vulgo gás de cozinha, composto de propano e butano. Aplicação para uso doméstico. Botijão P 13. | E21: Botijão | G21: 339030.04 | H21: 0 | J21: =I21-(SUM(L21:W21)) -> 0 | K21: =IF(J21<0,"ATENÇÃO","OK") -> OK | L21: 0 | M21: 0 | N21: 0 | O21: 0 | P21: 0 | Q21: 0 | R21: 0 | S21: 0 | T21: 0 | U21: 0 | V21: 0 | W21: 0
C22: 19 | D22: Carga para gás liquefeito de petróleo, GLP, vulgo gás de cozinha, composto de propano e butano. Aplicação para uso doméstico. Botijão P 45. | E22: Botijão | G22: 339030.04 | H22: 0 | J22: =I22-(SUM(L22:W22)) -> 0 | K22: =IF(J22<0,"ATENÇÃO","OK") -> OK | L22: 0 | M22: 0 | N22: 0 | O22: 0 | P22: 0 | Q22: 0 | R22: 0 | S22: 0 | T22: 0 | U22: 0 | V22: 0 | W22: 0
A23: Distribuidora Nova Esperança Ltda. EPP | B23: 6 | C23: 20 | D23: Leite de vaca, integral, (UHT) pasteurizado em ultra/altas temperaturas, em balagem em caixa tipo longa vida, com 1000 mililitros,devidamente rotuladas conforme legislação vigente e passuir registro nos órgãos de Inspeção Sanitária; com validade mínima de 60 dias cada fornecimento. | E23: Litro | F23: LANGUIRU | G23: 339030.07 | H23: 1.95 | J23: =I23-(SUM(L23:W23)) -> 0 | K23: =IF(J23<0,"ATENÇÃO","OK") -> OK | L23: 0 | M23: 0 | N23: 0 | O23: 0 | P23: 0 | Q23: 0 | R23: 0 | S23: 0 | T23: 0 | U23: 0 | V23: 0 | W23: 0
A24: Distribuidora Nova Esperança Ltda. EPP | B24: 7 | C24: 21 | D24: Água Mineral sem gás, envasada em garrafão de 20L | E24: peça (peça = garrafão de 20 litros) | F24: RIO D'OURO | G24: 339030.07 | H24: 7.81 | J24: =I24-(SUM(L24:W24)) -> 0 | K24: =IF(J24<0,"ATENÇÃO","OK") -> OK | L24: 0 | M24: 0 | N24: 0 | O24: 0 | P24: 0 | Q24: 0 | R24: 0 | S24: 0 | T24: 0 | U24: 0 | V24: 0 | W24: 0
C25: 22 | D25: Água Mineral, com gás, envasada em garrafa de 500ML | E25: peça (peça = garrafa de 500 mililitros) | F25: DA GUARDA | G25: 339030.07 | H25: 1.12 | J25: =I25-(SUM(L25:W25)) -> 0 | K25: =IF(J25<0,"ATENÇÃO","OK") -> OK | L25: 0 | M25: 0 | N25: 0 | O25: 0 | P25: 0 | Q25: 0 | R25: 0 | S25: 0 | T25: 0 | U25: 0 | V25: 0 | W25: 0
C26: 23 | D26: Água Mineral, sem gás, envasada em garrafa de 500ML | E26: peça (peça = garrafa de 500 mililitros) | F26: DA GUARDA | G26: 339030.07 | H26: 1.14 | J26: =I26-(SUM(L26:W26)) -> 0 | K26: =IF(J26<0,"ATENÇÃO","OK") -> OK | L26: 0 | M26: 0 | N26: 0 | O26: 0 | P26: 0 | Q26: 0 | R26: 0 | S26: 0 | T26: 0 | U26: 0 | V26: 0 | W26: 0
A27: DESERTO | B27: 8 | C27: 24 | D27: Carga para gás liquefeito de petróleo, GLP, vulgo gás de cozinha, composto de propano e butano. Aplicação para uso doméstico. Botijão P 13. | E27: Botijão | G27: 339030.04 | H27: 0 | J27: =I27-(SUM(L27:W27)) -> 0 | K27: =IF(J27<0,"ATENÇÃO","OK") -> OK | L27: 0 | M27: 0 | N27: 0 | O27: 0 | P27: 0 | Q27: 0 | R27: 0 | S27: 0 | T27: 0 | U27: 0 | V27: 0 | W27: 0
A28: DESERTO | B28: 9 | C28: 25 | D28: Água Mineral sem gás, envasada em garrafão de 20L | E28: peça (peça = garrafão de 20 litros) | G28: 339030.07 | H28: 0 | J28: =I28-(SUM(L28:W28)) -> 0 | K28: =IF(J28<0,"ATENÇÃO","OK") -> OK | L28: 0 | M28: 0 | N28: 0 | O28: 0 | P28: 0 | Q28: 0 | R28: 0 | S28: 0 | T28: 0 | U28: 0 | V28: 0 | W28: 0
C29: 26 | D29: Água Mineral, sem gás, envasada em garrafa de 500ML | E29: peça (peça = garrafa de 500 mililitros) | G29: 339030.07 | H29: 0 | J29: =I29-(SUM(L29:W29)) -> 0 | K29: =IF(J29<0,"ATENÇÃO","OK") -> OK | L29: 0 | M29: 0 | N29: 0 | O29: 0 | P29: 0 | Q29: 0 | R29: 0 | S29: 0 | T29: 0 | U29: 0 | V29: 0 | W29: 0
A30: DESERTO | B30: 10 | C30: 27 | D30: Carga para gás liquefeito de petróleo, GLP, vulgo gás de cozinha, composto de propano e butano. Aplicação para uso doméstico. Botijão P 13. | E30: Botijão | G30: 339030.04 | H30: 0 | J30: =I30-(SUM(L30:W30)) -> 0 | K30: =IF(J30<0,"ATENÇÃO","OK") -> OK | L30: 0 | M30: 0 | N30: 0 | O30: 0 | P30: 0 | Q30: 0 | R30: 0 | S30: 0 | T30: 0 | U30: 0 | V30: 0 | W30: 0
A31: DESERTO | B31: 11 | C31: 28 | D31: Água Mineral sem gás, envasada em garrafão de 20L | E31: peça (peça = garrafão de 20 litros) | G31: 339030.07 | H31: 0 | J31: =I31-(SUM(L31:W31)) -> 0 | K31: =IF(J31<0,"ATENÇÃO","OK") -> OK | L31: 0 | M31: 0 | N31: 0 | O31: 0 | P31: 0 | Q31: 0 | R31: 0 | S31: 0 | T31: 0 | U31: 0 | V31: 0 | W31: 0
C32: 29 | D32: Água Mineral, sem gás, envasada em garrafa de 500ML | E32: peça (peça = garrafa de 500 mililitros) | G32: 339030.07 | H32: 0 | J32: =I32-(SUM(L32:W32)) -> 0 | K32: =IF(J32<0,"ATENÇÃO","OK") -> OK | L32: 0 | M32: 0 | N32: 0 | O32: 0 | P32: 0 | Q32: 0 | R32: 0 | S32: 0 | T32: 0 | U32: 0 | V32: 0 | W32: 0
A33: TAF Distribuidora Ltda. | B33: 12 | C33: 30 | D33: Café, torrado e moído, embalagem de 500g, em pó, tipo Superior | E33: Kg (Kg = 02 embalagens de 500 gramas) | F33: ODEBRECHT SUPERIOR | G33: 339030.07 | H33: 9.26 | J33: =I33-(SUM(L33:W33)) -> 0 | K33: =IF(J33<0,"ATENÇÃO","OK") -> OK | L33: 0 | M33: 0 | N33: 0 | O33: 0 | P33: 0 | Q33: 0 | R33: 0 | S33: 0 | T33: 0 | U33: 0 | V33: 0 | W33: 0
A34: Distribuidora Nova Esperança Ltda. EPP | B34: 13 | C34: 31 | D34: Açúcar refinado, embalagem de 1Kg | E34: Kg (Kg = 01 embalagem de 1 quilo) | F34: DA BARRA | G34: 339030.07 | H34: 1.82 | J34: =I34-(SUM(L34:W34)) -> 0 | K34: =IF(J34<0,"ATENÇÃO","OK") -> OK | L34: 0 | M34: 0 | N34: 0 | O34: 0 | P34: 0 | Q34: 0 | R34: 0 | S34: 0 | T34: 0 | U34: 0 | V34: 0 | W34: 0
A35: Distribuidora Nova Esperança Ltda. EPP | B35: 14 | C35: 32 | D35: Água Mineral sem gás, envasada em garrafão de 20L | E35: peça (peça = garrafão de 20 litros) | F35: RIO D'OURO | G35: 339030.07 | H35: 7.8 | J35: =I35-(SUM(L35:W35)) -> 0 | K35: =IF(J35<0,"ATENÇÃO","OK") -> OK | L35: 0 | M35: 0 | N35: 0 | O35: 0 | P35: 0 | Q35: 0 | R35: 0 | S35: 0 | T35: 0 | U35: 0 | V35: 0 | W35: 0
C36: 33 | D36: Água Mineral, com gás, envasada em garrafa de 500ML | E36: peça (peça = garrafa de 500 mililitros) | F36: DA GUARDA | G36: 339030.07 | H36: 1.12 | J36: =I36-(SUM(L36:W36)) -> 0 | K36: =IF(J36<0,"ATENÇÃO","OK") -> OK | L36: 0 | M36: 0 | N36: 0 | O36: 0 | P36: 0 | Q36: 0 | R36: 0 | S36: 0 | T36: 0 | U36: 0 | V36: 0 | W36: 0
C37: 34 | D37: Água Mineral, sem gás, envasada em garrafa de 500ML | E37: peça (peça = garrafa de 500 mililitros) | F37: DA GUARDA | G37: 339030.07 | H37: 1.14 | J37: =I37-(SUM(L37:W37)) -> 0 | K37: =IF(J37<0,"ATENÇÃO","OK") -> OK | L37: 0 | M37: 0 | N37: 0 | O37: 0 | P37: 0 | Q37: 0 | R37: 0 | S37: 0 | T37: 0 | U37: 0 | V37: 0 | W37: 0
A38: Distribuidora Nova Esperança Ltda. EPP | B38: 15 | C38: 35 | D38: Café, torrado e moído, embalagem de 500g, em pó, tipo Superior | E38: Kg (Kg = 02 embalagens de 500 gramas) | F38: SANTA CATARINA SUPERIOR | G38: 339030.07 | H38: 11.53 | J38: =I38-(SUM(L38:W38)) -> 0 | K38: =IF(J38<0,"ATENÇÃO","OK") -> OK | L38: 0 | M38: 0 | N38: 0 | O38: 0 | P38: 0 | Q38: 0 | R38: 0 | S38: 0 | T38: 0 | U38: 0 | V38: 0 | W38: 0
A39: Elo Comércio e Serviços Ltda. ME | B39: 16 | C39: 36 | D39: Açúcar refinado, embalagem de 1Kg | E39: Kg (Kg = 01 embalagem de 1 quilo) | F39: CARAVELAS | G39: 339030.07 | H39: 1.82 | J39: =I39-(SUM(L39:W39)) -> 0 | K39: =IF(J39<0,"ATENÇÃO","OK") -> OK | L39: 0 | M39: 0 | N39: 0 | O39: 0 | P39: 0 | Q39: 0 | R39: 0 | S39: 0 | T39: 0 | U39: 0 | V39: 0 | W39: 0
C40: 37 | D40: Adoçante dietético líquido 100 ml, com validade de no mínimo 24 meses a cada fornecimento. | E40: 100 ml | F40: LOWÇUCAR | G40: 339030.07 | H40: 1.83 | J40: =I40-(SUM(L40:W40)) -> 0 | K40: =IF(J40<0,"ATENÇÃO","OK") -> OK | L40: 0 | M40: 0 | N40: 0 | O40: 0 | P40: 0 | Q40: 0 | R40: 0 | S40: 0 | T40: 0 | U40: 0 | V40: 0 | W40: 0
C41: 38 | D41: Chá de camomila, caixa com 10 saquinhos, com peso mínimo de 10 gramas cada caixa. | E41: Caixa10 saquinho 10 gramas | F41: REAL | G41: 339030.07 | H41: 1.41 | J41: =I41-(SUM(L41:W41)) -> 0 | K41: =IF(J41<0,"ATENÇÃO","OK") -> OK | L41: 0 | M41: 0 | N41: 0 | O41: 0 | P41: 0 | Q41: 0 | R41: 0 | S41: 0 | T41: 0 | U41: 0 | V41: 0 | W41: 0
C42: 39 | D42: Chá de erva cidreira, caixa com 10 saquinhos com peso mínimo de 10 gramas cada caixa. | E42: Caixa10 saquinho 10 gramas | F42: REAL | G42: 339030.07 | H42: 1.21 | J42: =I42-(SUM(L42:W42)) -> 0 | K42: =IF(J42<0,"ATENÇÃO","OK") -> OK | L42: 0 | M42: 0 | N42: 0 | O42: 0 | P42: 0 | Q42: 0 | R42: 0 | S42: 0 | T42: 0 | U42: 0 | V42: 0 | W42: 0
C43: 40 | D43: Chá de maçã com canela, caixa com 10 saquinhos com peso mínimo de 15 gramas cada caixa. | E43: Caixa10 saquinho 10 gramas | F43: REAL | G43: 339030.07 | H43: 2.55 | J43: =I43-(SUM(L43:W43)) -> 0 | K43: =IF(J43<0,"ATENÇÃO","OK") -> OK | L43: 0 | M43: 0 | N43: 0 | O43: 0 | P43: 0 | Q43: 0 | R43: 0 | S43: 0 | T43: 0 | U43: 0 | V43: 0 | W43: 0
C44: 41 | D44: Caixa de chá frutas vermelhas, com 10 saquinhos e peso mínimo de 15 gramas cada caixa. | E44: Caixa10 saquinho 10 gramas | F44: REAL | G44: 339030.07 | H44: 2.39 | J44: =I44-(SUM(L44:W44)) -> 0 | K44: =IF(J44<0,"ATENÇÃO","OK") -> OK | L44: 0 | M44: 0 | N44: 0 | O44: 0 | P44: 0 | Q44: 0 | R44: 0 | S44: 0 | T44: 0 | U44: 0 | V44: 0 | W44: 0
C45: 42 | D45: Leite em pó, embalagem de 400 gramas | E45: peça (peça = pacote de 400 gramas) | F45: PIRACANJUBA | G45: 339030.07 | H45: 9.52 | J45: =I45-(SUM(L45:W45)) -> 0 | K45: =IF(J45<0,"ATENÇÃO","OK") -> OK | L45: 0 | M45: 0 | N45: 0 | O45: 0 | P45: 0 | Q45: 0 | R45: 0 | S45: 0 | T45: 0 | U45: 0 | V45: 0 | W45: 0
A46: DESERTO | B46: 17 | C46: 43 | D46: Carga para gás liquefeito de petróleo, GLP, vulgo gás de cozinha, composto de propano e butano. Aplicação para uso doméstico. Botijão P 13. | E46: Botijão | G46: 339030.04 | H46: 0 | J46: =I46-(SUM(L46:W46)) -> 0 | K46: =IF(J46<0,"ATENÇÃO","OK") -> OK | L46: 0 | M46: 0 | N46: 0 | O46: 0 | P46: 0 | Q46: 0 | R46: 0 | S46: 0 | T46: 0 | U46: 0 | V46: 0 | W46: 0
